Workbook

Sheet About Non-GAAP Financials
B55: Updated | F55: 10.22.26

Sheet P&L
A2: Consolidated selected statements of operations (GAAP)
A3: (in millions) | AL3: Year ended
B4: 43190 | C4: 43281 | D4: 43373 | E4: 43465 | F4: 43555 | G4: 43646 | H4: 43738 | I4: 43830 | J4: 43921 | K4: 44012 | L4: 44104 | M4: 44196 | N4: 44286 | O4: 44377 | P4: 44469 | Q4: 44561 | R4: 44651 | S4: 44742 | T4: 44834 | U4: 44926 | V4: 45016 | W4: 45107 | X4: 45199 | Y4: 45291 | Z4: 45382 | AA4: 45473 | AB4: 45565 | AC4: 45657 | AD4: 45747 | AE4: 45838 | AF4: 45930 | AG4: 46022 | AH4: 46112 | AI4: 46203 | AJ4: 46295 | AL4: 43100 | AM4: 43465 | AN4: 43830 | AO4: 44196 | AP4: 44561 | AQ4: 44926 | AR4: 45291 | AS4: 45657 | AT4: 46022
B5: (Unaudited) | AL5: (Audited) | AM5: (Audited) | AN5: (Audited) | AO5: (Audited) | AP5: (Audited) | AQ5: (Audited) | AR5: (Audited) | AS5: (Audited) | AT5: (Audited)
A6: Revenue | B6: 316.3 | C6: 339.2 | D6: 360.3 | E6: 375.9 | F6: 385.6 | G6: 401.5 | H6: 428.2 | I6: 446 | J6: 455 | K6: 467.4 | L6: 487.4 | M6: 504.1 | N6: 511.6 | O6: 530.6 | P6: 550.2 | Q6: 565.5 | R6: 562.4 | S6: 572.7 | T6: 591 | U6: 598.8 | V6: 611.1 | W6: 622.5 | X6: 633 | Y6: 635 | Z6: 631.3 | AA6: 634.5 | AB6: 638.8 | AC6: 643.6 | AD6: 624.7 | AE6: 625.7 | AF6: 634.4 | AG6: 636.2 | AH6: 629.5 | AI6: 631.5 | AJ6: 637.3 | AL6: 1106.8 | AM6: 1391.7 | AN6: =SUM(F6:I6) -> 1661.3 | AO6: =SUM(J6:M6) -> 1913.9 | AP6: =SUM(N6:Q6) -> 2157.9 | AQ6: =SUM(R6:U6) -> 2324.9 | AR6: =SUM(V6:Y6) -> 2501.6 | AS6: =SUM(Z6:AC6) -> 2548.2 | AT6: =SUM(AD6:AG6) -> 2521
A7: Cost of revenue | B7: 120.6 | C7: 89.5 | D7: 90.2 | E7: 94.4 | F7: 98.4 | G7: 102.9 | H7: 104.8 | I7: 104.9 | J7: 103.1 | K7: 102.5 | L7: 103.2 | M7: 105.8 | N7: 109.3 | O7: 107.1 | P7: 112 | Q7: 115.8 | R7: 112.9 | S7: 105.8 | T7: 109.7 | U7: 115.8 | V7: 116.8 | W7: 120.1 | X7: 119.6 | Y7: 122 | Z7: 105.8 | AA7: 107 | AB7: 111.5 | AC7: 120.8 | AD7: 116.7 | AE7: 123.7 | AF7: 128.3 | AG7: 132.1 | AH7: 128.1 | AI7: 125 | AJ7: 123.6 | AL7: 368.9 | AM7: 394.7 | AN7: =SUM(F7:I7) -> 411 | AO7: =SUM(J7:M7) -> 414.6 | AP7: =SUM(N7:Q7) -> 444.2 | AQ7: =SUM(R7:U7) -> 444.2 | AR7: =SUM(V7:Y7) -> 478.5 | AS7: =SUM(Z7:AC7) -> 445.1 | AT7: =SUM(AD7:AG7) -> 500.8
A8: Gross profit | B8: 195.7 | C8: 249.7 | D8: 270.1 | E8: 281.5 | F8: =F6-F7 -> 287.2 | G8: =G6-G7 -> 298.6 | H8: =H6-H7 -> 323.4 | I8: =I6-I7 -> 341.1 | J8: =J6-J7 -> 351.9 | K8: =K6-K7 -> 364.9 | L8: =L6-L7 -> 384.2 | M8: =M6-M7 -> 398.3 | ... AJ8: =AJ6-AJ7 -> 513.7 | AL8: 737.9 | AM8: 997 | AN8: =AN6-AN7 -> 1250.3 | AO8: =AO6-AO7 -> 1499.3 | AP8: =AP6-AP7 -> 1713.7 | AQ8: =AQ6-AQ7 -> 1880.7 | AR8: =SUM(V8:Y8) -> 2023.1 | AS8: =AS6-AS7 -> 2103.1 | AT8: =AT6-AT7 -> 2020.2
A9: Operating expenses
A10: Research and development | B10: 378.5 | C10: 119.7 | D10: 133.2 | E10: 136.8 | F10: 150 | G10: 162.4 | H10: 172.8 | I10: 176.9 | J10: 181.8 | K10: 185.8 | L10: 183.3 | M10: 176.6 | N10: 181.2 | O10: 185.5 | P10: 187.3 | Q10: 201.9 | R10: 210.8 | S10: 215 | T10: 227.6 | U10: 238.5 | V10: 235.2 | W10: 262.8 | X10: 216.4 | Y10: 222.1 | Z10: 219.1 | AA10: 227.1 | AB10: 225.7 | AC10: 243 | AD10: 178.4 | AE10: 184.4 | AF10: 182.3 | AG10: 186.9 | AH10: 184.2 | AI10: 188.1 | AJ10: 185.4 | AL10: 380.3 | AM10: 768.2 | AN10: =SUM(F10:I10) -> 662.1 | AO10: =SUM(J10:M10) -> 727.5 | AP10: =SUM(N10:Q10) -> 755.9 | AQ10: =SUM(R10:U10) -> 891.9 | AR10: =SUM(V10:Y10) -> 936.5 | AS10: =SUM(Z10:AC10) -> 914.9 | AT10: =SUM(AD10:AG10) -> 732
A11: Sales and marketing | B11: 157 | C11: 87.4 | D11: 95 | E11: 100.2 | F11: 101.5 | G11: 107.3 | H11: 108.2 | I11: 106.3 | J11: 104.3 | K11: 102.8 | L11: 105.8 | M11: 109.9 | N11: 102.7 | O11: 100.8 | P11: 115.7 | Q11: 108.3 | R11: 95.7 | S11: 105 | T11: 103.6 | U11: 105.1 | V11: 119.2 | W11: 120.9 | X11: 106.3 | Y11: 119.6 | Z11: 108.8 | AA11: 112.5 | AB11: 110.5 | AC11: 128.9 | AD11: 92 | AE11: 87.8 | AF11: 91.5 | AG11: 98.6 | AH11: 86.9 | AI11: 89.8 | AJ11: 86.6 | AL11: 314 | AM11: 439.6 | AN11: =SUM(F11:I11) -> 423.3 | AO11: =SUM(J11:M11) -> 422.8 | AP11: =SUM(N11:Q11) -> 427.5 | AQ11: =SUM(R11:U11) -> 409.4 | AR11: =SUM(V11:Y11) -> 466 | AS11: =SUM(Z11:AC11) -> 460.7 | AT11: =SUM(AD11:AG11) -> 369.9
A12: General and administrative | B12: 126.1 | C12: 49.8 | D12: 50.8 | E12: 56.5 | F12: 57 | G12: 62.9 | H12: 61 | I12: 64.5 | J12: 39 | K12: 63.5 | L12: 65.1 | M12: 60.2 | N12: 58.6 | O12: 52.8 | P12: 57.9 | Q12: 55.3 | R12: 53.5 | S12: 55.3 | T12: 56.8 | U12: 57.3 | V12: 55.8 | W12: 60 | X12: 60 | Y12: 61.3 | Z12: 54.1 | AA12: 60.9 | AB12: 63.3 | AC12: 62.9 | AD12: 53.8 | AE12: 58.8 | AF12: 57.6 | AG12: 60.3 | AH12: 57.5 | AI12: 63.8 | AJ12: 66.5 | AL12: 157.3 | AM12: 283.2 | AN12: =SUM(F12:I12) -> 245.4 | AO12: =SUM(J12:M12) -> 227.8 | AP12: =SUM(N12:Q12) -> 224.6 | AQ12: =SUM(R12:U12) -> 222.9 | AR12: =SUM(V12:Y12) -> 237.1 | AS12: =SUM(Z12:AC12) -> 241.2 | AT12: =SUM(AD12:AG12) -> 230.5
A13: Net (gain) loss on real estate assets (1) | B13: 0 | C13: 0 | D13: 0 | E13: 0 | F13: 0 | G13: 0 | H13: 0 | I13: 0 | J13: 0 | K13: 0 | L13: 0 | M13: 398.2 | N13: 17.3 | O13: 0 | P13: 0 | Q13: 14 | R13: 0 | S13: 8.7 | T13: 4 | U13: 162.5 | V13: 0 | W13: 2.2 | X13: 0 | Y13: -157.4 | Z13: 0 | AA13: 0 | AB13: 0 | AC13: 0.1 | AD13: 0 | AE13: 2.6 | AF13: 0 | AG13: -3.9 | AH13: 0 | AI13: 0 | AJ13: 0 | AL13: 0 | AM13: 0 | AN13: 0 | AO13: =SUM(J13:M13) -> 398.2 | AP13: =SUM(N13:Q13) -> 31.3 | AQ13: =SUM(R13:U13) -> 175.2 | AR13: =SUM(V13:Y13) -> -155.2 | AS13: =SUM(Z13:AC13) -> 0.1 | AT13: =SUM(AD13:AG13) -> -1.3
A14: Total operating expenses | B14: 661.6 | C14: 256.9 | D14: 279 | E14: 293.5 | F14: =SUM(F10:F12) -> 308.5 | G14: =SUM(G10:G12) -> 332.6 | H14: =SUM(H10:H12) -> 342 | I14: =SUM(I10:I12) -> 347.7 | J14: =SUM(J10:J12) -> 325.1 | K14: =SUM(K10:K12) -> 352.1 | L14: =SUM(L10:L13) -> 354.2 | M14: =SUM(M10:M13) -> 744.9 | N14: =SUM(N10:N13) -> 359.8 | O14: =SUM(O10:O13) -> 339.1 | P14: =SUM(P10:P13) -> 360.9 | Q14: =SUM(Q10:Q13) -> 379.5 | R14: =SUM(R10:R13) -> 360 | S14: =SUM(S10:S13) -> 384 | ... AJ14: =SUM(AJ10:AJ13) -> 338.5 | AL14: 851.6 | AM14: 1491 | AN14: =SUM(AN10:AN12) -> 1330.8 | AO14: =SUM(AO10:AO13) -> 1776.3 | AP14: =SUM(AP10:AP13) -> 1439.3 | AQ14: =SUM(AQ10:AQ13) -> 1699.4 | AR14: =SUM(V14:Y14) -> 1484.4 | AS14: =SUM(AS10:AS13) -> 1616.9 | AT14: =SUM(AT10:AT13) -> 1331.1
A15: Income (loss) from operations | B15: -465.9 | C15: -7.2 | D15: -8.9 | E15: -12 | F15: =F8-F14 -> -21.3 | G15: =G8-G14 -> -34 | H15: =H8-H14 -> -18.6 | I15: =I8-I14 -> -6.6 | J15: =J8-J14 -> 26.8 | K15: =K8-K14 -> 12.8 | L15: =L8-L14 -> 30 | M15: -346.6 | N15: 42.5 | O15: =O8-O14 -> 84.4 | P15: =P8-P14 -> 77.3 | Q15: 70.2 | R15: 89.5 | S15: =S8-S14 -> 82.9 | T15: =T8-T14 -> 89.3 | U15: =U8-U14 -> -80.4 | V15: =V8-V14 -> 84.1 | W15: =W8-W14 -> 56.5 | X15: =X8-X14 -> 130.7 | Y15: =Y8-Y14 -> 267.4 | Z15: =Z8-Z14 -> 143.5 | ... AD15: =AD8-AD14 -> 183.8 | AE15: 168.4 | AF15: =AF8-AF14 -> 174.7 | AG15: =AG8-AG14 -> 162.2 | AH15: =AH8-AH14 -> 172.8 | AI15: =AI8-AI14 -> 164.8 | AJ15: =AJ8-AJ14 -> 175.2 | AL15: -113.7 | AM15: -494 | AN15: =AN8-AN14 -> -80.5 | AO15: =SUM(J15:M15) -> -277 | AP15: =SUM(N15:Q15) -> 274.4 | AQ15: =SUM(R15:U15) -> 181.3 | AR15: =SUM(V15:Y15) -> 538.7 | AS15: =SUM(Z15:AC15) -> 486.2 | AT15: =SUM(AD15:AG15) -> 689.1
A16: Interest (expense) income, net | B16: -1.2 | C16: 2 | D16: 2.4 | E16: 3.9 | F16: 3.7 | G16: 3.2 | H16: 3 | I16: 2.6 | J16: 2.4 | K16: 0.1 | L16: 0.1 | M16: -0.9 | N16: -1.2 | O16: -0.9 | P16: -1.7 | Q16: -1.4 | R16: -1.4 | S16: -0.5 | T16: 1.7 | U16: 3.5 | V16: 3.9 | W16: 3.7 | X16: 5 | Y16: 6.8 | Z16: 7.3 | AA16: 4.7 | AB16: 3.8 | AC16: -1.9 | AD16: -14.6 | AE16: -18.6 | AF16: -20.3 | AG16: -25.1 | AH16: -36.7 | AI16: -50 | AJ16: -51.2 | AL16: -11 | AM16: 7.1 | AN16: =SUM(F16:I16) -> 12.5 | AO16: =SUM(J16:M16) -> 1.7 | AP16: =SUM(N16:Q16) -> -5.2 | AQ16: =SUM(R16:U16) -> 3.3 | AR16: =SUM(V16:Y16) -> 19.4 | AS16: =SUM(Z16:AC16) -> 13.9 | AT16: =SUM(AD16:AG16) -> -78.6
A17: Other income (expense), net | B17: 3.4 | C17: 2.2 | D17: 0.5 | E17: 0.7 | F17: 4.2 | G17: 10 | H17: 0.2 | I17: 1.6 | J17: 10.6 | K17: 9 | L17: 3.5 | M17: 2 | N17: 5.1 | O17: 7.5 | P17: 0.5 | Q17: 17 | R17: 5.7 | S17: -3.3 | T17: 7.2 | U17: -1.5 | V17: -0.4 | W17: -1.2 | X17: -0.2 | Y17: -1.9 | Z17: 0.3 | AA17: 1.9 | AB17: 1.1 | AC17: 6.4 | AD17: 0.3 | AE17: -2 | AF17: 2.8 | AG17: 6 | AH17: 5.3 | AI17: 2.9 | AJ17: 5.6 | AL17: 13.2 | AM17: 6.8 | AN17: =SUM(F17:I17) -> 16 | AO17: =SUM(J17:M17) -> 25.1 | AP17: =SUM(N17:Q17) -> 30.1 | AQ17: =SUM(R17:U17) -> 8.1 | AR17: =SUM(V17:Y17) -> -3.7 | AS17: =SUM(Z17:AC17) -> 9.7 | AT17: =SUM(AD17:AG17) -> 7.1
A18: Income (loss) before income taxes | B18: -463.7 | C18: -3 | D18: -6 | E18: -7.4 | F18: =SUM(F15:F17) -> -13.4 | G18: =SUM(G15:G17) -> -20.8 | H18: =SUM(H15:H17) -> -15.4 | I18: =SUM(I15:I17) -> -2.4 | J18: =SUM(J15:J17) -> 39.8 | K18: =SUM(K15:K17) -> 21.9 | L18: =SUM(L15:L17) -> 33.6 | M18: =SUM(M15:M17) -> -345.5 | ... AJ18: =SUM(AJ15:AJ17) -> 129.6 | AL18: -111.5 | AM18: -480.1 | AN18: =SUM(AN15:AN17) -> -52 | AO18: =SUM(J18:M18) -> -250.2 | AP18: =SUM(N18:Q18) -> 299.3 | AQ18: =SUM(R18:U18) -> 192.7 | AR18: =SUM(V18:Y18) -> 554.4 | AS18: =SUM(Z18:AC18) -> 509.8 | AT18: =SUM(AD18:AG18) -> 617.6
A19: (Provision for) benefit from income taxes | B19: -1.8 | C19: -1.1 | D19: 0.2 | E19: -2.1 | F19: 5.7 | G19: -0.6 | H19: -1.6 | I19: -4.2 | J19: -0.5 | K19: -4.4 | L19: -0.9 | M19: -0.3 | N19: 1.2 | O19: -3 | P19: -0.5 | Q19: 38.8 | R19: -14.1 | S19: -17.1 | T19: -15 | U19: 406.7 | V19: -18.6 | W19: -15.8 | X19: -21.4 | Y19: -45 | Z19: -18.8 | AA19: -23.1 | AB19: -26 | AC19: 10.4 | AD19: -19.2 | AE19: -22.2 | AF19: -33.4 | AG19: -34.4 | AH19: -26.9 | AI19: -21.9 | AJ19: -13.5 | AL19: -0.2 | AM19: -4.8 | AN19: =SUM(F19:I19) -> -0.7 | AO19: =SUM(J19:M19) -> -6.1 | AP19: =SUM(N19:Q19) -> 36.5 | AQ19: =SUM(R19:U19) -> 360.5 | AR19: =SUM(V19:Y19) -> -100.8 | AS19: =SUM(Z19:AC19) -> -57.5 | AT19: =SUM(AD19:AG19) -> -109.2
A20: Net income (loss) | B20: -465.5 | C20: -4.1 | D20: -5.8 | E20: -9.5 | F20: =SUM(F18:F19) -> -7.7 | G20: =SUM(G18:G19) -> -21.4 | H20: =SUM(H18:H19) -> -17 | I20: =SUM(I18:I19) -> -6.6 | J20: =SUM(J18:J19) -> 39.3 | K20: =SUM(K18:K19) -> 17.5 | L20: =SUM(L18:L19) -> 32.7 | M20: =SUM(M18:M19) -> -345.8 | ... AJ20: =SUM(AJ18:AJ19) -> 116.1 | AL20: -111.7 | AM20: -484.9 | AN20: =SUM(AN18:AN19) -> -52.7 | AO20: =SUM(AO18:AO19) -> -256.3 | AP20: =SUM(AP18:AP19) -> 335.8 | AQ20: =SUM(AQ18:AQ19) -> 553.2 | AR20: =SUM(V20:Y20) -> 453.6 | AS20: =SUM(AS18:AS19) -> 452.3 | AT20: =SUM(AD20:AG20) -> 508.4
A21: Basic net income per share | B21: =B20/B23 -> -2.1275137 | C21: =C20/C23 -> -0.010216795 | D21: =D20/D23 -> -0.01435999 | E21: =E20/E23 -> -0.023284314 | F21: =F20/F23 -> -0.018757613 | G21: =G20/G23 -> -0.051891368 | H21: =H20/H23 -> -0.041023166 | I21: =I20/I23 -> -0.0158883 | ... Q21: =Q20/Q23 -> 0.32780847 | R21: 0.22 | S21: =S20/S23 -> 0.17028289 | T21: =T20/T23 -> 0.23233734 | U21: =U20/U23 -> 0.93240557 | V21: =V20/V23 -> 0.19878997 | W21: =W20/W23 -> 0.12653779 | X21: =X20/X23 -> 0.33637972 | Y21: =Y20/Y23 -> 0.67348148 | Z21: =Z20/Z23 -> 0.39516129 | ... AI21: =AI20/AI23 -> 0.42615658 | AJ21: 0.53 | AL21: =AL20/AL23 -> -0.57018887 | AM21: =AM20/AM23 -> -1.352203 | AN21: =AN20/AN23 -> -0.12803693 | AO21: =AO20/AO23 -> -0.61863384 | AP21: =AP20/AP23 -> 0.86546392 | AQ21: =AQ20/AQ23 -> 1.5315615 | AR21: =AR20/AR23 -> 1.3294256 | AS21: =AS20/AS23 -> 1.4214331 | AT21: =AT20/AT23 -> 1.8948938
A22: Diluted net income per share | B22: =B20/B24 -> -2.1275137 | C22: =C20/C24 -> -0.010216795 | D22: =D20/D24 -> -0.01435999 | E22: =E20/E24 -> -0.023284314 | F22: =F20/F24 -> -0.018757613 | G22: =G20/G24 -> -0.051891368 | H22: =H20/H24 -> -0.041023166 | I22: =I20/I24 -> -0.0158883 | ... AI22: =AI20/AI24 -> 0.42239859 | AJ22: 0.52 | AL22: =AL20/AL24 -> -0.57018887 | AM22: =AM20/AM24 -> -1.352203 | AN22: =AN20/AN24 -> -0.12803693 | AO22: =AO20/AO24 -> -0.61863384 | AP22: =AP20/AP24 -> 0.84840829 | AQ22: =AQ20/AQ24 -> 1.5227085 | AR22: =SUM(V22:Y22) -> 1.3141923 | AS22: =AS20/AS24 -> 1.3985776 | AT22: =AT20/AT24 -> 1.8636364
A23: Weighted-average shares used in computing net income per share attributable to common stockholders, basic | B23: 218.8 | C23: 401.3 | D23: 403.9 | E23: 408 | F23: 410.5 | G23: 412.4 | H23: 414.4 | I23: 415.4 | J23: 417.3 | K23: 414.1 | L23: 414.2 | M23: 411.4 | N23: 398.1 | O23: 388.4 | P23: 385.5 | Q23: 380.1 | R23: 370.7 | S23: 364.1 | T23: 358.1 | U23: 352.1 | V23: 347.1 | W23: 341.4 | X23: 339.2 | Y23: 337.5 | Z23: 334.8 | AA23: 322.4 | AB23: 314.5 | AC23: 301.5 | AD23: 290.3 | AE23: 272.4 | AF23: 261.1 | AG23: 250.4 | AH23: 235.2 | AI23: 224.8 | AJ23: 218.2 | AL23: 195.9 | AM23: 358.6 | AN23: 411.6 | AO23: 414.3 | AP23: 388 | AQ23: 361.2 | AR23: 341.2 | AS23: 318.2 | AT23: 268.3
A24: Weighted-average shares used in computing net income per share attributable to common stockholders, diluted | B24: 218.8 | C24: 401.3 | D24: 403.9 | E24: 408 | F24: 410.5 | G24: 412.4 | H24: 414.4 | I24: 415.4 | J24: 419.3 | K24: 420.5 | L24: 419.9 | M24: 411.4 | N24: 405.4 | O24: 397 | P24: 398.1 | Q24: 386.5 | R24: 372.9 | S24: 365.7 | T24: 360.1 | U24: 354 | V24: 348.8 | W24: 343.8 | X24: 346 | Y24: 343.9 | Z24: 340.7 | AA24: 323.7 | AB24: 316.4 | AC24: 306.8 | AD24: 295.7 | AE24: 276.7 | AF24: 265.1 | AG24: 254.2 | AH24: 236.7 | AI24: 226.8 | AJ24: 225.1 | AL24: 195.9 | AM24: 358.6 | AN24: 411.6 | AO24: 414.3 | AP24: 395.8 | AQ24: 363.3 | AR24: 345.6 | AS24: 323.4 | AT24: 272.8
A26: GAAP to Non-GAAP reconciliation
B27: 43190 | C27: 43281 | D27: 43373 | E27: 43465 | F27: =F4 -> 43555 | G27: =G4 -> 43646 | H27: =H4 -> 43738 | I27: =I4 -> 43830 | J27: =J4 -> 43921 | K27: =K4 -> 44012 | L27: =L4 -> 44104 | M27: 44196 | N27: =N4 -> 44286 | O27: =$O$4 -> 44377 | P27: =P4 -> 44469 | Q27: =Q4 -> 44561 | R27: 44651 | S27: =S4 -> 44742 | T27: =T4 -> 44834 | U27: =U4 -> 44926 | V27: =V4 -> 45016 | W27: =W4 -> 45107 | X27: =X4 -> 45199 | Y27: =Y4 -> 45291 | Z27: =Z4 -> 45382 | ... AJ27: =AJ4 -> 46295 | AL27: 43100 | AM27: 43465 | AN27: =AN4 -> 43830 | AO27: =AO4 -> 44196 | AP27: =AP4 -> 44561 | AQ27: =AQ4 -> 44926 | AR27: =AR4 -> 45291 | AS27: =AS4 -> 45657 | AT27: =AT4 -> 46022
A28: Cost of revenue - GAAP | B28: 120.6 | C28: 89.5 | D28: 90.2 | E28: 94.4 | F28: 98.4 | G28: =G7 -> 102.9 | H28: =H7 -> 104.8 | I28: =I7 -> 104.9 | J28: =J7 -> 103.1 | K28: =K7 -> 102.5 | L28: =L7 -> 103.2 | M28: 105.8 | N28: =N7 -> 109.3 | O28: =O7 -> 107.1 | P28: =P7 -> 112 | Q28: 115.8 | R28: 112.9 | S28: =S7 -> 105.8 | T28: =T7 -> 109.7 | U28: =U7 -> 115.8 | V28: =V7 -> 116.8 | W28: =W7 -> 120.1 | X28: =X7 -> 119.6 | Y28: =Y7 -> 122 | Z28: =Z7 -> 105.8 | ... AF28: =AF7 -> 128.3 | AG28: 132.1 | AH28: 128.1 | AI28: 125 | AJ28: =AJ7 -> 123.6 | AL28: 368.9 | AM28: 394.7 | AN28: =AN7 -> 411 | AO28: =SUM(J28:M28) -> 414.6 | AP28: =SUM(N28:Q28) -> 444.2 | AQ28: =SUM(R28:U28) -> 444.2 | AR28: =SUM(V28:Y28) -> 478.5 | AS28: =SUM(Z28:AC28) -> 445.1 | AT28: =SUM(AD28:AG28) -> 500.8
A29: Stock-based compensation | B29: -37.8 | C29: -2.9 | D29: -3.2 | E29: -3.1 | F29: -3 | G29: -4.7 | H29: -4.1 | I29: -4 | J29: -3.5 | K29: -4.5 | L29: -4.6 | M29: -4.5 | N29: -5.4 | O29: -5.9 | P29: -6 | Q29: -5.9 | R29: -5.7 | S29: -6.7 | T29: -6.4 | U29: -5.9 | V29: -5.4 | W29: -6.4 | X29: -5.8 | Y29: -5.7 | Z29: -5.2 | AA29: -6 | AB29: -5.8 | AC29: -5.9 | AD29: -4.9 | AE29: -5.6 | AF29: -5.1 | AG29: -5 | AH29: -4.2 | AI29: -4.5 | AJ29: -4.5 | AL29: -12.2 | AM29: -47 | AN29: =SUM(F29:I29) -> -15.8 | AO29: =SUM(J29:M29) -> -17.1 | AP29: =SUM(N29:Q29) -> -23.2 | AQ29: =SUM(R29:U29) -> -24.7 | AR29: =SUM(V29:Y29) -> -23.3 | AS29: =SUM(Z29:AC29) -> -22.9 | AT29: =SUM(AD29:AG29) -> -20.6
A30: Employer payroll taxes related to the release of two-tier RSUs | B30: -1.1 | C30: 0 | D30: 0 | E30: 0 | F30: 0 | G30: 0 | H30: 0 | I30: 0 | J30: 0 | K30: 0 | L30: 0 | M30: 0 | N30: 0 | O30: 0 | P30: 0 | Q30: 0 | R30: 0 | S30: 0 | T30: 0 | U30: 0 | V30: 0 | W30: 0 | X30: 0 | Y30: 0 | Z30: 0 | AA30: 0 | AB30: 0 | AC30: 0 | AD30: 0 | AE30: 0 | AF30: 0 | AG30: 0 | AH30: 0 | AI30: 0 | AJ30: 0 | AL30: 0 | AM30: -1.1 | AN30: =SUM(F30:I30) -> 0 | AO30: =SUM(J30:M30) -> 0 | AP30: =SUM(N30:Q30) -> 0 | AQ30: =SUM(R30:U30) -> 0 | AR30: =SUM(V30:Y30) -> 0 | AS30: =SUM(Z30:AC30) -> 0 | AT30: =SUM(AD30:AG30) -> 0
A31: Acquisition-related and other expenses | B31: 0 | C31: 0 | D31: 0 | E31: 0 | F31: 0 | G31: 0 | H31: 0 | I31: 0 | J31: 0 | K31: 0 | L31: 0 | M31: 0 | N31: 0 | O31: 0 | P31: 0 | Q31: 0 | R31: 0 | S31: 0 | T31: 0 | U31: 0 | V31: 0 | W31: 0 | X31: 0 | Y31: 0 | Z31: 0 | AA31: 0 | AB31: 0 | AC31: 0 | AD31: 0 | AE31: -1.9 | AF31: 0 | AG31: 0 | AH31: 0 | AI31: 0 | AJ31: 0 | AL31: 0 | AM31: 0 | AN31: 0 | AO31: 0 | AP31: 0 | AQ31: 0 | AR31: 0 | AS31: 0 | AT31: =SUM(AD31:AG31) -> -1.9
A32: Intangible amortization | B32: 0 | C32: 0 | D32: 0 | E32: 0 | F32: -0.6 | G32: -0.9 | H32: -1 | I32: -0.9 | J32: -1 | K32: -1 | L32: -1 | M32: -0.9 | N32: -1 | O32: -1.6 | P32: -1.6 | Q32: -1.8 | R32: -2 | S32: -1.9 | T32: -2 | U32: -2.4 | V32: -3.6 | W32: -3.6 | X32: -3.7 | Y32: -3.7 | Z32: -3.1 | AA32: -2.8 | AB32: -3.6 | AC32: -3.6 | AD32: -4.8 | AE32: -4.9 | AF32: -4.9 | AG32: -5.2 | AH32: -5 | AI32: -4.1 | AJ32: -2.1 | AL32: 0 | AM32: 0 | AN32: =SUM(F32:I32) -> -3.4 | AO32: =SUM(J32:M32) -> -3.9 | AP32: =SUM(N32:Q32) -> -6 | AQ32: =SUM(R32:U32) -> -8.3 | AR32: =SUM(V32:Y32) -> -14.6 | AS32: =SUM(Z32:AC32) -> -13.1 | AT32: =SUM(AD32:AG32) -> -19.8
A33: Workforce reduction expense | B33: 0 | C33: 0 | D33: 0 | E33: 0 | F33: 0 | G33: 0 | H33: 0 | I33: 0 | J33: 0 | K33: 0 | L33: 0 | M33: 0 | N33: -1.6 | O33: -0.1 | P33: 0 | Q33: 0 | R33: 0 | S33: 0 | T33: 0 | U33: 0 | V33: 0 | W33: -2.7 | X33: -0.2 | Y33: 0 | Z33: 0 | AA33: 0 | AB33: 0 | AC33: -2.4 | AD33: -0.3 | AE33: -0.1 | AF33: 0 | AG33: 0 | AH33: 0 | AI33: 0 | AJ33: -1.3 | AL33: 0 | AM33: 0 | AN33: 0 | AO33: =SUM(J33:M33) -> 0 | AP33: =SUM(N33:Q33) -> -1.7 | AQ33: =SUM(R33:U33) -> 0 | AR33: =SUM(V33:Y33) -> -2.9 | AS33: =SUM(Z33:AC33) -> -2.4 | AT33: =SUM(AD33:AG33) -> -0.4
A34: Cost of revenue - Non-GAAP | B34: 81.7 | C34: 86.6 | D34: 87 | E34: 91.3 | F34: =SUM(F28:F32) -> 94.8 | G34: =SUM(G28:G32) -> 97.3 | H34: =SUM(H28:H32) -> 99.7 | I34: =SUM(I28:I32) -> 100 | J34: =SUM(J28:J32) -> 98.6 | K34: =SUM(K28:K32) -> 97 | L34: =SUM(L28:L32) -> 97.6 | M34: =SUM(M28:M32) -> 100.4 | N34: =SUM(N28:N33) -> 101.3 | O34: =SUM(O28:O33) -> 99.5 | P34: =SUM(P28:P33) -> 104.4 | Q34: =SUM(Q28:Q33) -> 108.1 | R34: =SUM(R28:R33) -> 105.2 | S34: =SUM(S28:S33) -> 97.2 | T34: =SUM(T28:T33) -> 101.3 | U34: =SUM(U28:U33) -> 107.5 | ... AJ34: =SUM(AJ28:AJ33) -> 115.7 | AL34: 356.7 | AM34: 346.6 | AN34: =SUM(AN28:AN32) -> 391.8 | AO34: =SUM(AO28:AO32) -> 393.6 | AP34: =SUM(AP28:AP33) -> 413.3 | AQ34: =SUM(AQ28:AQ33) -> 411.2 | AR34: =SUM(V34:Y34) -> 437.7 | AS34: =SUM(AS28:AS33) -> 406.7 | AT34: =SUM(AT28:AT33) -> 458.1
A36: Gross profit - GAAP | B36: 195.7 | C36: 249.7 | D36: 270.1 | E36: 281.5 | F36: 287.2 | G36: =G8 -> 298.6 | H36: =H8 -> 323.4 | I36: =I8 -> 341.1 | J36: =J8 -> 351.9 | K36: =K8 -> 364.9 | L36: =L8 -> 384.2 | M36: 398.3 | N36: =N8 -> 402.3 | O36: =O8 -> 423.5 | P36: =P8 -> 438.2 | Q36: 449.7 | R36: 449.5 | S36: =S8 -> 466.9 | T36: =T8 -> 481.3 | U36: =U8 -> 483 | V36: =V8 -> 494.3 | W36: =W8 -> 502.4 | X36: =X8 -> 513.4 | Y36: =Y8 -> 513 | Z36: =Z8 -> 525.5 | ... AJ36: =AJ8 -> 513.7 | AL36: 737.9 | AM36: 997 | AN36: =AN8 -> 1250.3 | AO36: =SUM(J36:M36) -> 1499.3 | AP36: =SUM(N36:Q36) -> 1713.7 | AQ36: =SUM(R36:U36) -> 1880.7 | AR36: =SUM(V36:Y36) -> 2023.1 | AS36: =SUM(Z36:AC36) -> 2103.1 | AT36: =SUM(AD36:AG36) -> 2020.2
A37: Stock-based compensation | B37: 37.8 | C37: 2.9 | D37: 3.2 | E37: 3.1 | F37: =-F29 -> 3 | G37: =-G29 -> 4.7 | H37: =-H29 -> 4.1 | I37: =-I29 -> 4 | J37: =-J29 -> 3.5 | K37: =-K29 -> 4.5 | L37: =-L29 -> 4.6 | M37: 4.5 | N37: =-N29 -> 5.4 | O37: =-O29 -> 5.9 | P37: =-P29 -> 6 | Q37: 5.9 | R37: 5.7 | S37: =-S29 -> 6.7 | T37: =-T29 -> 6.4 | U37: =-U29 -> 5.9 | V37: =-V29 -> 5.4 | W37: =-W29 -> 6.4 | X37: =-X29 -> 5.8 | Y37: =-Y29 -> 5.7 | Z37: =-Z29 -> 5.2 | ... AJ37: =-AJ29 -> 4.5 | AL37: 12.2 | AM37: 47 | AN37: =SUM(F37:I37) -> 15.8 | AO37: =SUM(J37:M37) -> 17.1 | AP37: =SUM(N37:Q37) -> 23.2 | AQ37: =SUM(R37:U37) -> 24.7 | AR37: =SUM(V37:Y37) -> 23.3 | AS37: =SUM(Z37:AC37) -> 22.9 | AT37: =SUM(AD37:AG37) -> 20.6
A38: Employer payroll taxes related to the release of two-tier RSUs | B38: 1.1 | C38: 0 | D38: 0 | E38: 0 | F38: 0 | G38: =G30 -> 0 | H38: =H30 -> 0 | I38: =I30 -> 0 | J38: =J30 -> 0 | K38: =K30 -> 0 | L38: =L30 -> 0 | M38: 0 | N38: =N30 -> 0 | O38: =O30 -> 0 | P38: =P30 -> 0 | Q38: 0 | R38: 0 | S38: =S30 -> 0 | T38: =T30 -> 0 | U38: =U30 -> 0 | V38: =V30 -> 0 | W38: =W30 -> 0 | X38: =X30 -> 0 | Y38: =Y30 -> 0 | Z38: =Z30 -> 0 | ... AJ38: =AJ30 -> 0 | AL38: 0 | AM38: 1.1 | AN38: =SUM(F38:I38) -> 0 | AO38: =SUM(J38:M38) -> 0 | AP38: =SUM(N38:Q38) -> 0 | AQ38: =SUM(R38:U38) -> 0 | AR38: =SUM(V38:Y38) -> 0 | AS38: =SUM(Z38:AC38) -> 0 | AT38: =SUM(AD38:AG38) -> 0
A39: Acquisition-related and other expenses | B39: 0 | C39: 0 | D39: 0 | E39: 0 | F39: 0 | G39: 0 | H39: 0 | I39: 0 | J39: 0 | K39: 0 | L39: 0 | M39: 0 | N39: 0 | O39: 0 | P39: 0 | Q39: 0 | R39: 0 | S39: 0 | T39: 0 | U39: 0 | V39: 0 | W39: 0 | X39: 0 | Y39: 0 | Z39: 0 | AA39: 0 | AB39: 0 | AC39: 0 | AD39: 0 | AE39: 1.9 | AF39: 0 | AG39: 0 | AH39: 0 | AI39: 0 | AJ39: =-AJ31 -> 0 | AL39: 0 | AM39: 0 | AN39: 0 | AO39: 0 | AP39: 0 | AQ39: 0 | AR39: 0 | AS39: 0 | AT39: =SUM(AD39:AG39) -> 1.9
A40: Intangible amortization | B40: 0 | C40: 0 | D40: 0 | E40: 0 | F40: 0.6 | G40: =-G32 -> 0.9 | H40: =-H32 -> 1 | I40: =-I32 -> 0.9 | J40: =-J32 -> 1 | K40: =-K32 -> 1 | L40: =-L32 -> 1 | M40: 0.9 | N40: =-N32 -> 1 | O40: =-O32 -> 1.6 | P40: =-P32 -> 1.6 | Q40: 1.8 | R40: 2 | S40: =-S32 -> 1.9 | T40: =-T32 -> 2 | U40: =-U32 -> 2.4 | V40: =-V32 -> 3.6 | W40: =-W32 -> 3.6 | X40: =-X32 -> 3.7 | Y40: =-Y32 -> 3.7 | Z40: =-Z32 -> 3.1 | ... AJ40: =-AJ32 -> 2.1 | AL40: 0 | AM40: 0 | AN40: =-AN32 -> 3.4 | AO40: =SUM(J40:M40) -> 3.9 | AP40: =SUM(N40:Q40) -> 6 | AQ40: =SUM(R40:U40) -> 8.3 | AR40: =SUM(V40:Y40) -> 14.6 | AS40: =SUM(Z40:AC40) -> 13.1 | AT40: =SUM(AD40:AG40) -> 19.8
A41: Workforce reduction expense | B41: 0 | C41: 0 | D41: 0 | E41: 0 | F41: 0 | G41: 0 | H41: 0 | I41: 0 | J41: 0 | K41: 0 | L41: 0 | M41: 0 | N41: =-N33 -> 1.6 | O41: =-O33 -> 0.1 | P41: =-P33 -> 0 | Q41: 0 | R41: 0 | S41: =-S33 -> 0 | T41: =-T33 -> 0 | U41: =-U33 -> 0 | V41: =-V33 -> 0 | W41: =-W33 -> 2.7 | X41: =-X33 -> 0.2 | Y41: =-Y33 -> 0 | Z41: =-Z33 -> 0 | ... AJ41: =-AJ33 -> 1.3 | AL41: 0 | AM41: 0 | AN41: 0 | AO41: =SUM(J41:M41) -> 0 | AP41: =SUM(N41:Q41) -> 1.7 | AQ41: =SUM(R41:U41) -> 0 | AR41: =SUM(V41:Y41) -> 2.9 | AS41: =SUM(Z41:AC41) -> 2.4 | AT41: =SUM(AD41:AG41) -> 0.4
A42: Gross profit - Non-GAAP | B42: 234.6 | C42: 252.6 | D42: 273.3 | E42: 284.6 | F42: =SUM(F36:F40) -> 290.8 | G42: =SUM(G36:G40) -> 304.2 | H42: =SUM(H36:H40) -> 328.5 | I42: =SUM(I36:I40) -> 346 | J42: =SUM(J36:J40) -> 356.4 | K42: =SUM(K36:K40) -> 370.4 | L42: =SUM(L36:L40) -> 389.8 | M42: =SUM(M36:M40) -> 403.7 | N42: =SUM(N36:N41) -> 410.3 | O42: =SUM(O36:O41) -> 431.1 | P42: =SUM(P36:P41) -> 445.8 | Q42: =SUM(Q36:Q41) -> 457.4 | R42: =SUM(R36:R41) -> 457.2 | S42: =SUM(S36:S41) -> 475.5 | T42: =SUM(T36:T41) -> 489.7 | U42: =SUM(U36:U41) -> 491.3 | ... AJ42: =SUM(AJ36:AJ41) -> 521.6 | AL42: 750.1 | AM42: 1045.1 | AN42: =SUM(AN36:AN40) -> 1269.5 | AO42: =SUM(AO36:AO40) -> 1520.3 | AP42: =SUM(AP36:AP41) -> 1744.6 | AQ42: =SUM(AQ36:AQ41) -> 1913.7 | AR42: =SUM(V42:Y42) -> 2063.9 | AS42: =SUM(AS36:AS41) -> 2141.5 | AT42: =SUM(AT36:AT41) -> 2062.9
A44: Research and development - GAAP | B44: 378.5 | C44: 119.7 | D44: 133.2 | E44: 136.8 | F44: 150 | G44: =G10 -> 162.4 | H44: =H10 -> 172.8 | I44: =I10 -> 176.9 | J44: =J10 -> 181.8 | K44: =K10 -> 185.8 | L44: =L10 -> 183.3 | M44: 176.6 | N44: =N10 -> 181.2 | O44: =O10 -> 185.5 | P44: =P10 -> 187.3 | Q44: 201.9 | R44: 210.8 | S44: =S10 -> 215 | T44: =T10 -> 227.6 | U44: =U10 -> 238.5 | V44: =V10 -> 235.2 | W44: =W10 -> 262.8 | X44: =X10 -> 216.4 | Y44: =Y10 -> 222.1 | Z44: =Z10 -> 219.1 | ... AJ44: =AJ10 -> 185.4 | AL44: 380.3 | AM44: 768.2 | AN44: =AN10 -> 662.1 | AO44: =SUM(J44:M44) -> 727.5 | AP44: =SUM(N44:Q44) -> 755.9 | AQ44: =SUM(R44:U44) -> 891.9 | AR44: =SUM(V44:Y44) -> 936.5 | AS44: =SUM(Z44:AC44) -> 914.9 | AT44: =SUM(AD44:AG44) -> 732
A45: Stock-based compensation | B45: -282.9 | C45: -27.9 | D45: -28.2 | E45: -29.2 | F45: -30.5 | G45: -37.7 | H45: -38.9 | I45: -40.5 | J45: -37.2 | K45: -47 | L45: -46.9 | M45: -43 | N45: -43.5 | O45: -49.5 | P45: -48.7 | Q45: -48.4 | R45: -50.5 | S45: -58.5 | T45: -60.6 | U45: -62.7 | V45: -52.9 | W45: -67.4 | X45: -58.6 | Y45: -58.7 | Z45: -55.4 | AA45: -64.2 | AB45: -66.7 | AC45: -61.3 | AD45: -46.7 | AE45: -53.8 | AF45: -55.9 | AG45: -54.8 | AH45: -50 | AI45: -52.1 | AJ45: -49.6 | AL45: -93.1 | AM45: -368.2 | AN45: =SUM(F45:I45) -> -147.6 | AO45: =SUM(J45:M45) -> -174.1 | AP45: =SUM(N45:Q45) -> -190.1 | AQ45: =SUM(R45:U45) -> -232.3 | AR45: =SUM(V45:Y45) -> -237.6 | AS45: =SUM(Z45:AC45) -> -247.6 | AT45: =SUM(AD45:AG45) -> -211.2
A46: Employer payroll taxes related to the release of two-tier RSUs | B46: -8.3 | C46: 0 | D46: 0 | E46: 0 | F46: 0 | G46: 0 | H46: 0 | I46: 0 | J46: 0 | K46: 0 | L46: 0 | M46: 0 | N46: 0 | O46: 0 | P46: 0 | Q46: 0 | R46: 0 | S46: 0 | T46: 0 | U46: 0 | V46: 0 | W46: 0 | X46: 0 | Y46: 0 | Z46: 0 | AA46: 0 | AB46: 0 | AC46: 0 | AD46: 0 | AE46: 0 | AF46: 0 | AG46: 0 | AH46: 0 | AI46: 0 | AJ46: 0 | AL46: 0 | AM46: -8.3 | AN46: =SUM(F46:I46) -> 0 | AO46: =SUM(J46:M46) -> 0 | AP46: =SUM(N46:Q46) -> 0 | AQ46: =SUM(R46:U46) -> 0 | AR46: =SUM(V46:Y46) -> 0 | AS46: =SUM(Z46:AC46) -> 0 | AT46: =SUM(AD46:AG46) -> 0
A47: Acquisition-related and other expenses | B47: 0 | C47: 0 | D47: 0 | E47: 0 | F47: -2.3 | G47: -4.1 | H47: -4 | I47: -4.1 | J47: -4.2 | K47: -4.3 | L47: -4.1 | M47: -4.2 | N47: -4.3 | O47: -5 | P47: -5.1 | Q47: -5.3 | R47: -3.2 | S47: -1.4 | T47: -1.4 | U47: -2.2 | V47: -5.4 | W47: -7.9 | X47: -4.6 | Y47: -4.3 | Z47: -3 | AA47: -3.3 | AB47: -3.6 | AC47: -9.6 | AD47: -1.2 | AE47: -1.5 | AF47: -1.4 | AG47: -1.2 | AH47: -1.3 | AI47: -1.3 | AJ47: -5.8 | AL47: 0 | AM47: 0 | AN47: =SUM(F47:I47) -> -14.5 | AO47: =SUM(J47:M47) -> -16.8 | AP47: =SUM(N47:Q47) -> -19.7 | AQ47: =SUM(R47:U47) -> -8.2 | AR47: =SUM(V47:Y47) -> -22.2 | AS47: =SUM(Z47:AC47) -> -19.5 | AT47: =SUM(AD47:AG47) -> -5.3
A48: Workforce reduction expense | B48: 0 | C48: 0 | D48: 0 | E48: 0 | F48: 0 | G48: 0 | H48: 0 | I48: 0 | J48: 0 | K48: 0 | L48: 0 | M48: 0 | N48: -2.6 | O48: -0.5 | P48: -0.1 | Q48: 0 | R48: 0 | S48: 0 | T48: 0 | U48: 0 | V48: 0 | W48: -27 | X48: -0.6 | Y48: -0.2 | Z48: 0 | AA48: 0 | AB48: 0 | AC48: -29.7 | AD48: -1.2 | AE48: -0.7 | AF48: 0 | AG48: 0 | AH48: 0 | AI48: -2.8 | AJ48: -1.8 | AL48: 0 | AM48: 0 | AN48: 0 | AO48: =SUM(J48:M48) -> 0 | AP48: =SUM(N48:Q48) -> -3.2 | AQ48: =SUM(R48:U48) -> 0 | AR48: =SUM(V48:Y48) -> -27.8 | AS48: =SUM(Z48:AC48) -> -29.7 | AT48: =SUM(AD48:AG48) -> -1.9
A49: Research and development - Non-GAAP | B49: 87.3 | C49: 91.8 | D49: 105 | E49: 107.6 | F49: =SUM(F44:F47) -> 117.2 | G49: =SUM(G44:G47) -> 120.6 | H49: =SUM(H44:H47) -> 129.9 | I49: =SUM(I44:I47) -> 132.3 | J49: =SUM(J44:J47) -> 140.4 | K49: =SUM(K44:K47) -> 134.5 | L49: =SUM(L44:L47) -> 132.3 | M49: =SUM(M44:M47) -> 129.4 | N49: =SUM(N44:N48) -> 130.8 | O49: =SUM(O44:O48) -> 130.5 | P49: =SUM(P44:P48) -> 133.4 | Q49: =SUM(Q44:Q48) -> 148.2 | R49: =SUM(R44:R48) -> 157.1 | S49: =SUM(S44:S48) -> 155.1 | T49: =SUM(T44:T48) -> 165.6 | U49: =SUM(U44:U48) -> 173.6 | ... AJ49: =SUM(AJ44:AJ48) -> 128.2 | AL49: 287.2 | AM49: 391.7 | AN49: =SUM(AN44:AN47) -> 500 | AO49: =SUM(AO44:AO47) -> 536.6 | AP49: =SUM(AP44:AP48) -> 542.9 | AQ49: =SUM(AQ44:AQ48) -> 651.4 | AR49: =SUM(V49:Y49) -> 648.9 | AS49: =SUM(AS44:AS48) -> 618.1 | AT49: =SUM(AT44:AT48) -> 513.6
A51: Sales and marketing - GAAP | B51: 157 | C51: 87.4 | D51: 95 | E51: 100.2 | F51: 101.5 | G51: =G11 -> 107.3 | H51: =H11 -> 108.2 | I51: =I11 -> 106.3 | J51: =J11 -> 104.3 | K51: =K11 -> 102.8 | L51: =L11 -> 105.8 | M51: 109.9 | N51: =N11 -> 102.7 | O51: =O11 -> 100.8 | P51: =P11 -> 115.7 | Q51: 108.3 | R51: 95.7 | S51: =S11 -> 105 | T51: =T11 -> 103.6 | U51: =U11 -> 105.1 | V51: =V11 -> 119.2 | W51: =W11 -> 120.9 | X51: =X11 -> 106.3 | Y51: =Y11 -> 119.6 | Z51: =Z11 -> 108.8 | ... AJ51: =AJ11 -> 86.6 | AL51: 314 | AM51: 439.6 | AN51: =AN11 -> 423.3 | AO51: =SUM(J51:M51) -> 422.8 | AP51: =SUM(N51:Q51) -> 427.5 | AQ51: =SUM(R51:U51) -> 409.4 | AR51: =SUM(V51:Y51) -> 466 | AS51: =SUM(Z51:AC51) -> 460.7 | AT51: =SUM(AD51:AG51) -> 369.9
A52: Stock-based compensation | B52: -72.4 | C52: -7.9 | D52: -8.1 | E52: -5.9 | F52: -7.1 | G52: =-8.8 -> -8.8 | H52: -7.7 | I52: -7.8 | J52: -6.7 | K52: -9.5 | L52: -8.9 | M52: -8.6 | N52: -6.9 | O52: -6.2 | P52: -5.9 | Q52: -6 | R52: -4.5 | S52: -5.9 | T52: -6 | U52: -6 | V52: -5.5 | W52: -6.3 | X52: -5.2 | Y52: -5 | Z52: -5.1 | AA52: -6.2 | AB52: -6.1 | AC52: -6.3 | AD52: -5 | AE52: -5.7 | AF52: -5.1 | AG52: -4.9 | AH52: -4.7 | AI52: -5.8 | AJ52: -6.3 | AL52: -33.7 | AM52: -94.3 | AN52: =SUM(F52:I52) -> -31.4 | AO52: =SUM(J52:M52) -> -33.7 | AP52: =SUM(N52:Q52) -> -25 | AQ52: =SUM(R52:U52) -> -22.4 | AR52: =SUM(V52:Y52) -> -22 | AS52: =SUM(Z52:AC52) -> -23.7 | AT52: =SUM(AD52:AG52) -> -20.7
A53: Employer payroll taxes related to the release of two-tier RSUs | B53: -2.2 | C53: 0 | D53: 0 | E53: 0 | F53: 0 | G53: 0 | H53: 0 | I53: 0 | J53: 0 | K53: 0 | L53: 0 | M53: 0 | N53: 0 | O53: 0 | P53: 0 | Q53: 0 | R53: 0 | S53: 0 | T53: 0 | U53: 0 | V53: 0 | W53: 0 | X53: 0 | Y53: 0 | Z53: 0 | AA53: 0 | AB53: 0 | AC53: 0 | AD53: 0 | AE53: 0 | AF53: 0 | AG53: 0 | AH53: 0 | AI53: 0 | AJ53: 0 | AL53: 0 | AM53: -2.2 | AN53: =SUM(F53:I53) -> 0 | AO53: =SUM(J53:M53) -> 0 | AP53: =SUM(N53:Q53) -> 0 | AQ53: =SUM(R53:U53) -> 0 | AR53: =SUM(V53:Y53) -> 0 | AS53: =SUM(Z53:AC53) -> 0 | AT53: =SUM(AD53:AG53) -> 0
A54: Intangible amortization | B54: 0 | C54: 0 | D54: 0 | E54: 0 | F54: -0.8 | G54: -1.4 | H54: -1.4 | I54: -1.4 | J54: -1.3 | K54: -1.4 | L54: -1.4 | M54: -1.5 | N54: -1.4 | O54: -1.9 | P54: -1.9 | Q54: -1.9 | R54: -1.5 | S54: -1.2 | T54: -1.2 | U54: -1.6 | V54: -3.4 | W54: -3.4 | X54: -3.4 | Y54: -3.4 | Z54: -3.1 | AA54: -3 | AB54: -3.4 | AC54: -3.2 | AD54: -1.1 | AE54: -0.9 | AF54: -0.9 | AG54: -0.9 | AH54: -0.8 | AI54: -0.5 | AJ54: -0.4 | AL54: 0 | AM54: 0 | AN54: =SUM(F54:I54) -> -5 | AO54: =SUM(J54:M54) -> -5.6 | AP54: =SUM(N54:Q54) -> -7.1 | AQ54: =SUM(R54:U54) -> -5.5 | AR54: =SUM(V54:Y54) -> -13.6 | AS54: =SUM(Z54:AC54) -> -12.7 | AT54: =SUM(AD54:AG54) -> -3.8
A55: Acquisition-related and other expenses | B55: 0 | C55: 0 | D55: 0 | E55: 0 | F55: 0 | G55: 0 | H55: 0 | I55: 0 | J55: 0 | K55: 0 | L55: 0 | M55: 0 | N55: -0.2 | O55: -1.7 | P55: -1.7 | Q55: -1.7 | R55: -1.7 | S55: -1.7 | T55: -1.7 | U55: -1.7 | V55: -1.7 | W55: -6.6 | X55: 0 | Y55: 0 | Z55: 0 | AA55: 0 | AB55: 0 | AC55: 0 | AD55: 0 | AE55: 0 | AF55: 0 | AG55: 0 | AH55: 0 | AI55: 0 | AJ55: 0 | AL55: 0 | AM55: 0 | AN55: 0 | AO55: =SUM(J55:M55) -> 0 | AP55: =SUM(N55:Q55) -> -5.3 | AQ55: =SUM(R55:U55) -> -6.8 | AR55: =SUM(V55:Y55) -> -8.3 | AS55: =SUM(Z55:AC55) -> 0 | AT55: =SUM(AD55:AG55) -> 0
A56: Workforce reduction expense | B56: 0 | C56: 0 | D56: 0 | E56: 0 | F56: 0 | G56: 0 | H56: 0 | I56: 0 | J56: 0 | K56: 0 | L56: 0 | M56: 0 | N56: -6.3 | O56: -0.2 | P56: -0.4 | Q56: 0 | R56: 0 | S56: 0 | T56: 0 | U56: 0 | V56: 0 | W56: -6.3 | X56: -0.3 | Y56: -0.1 | Z56: 0 | AA56: 0 | AB56: 0 | AC56: -12.5 | AD56: -0.3 | AE56: -0.3 | AF56: -0.1 | AG56: 0 | AH56: 0 | AI56: 0 | AJ56: -4.9 | AL56: 0 | AM56: 0 | AN56: 0 | AO56: =SUM(J56:M56) -> 0 | AP56: =SUM(N56:Q56) -> -6.9 | AQ56: =SUM(R56:U56) -> 0 | AR56: =SUM(V56:Y56) -> -6.7 | AS56: =SUM(Z56:AC56) -> -12.5 | AT56: =SUM(AD56:AG56) -> -0.7
A57: Sales and marketing - Non-GAAP | B57: 82.4 | C57: 79.5 | D57: 86.9 | E57: 94.3 | F57: =SUM(F51:F54) -> 93.6 | G57: =SUM(G51:G54) -> 97.1 | H57: =SUM(H51:H54) -> 99.1 | I57: =SUM(I51:I54) -> 97.1 | J57: =SUM(J51:J54) -> 96.3 | K57: =SUM(K51:K54) -> 91.9 | L57: =SUM(L51:L54) -> 95.5 | M57: =SUM(M51:M54) -> 99.8 | N57: =SUM(N51:N56) -> 87.9 | O57: =SUM(O51:O56) -> 90.8 | P57: =SUM(P51:P56) -> 105.8 | Q57: =SUM(Q51:Q56) -> 98.7 | R57: =SUM(R51:R56) -> 88 | S57: =SUM(S51:S56) -> 96.2 | T57: =SUM(T51:T56) -> 94.7 | U57: =SUM(U51:U56) -> 95.8 | ... AJ57: =SUM(AJ51:AJ56) -> 75 | AL57: 280.3 | AM57: 343.1 | AN57: =SUM(AN51:AN54) -> 386.9 | AO57: =SUM(AO51:AO54) -> 383.5 | AP57: =SUM(AP51:AP56) -> 383.2 | AQ57: =SUM(AQ51:AQ56) -> 374.7 | AR57: =SUM(V57:Y57) -> 415.4 | AS57: =SUM(AS51:AS56) -> 411.8 | AT57: =SUM(AT51:AT56) -> 344.7
A59: General and administrative - GAAP | B59: 126.1 | C59: 49.8 | D59: 50.8 | E59: 56.5 | F59: 57 | G59: =G12 -> 62.9 | H59: =H12 -> 61 | I59: =I12 -> 64.5 | J59: =J12 -> 39 | K59: =K12 -> 63.5 | L59: =L12 -> 65.1 | M59: 60.2 | N59: =N12 -> 58.6 | O59: =O12 -> 52.8 | P59: =P12 -> 57.9 | Q59: 55.3 | R59: 53.5 | S59: =S12 -> 55.3 | T59: =T12 -> 56.8 | U59: =U12 -> 57.3 | V59: =V12 -> 55.8 | W59: =W12 -> 60 | X59: =X12 -> 60 | Y59: =Y12 -> 61.3 | Z59: =Z12 -> 54.1 | ... AJ59: =AJ12 -> 66.5 | AL59: 157.3 | AM59: 283.2 | AN59: =AN12 -> 245.4 | AO59: =SUM(J59:M59) -> 227.8 | AP59: =SUM(N59:Q59) -> 224.6 | AQ59: =SUM(R59:U59) -> 222.9 | AR59: =SUM(V59:Y59) -> 237.1 | AS59: =SUM(Z59:AC59) -> 241.2 | AT59: =SUM(AD59:AG59) -> 230.5
A60: Stock-based compensation | B60: -93.4 | C60: -16.4 | D60: -15.5 | E60: -15.3 | F60: -15 | G60: =-16.9 -> -16.9 | H60: -17.5 | I60: -17 | J60: 7.6 | K60: -15.6 | L60: -15.3 | M60: -13.3 | N60: -12.1 | O60: -12.3 | P60: -12.2 | Q60: -12.2 | R60: -11.6 | S60: -13.9 | T60: -13.1 | U60: -12.7 | V60: -12.2 | W60: -15.2 | X60: -14.2 | Y60: -13.5 | Z60: -12.3 | AA60: -14.1 | AB60: -13.7 | AC60: -12.2 | AD60: -10.5 | AE60: -12.6 | AF60: -12.5 | AG60: -12.7 | AH60: -12.2 | AI60: -14.9 | AJ60: -16.6 | AL60: -25.6 | AM60: -140.6 | AN60: =SUM(F60:I60) -> -66.4 | AO60: =SUM(J60:M60) -> -36.6 | AP60: =SUM(N60:Q60) -> -48.8 | AQ60: =SUM(R60:U60) -> -51.3 | AR60: =SUM(V60:Y60) -> -55.1 | AS60: =SUM(Z60:AC60) -> -52.3 | AT60: =SUM(AD60:AG60) -> -48.3
A61: Donation of common stock to the Dropbox Foundation | B61: 0 | C61: 0 | D61: 0 | E61: 0 | F61: 0 | G61: 0 | H61: 0 | I61: 0 | J61: 0 | K61: 0 | L61: 0 | M61: 0 | N61: 0 | O61: 0 | P61: 0 | Q61: 0 | R61: 0 | S61: 0 | T61: 0 | U61: 0 | V61: 0 | W61: 0 | X61: 0 | Y61: 0 | Z61: 0 | AA61: 0 | AB61: 0 | AC61: 0 | AD61: 0 | AE61: 0 | AF61: 0 | AG61: 0 | AH61: 0 | AI61: 0 | AJ61: 0 | AL61: -9.4 | AM61: 0 | AN61: =SUM(F61:I61) -> 0 | AO61: =SUM(J61:M61) -> 0 | AP61: =SUM(N61:Q61) -> 0 | AQ61: =SUM(R61:U61) -> 0 | AR61: =SUM(V61:Y61) -> 0 | AS61: =SUM(Z61:AC61) -> 0 | AT61: =SUM(AD61:AG61) -> 0
A62: Employer payroll taxes related to the release of two-tier RSUs | B62: -2.3 | C62: 0 | D62: 0 | E62: 0 | F62: 0 | G62: 0 | H62: 0 | I62: 0 | J62: 0 | K62: 0 | L62: 0 | M62: 0 | N62: 0 | O62: 0 | P62: 0 | Q62: 0 | R62: 0 | S62: 0 | T62: 0 | U62: 0 | V62: 0 | W62: 0 | X62: 0 | Y62: 0 | Z62: 0 | AA62: 0 | AB62: 0 | AC62: 0 | AD62: 0 | AE62: 0 | AF62: 0 | AG62: 0 | AH62: 0 | AI62: 0 | AJ62: 0 | AL62: 0 | AM62: -2.3 | AN62: =SUM(F62:I62) -> 0 | AO62: =SUM(J62:M62) -> 0 | AP62: =SUM(N62:Q62) -> 0 | AQ62: =SUM(R62:U62) -> 0 | AR62: =SUM(V62:Y62) -> 0 | AS62: =SUM(Z62:AC62) -> 0 | AT62: =SUM(AD62:AG62) -> 0
A63: Acquisition-related and other expenses | B63: 0 | C63: 0 | D63: 0 | E63: 0 | F63: -1 | G63: 0 | H63: 0 | I63: -0.4 | J63: 0 | K63: -0.1 | L63: 0 | M63: 0 | N63: -1.2 | O63: 0 | P63: 0 | Q63: -0.6 | R63: -0.1 | S63: -0.1 | T63: -1 | U63: -1.8 | V63: -0.3 | W63: -0.1 | X63: 0 | Y63: 0 | Z63: 0 | AA63: -1.3 | AB63: -0.8 | AC63: -0.1 | AD63: -0.2 | AE63: -0.3 | AF63: -0.3 | AG63: 0 | AH63: -1.2 | AI63: 0 | AJ63: -0.2 | AL63: 0 | AM63: 0 | AN63: =SUM(F63:I63) -> -1.4 | AO63: =SUM(J63:M63) -> -0.1 | AP63: =SUM(N63:Q63) -> -1.8 | AQ63: =SUM(R63:U63) -> -3 | AR63: =SUM(V63:Y63) -> -0.4 | AS63: =SUM(Z63:AC63) -> -2.2 | AT63: =SUM(AD63:AG63) -> -0.8
A64: Workforce reduction expense | B64: 0 | C64: 0 | D64: 0 | E64: 0 | F64: 0 | G64: 0 | H64: 0 | I64: 0 | J64: 0 | K64: 0 | L64: 0 | M64: 0 | N64: -2.3 | O64: -0.1 | P64: -0.1 | Q64: 0 | R64: 0 | S64: 0 | T64: 0 | U64: 0 | V64: 0 | W64: -1.5 | X64: -0.3 | Y64: -0.1 | Z64: 0 | AA64: 0 | AB64: 0 | AC64: -2.6 | AD64: -0.5 | AE64: -0.1 | AF64: -0.1 | AG64: 0 | AH64: 0 | AI64: 0 | AJ64: -0.1 | AL64: 0 | AM64: 0 | AN64: 0 | AO64: =SUM(J64:M64) -> 0 | AP64: =SUM(N64:Q64) -> -2.5 | AQ64: =SUM(R64:U64) -> 0 | AR64: =SUM(V64:Y64) -> -1.9 | AS64: =SUM(Z64:AC64) -> -2.6 | AT64: =SUM(AD64:AG64) -> -0.7
A65: General and administrative - Non-GAAP | B65: 30.4 | C65: 33.4 | D65: 35.3 | E65: 41.2 | F65: =SUM(F59:F63) -> 41 | G65: =SUM(G59:G63) -> 46 | H65: =SUM(H59:H63) -> 43.5 | I65: =SUM(I59:I63) -> 47.1 | J65: =SUM(J59:J63) -> 46.6 | K65: =SUM(K59:K63) -> 47.8 | L65: =SUM(L59:L63) -> 49.8 | M65: =SUM(M59:M63) -> 46.9 | N65: =SUM(N59:N64) -> 43 | O65: =SUM(O59:O64) -> 40.4 | P65: =SUM(P59:P64) -> 45.6 | Q65: =SUM(Q59:Q64) -> 42.5 | R65: =SUM(R59:R64) -> 41.8 | S65: =SUM(S59:S64) -> 41.3 | T65: =SUM(T59:T64) -> 42.7 | U65: =SUM(U59:U64) -> 42.8 | ... AJ65: =SUM(AJ59:AJ64) -> 49.6 | AL65: 122.3 | AM65: 140.3 | AN65: =SUM(AN59:AN63) -> 177.6 | AO65: =SUM(AO59:AO63) -> 191.1 | AP65: =SUM(AP59:AP64) -> 171.5 | AQ65: =SUM(AQ59:AQ64) -> 168.6 | AR65: =SUM(V65:Y65) -> 179.7 | AS65: =SUM(AS59:AS64) -> 184.1 | AT65: =SUM(AT59:AT64) -> 180.7
A67: Net (gain) loss on real estate assets - GAAP | B67: 0 | C67: 0 | D67: 0 | E67: 0 | F67: 0 | G67: 0 | H67: 0 | I67: 0 | J67: 0 | K67: 0 | L67: 0 | M67: 398.2 | N67: 17.3 | O67: =O13 -> 0 | P67: =P13 -> 0 | Q67: 14 | R67: 0 | S67: =S13 -> 8.7 | T67: =T13 -> 4 | U67: =U13 -> 162.5 | V67: =V13 -> 0 | W67: =W13 -> 2.2 | X67: =X13 -> 0 | Y67: =Y13 -> -157.4 | Z67: =Z13 -> 0 | ... AJ67: =AJ13 -> 0 | AL67: 0 | AM67: 0 | AN67: 0 | AO67: =SUM(J67:M67) -> 398.2 | AP67: =SUM(N67:Q67) -> 31.3 | AQ67: =SUM(R67:U67) -> 175.2 | AR67: =SUM(V67:Y67) -> -155.2 | AS67: =SUM(Z67:AC67) -> 0.1 | AT67: =SUM(AD67:AG67) -> -1.3
A68: Net (gain) loss on real estate assets (1) | B68: 0 | C68: 0 | D68: 0 | E68: 0 | F68: 0 | G68: 0 | H68: 0 | I68: 0 | J68: 0 | K68: 0 | L68: 0 | M68: -398.2 | N68: -17.3 | O68: 0 | P68: 0 | Q68: -14 | R68: 0 | S68: -8.7 | T68: -4 | U68: -162.5 | V68: 0 | W68: -2.2 | Y68: 157.4 | Z68: 0 | AA68: 0 | AB68: 0 | AC68: -0.1 | AD68: 0 | AE68: -2.6 | AF68: 0 | AG68: 3.9 | AH68: 0 | AI68: 0 | AJ68: 0 | AL68: 0 | AM68: 0 | AN68: 0 | AO68: =SUM(J68:M68) -> -398.2 | AP68: =SUM(N68:Q68) -> -31.3 | AQ68: =SUM(R68:U68) -> -175.2 | AR68: =SUM(V68:Y68) -> 155.2 | AS68: =SUM(Z68:AC68) -> -0.1 | AT68: =SUM(AD68:AG68) -> 1.3
A69: Net (gain) loss on real estate assets - Non-GAAP | B69: =SUM(B67:B68) -> 0 | C69: =SUM(C67:C68) -> 0 | D69: =SUM(D67:D68) -> 0 | E69: =SUM(E67:E68) -> 0 | F69: =SUM(F67:F68) -> 0 | G69: =SUM(G67:G68) -> 0 | H69: =SUM(H67:H68) -> 0 | I69: =SUM(I67:I68) -> 0 | ... M69: =SUM(M67:M68) -> 0 | N69: 0 | O69: =SUM(O67:O68) -> 0 | P69: =SUM(P67:P68) -> 0 | Q69: =SUM(Q67:Q68) -> 0 | R69: =SUM(R67:R68) -> 0 | S69: =SUM(S67:S68) -> 0 | T69: =SUM(T67:T68) -> 0 | U69: =SUM(U67:U68) -> 0 | V69: =SUM(V67:V68) -> 0 | ... AJ69: =SUM(AJ67:AJ68) -> 0 | AL69: =SUM(AL67:AL68) -> 0 | AM69: =SUM(AM67:AM68) -> 0 | AN69: =SUM(AN67:AN68) -> 0 | AO69: =SUM(AO67:AO68) -> 0 | AP69: =SUM(AP67:AP68) -> 0 | AQ69: =SUM(AQ67:AQ68) -> 0 | AR69: =SUM(V69:Y69) -> 0 | AS69: =SUM(AS67:AS68) -> 0 | AT69: =SUM(AT67:AT68) -> 0
A71: Total operating expenses - GAAP | B71: 661.6 | C71: 256.9 | D71: 279 | E71: 293.5 | F71: =F59+F51+F44 -> 308.5 | G71: =G59+G51+G44 -> 332.6 | H71: =H59+H51+H44 -> 342 | I71: =I59+I51+I44 -> 347.7 | J71: =J59+J51+J44 -> 325.1 | K71: =K59+K51+K44 -> 352.1 | L71: =L59+L51+L44 -> 354.2 | M71: 744.9 | N71: 359.8 | O71: =O59+O51+O44+O67 -> 339.1 | P71: =P59+P51+P44+P67 -> 360.9 | Q71: 379.5 | R71: 360 | S71: =S59+S51+S44+S67 -> 384 | T71: =T59+T51+T44+T67 -> 392 | U71: =U59+U51+U44+U67 -> 563.4 | V71: =V59+V51+V44+V67 -> 410.2 | W71: =W59+W51+W44+W67 -> 445.9 | X71: =X59+X51+X44+X67 -> 382.7 | Y71: =Y59+Y51+Y44+Y67 -> 245.6 | Z71: =Z59+Z51+Z44+Z67 -> 382 | ... AE71: =AE59+AE51+AE44+AE67 -> 333.6 | AF71: 331.4 | AG71: 341.9 | AH71: 328.6 | AI71: 341.7 | AJ71: =AJ59+AJ51+AJ44+AJ67 -> 338.5 | AL71: 851.6 | AM71: 1491 | AN71: =AN59+AN51+AN44 -> 1330.8 | AO71: =SUM(J71:M71) -> 1776.3 | AP71: =SUM(N71:Q71) -> 1439.3 | AQ71: =SUM(R71:U71) -> 1699.4 | AR71: =SUM(V71:Y71) -> 1484.4 | AS71: =SUM(Z71:AC71) -> 1616.9 | AT71: =SUM(AD71:AG71) -> 1331.1
A72: Stock-based compensation | B72: -448.7 | C72: -52.2 | D72: -51.8 | E72: -50.4 | F72: =F45+F52+F60 -> -52.6 | G72: =G45+G52+G60 -> -63.4 | H72: =H45+H52+H60 -> -64.1 | I72: =I45+I52+I60 -> -65.3 | J72: =J45+J52+J60 -> -36.3 | K72: =K45+K52+K60 -> -72.1 | L72: =L45+L52+L60 -> -71.1 | M72: -64.9 | N72: -62.5 | O72: =O45+O52+O60 -> -68 | P72: =P45+P52+P60 -> -66.8 | Q72: -66.6 | R72: -66.6 | S72: =S45+S52+S60 -> -78.3 | T72: =T45+T52+T60 -> -79.7 | U72: =U45+U52+U60 -> -81.4 | V72: =V45+V52+V60 -> -70.6 | W72: =W45+W52+W60 -> -88.9 | X72: =X45+X52+X60 -> -78 | Y72: =Y45+Y52+Y60 -> -77.2 | Z72: =Z45+Z52+Z60 -> -72.8 | ... AE72: =AE45+AE52+AE60 -> -72.1 | AF72: -73.5 | AG72: -72.4 | AH72: -66.9 | AI72: -72.8 | AJ72: =AJ45+AJ52+AJ60 -> -72.5 | AL72: -152.4 | AM72: -603.1 | AN72: =AN45+AN52+AN60 -> -245.4 | AO72: =SUM(J72:M72) -> -244.4 | AP72: =SUM(N72:Q72) -> -263.9 | AQ72: =SUM(R72:U72) -> -306 | AR72: =SUM(V72:Y72) -> -314.7 | AS72: =SUM(Z72:AC72) -> -323.6 | AT72: =SUM(AD72:AG72) -> -280.2
A73: Donation of common stock to the Dropbox Foundation | B73: 0 | C73: 0 | D73: 0 | E73: 0 | F73: 0 | G73: 0 | H73: 0 | I73: 0 | J73: 0 | K73: 0 | L73: 0 | M73: 0 | N73: 0 | O73: 0 | P73: 0 | Q73: 0 | R73: 0 | S73: 0 | T73: 0 | U73: 0 | V73: 0 | W73: 0 | X73: 0 | Y73: 0 | Z73: 0 | AA73: 0 | AB73: 0 | AC73: 0 | AD73: 0 | AE73: 0 | AF73: 0 | AG73: 0 | AH73: 0 | AI73: 0 | AJ73: 0 | AL73: -9.4 | AM73: 0 | AN73: 0 | AO73: =SUM(J73:M73) -> 0 | AP73: =SUM(N73:Q73) -> 0 | AQ73: =SUM(R73:U73) -> 0 | AR73: =SUM(V73:Y73) -> 0 | AS73: =SUM(Z73:AC73) -> 0 | AT73: =SUM(AD73:AG73) -> 0
A74: Employer payroll taxes related to the release of two-tier RSUs | B74: -12.8 | C74: 0 | D74: 0 | E74: 0 | F74: 0 | G74: 0 | H74: 0 | I74: 0 | J74: 0 | K74: 0 | L74: 0 | M74: 0 | N74: 0 | O74: 0 | P74: 0 | Q74: 0 | R74: 0 | S74: 0 | T74: 0 | U74: 0 | V74: 0 | W74: 0 | X74: 0 | Y74: 0 | Z74: 0 | AA74: 0 | AB74: 0 | AC74: 0 | AD74: 0 | AE74: 0 | AF74: 0 | AG74: 0 | AH74: 0 | AI74: 0 | AJ74: 0 | AL74: 0 | AM74: -12.8 | AN74: 0 | AO74: =SUM(J74:M74) -> 0 | AP74: =SUM(N74:Q74) -> 0 | AQ74: =SUM(R74:U74) -> 0 | AR74: =SUM(V74:Y74) -> 0 | AS74: =SUM(Z74:AC74) -> 0 | AT74: =SUM(AD74:AG74) -> 0
A75: Acquisition-related and other expenses | B75: 0 | C75: 0 | D75: 0 | E75: 0 | F75: -3.3 | G75: =G47+G63 -> -4.1 | H75: =H47+H63 -> -4 | I75: =I47+I63 -> -4.5 | J75: =J47+J63 -> -4.2 | K75: =K47+K63 -> -4.4 | L75: =L47+L63 -> -4.1 | M75: -4.2 | N75: -5.7 | O75: =O47+O63+O55 -> -6.7 | P75: =P47+P63+P55 -> -6.8 | Q75: -7.6 | R75: -5 | S75: =S47+S63+S55 -> -3.2 | T75: =T47+T63+T55 -> -4.1 | U75: =U47+U63+U55 -> -5.7 | V75: =V47+V63+V55 -> -7.4 | W75: =W47+W63+W55 -> -14.6 | X75: =X47+X63+X55 -> -4.6 | Y75: =Y47+Y63+Y55 -> -4.3 | Z75: -3 | AA75: -4.6 | AB75: -4.4 | AC75: -9.7 | AD75: -1.4 | AE75: -1.8 | AF75: -1.7 | AG75: -1.2 | AH75: -2.5 | AI75: -1.3 | AJ75: =AJ47+AJ63+AJ55 -> -6 | AL75: 0 | AM75: 0 | AN75: =AN47+AN63 -> -15.9 | AO75: =SUM(J75:M75) -> -16.9 | AP75: =SUM(N75:Q75) -> -26.8 | AQ75: =SUM(R75:U75) -> -18 | AR75: =SUM(V75:Y75) -> -30.9 | AS75: =SUM(Z75:AC75) -> -21.7 | AT75: =SUM(AD75:AG75) -> -6.1
A76: Intangible amortization | B76: 0 | C76: 0 | D76: 0 | E76: 0 | F76: -0.8 | G76: =G54 -> -1.4 | H76: =H54 -> -1.4 | I76: =I54 -> -1.4 | J76: =J54 -> -1.3 | K76: =K54 -> -1.4 | L76: =L54 -> -1.4 | M76: -1.5 | N76: -1.4 | O76: =O54 -> -1.9 | P76: =P54 -> -1.9 | Q76: -1.9 | R76: -1.5 | S76: =S54 -> -1.2 | T76: =T54 -> -1.2 | U76: =U54 -> -1.6 | V76: =V54 -> -3.4 | W76: =W54 -> -3.4 | X76: =X54 -> -3.4 | Y76: =Y54 -> -3.4 | Z76: -3.1 | AA76: -3 | AB76: -3.4 | AC76: -3.2 | AD76: -1.1 | AE76: -0.9 | AF76: -0.9 | AG76: -0.9 | AH76: -0.8 | AI76: -0.5 | AJ76: =AJ54 -> -0.4 | AL76: 0 | AM76: 0 | AN76: =AN54 -> -5 | AO76: =SUM(J76:M76) -> -5.6 | AP76: =SUM(N76:Q76) -> -7.1 | AQ76: =SUM(R76:U76) -> -5.5 | AR76: =SUM(V76:Y76) -> -13.6 | AS76: =SUM(Z76:AC76) -> -12.7 | AT76: =SUM(AD76:AG76) -> -3.8
A77: Workforce reduction expense | B77: 0 | C77: 0 | D77: 0 | E77: 0 | F77: 0 | G77: 0 | H77: 0 | I77: 0 | J77: 0 | K77: 0 | L77: 0 | M77: 0 | N77: -11.2 | O77: =O64+O56+O48 -> -0.8 | P77: =P64+P56+P48 -> -0.6 | Q77: 0 | R77: 0 | S77: =S64+S56+S48 -> 0 | T77: =T64+T56+T48 -> 0 | U77: =U64+U56+U48 -> 0 | V77: =V64+V56+V48 -> 0 | W77: =W64+W56+W48 -> -34.8 | X77: =X64+X56+X48 -> -1.2 | Y77: =Y64+Y56+Y48 -> -0.4 | Z77: 0 | AA77: 0 | AB77: 0 | AC77: -44.8 | AD77: -2 | AE77: -1.1 | AF77: -0.2 | AG77: 0 | AH77: 0 | AI77: -2.8 | AJ77: =AJ64+AJ56+AJ48 -> -6.8 | AL77: 0 | AM77: 0 | AN77: 0 | AO77: =SUM(J77:M77) -> 0 | AP77: =SUM(N77:Q77) -> -12.6 | AQ77: =SUM(R77:U77) -> 0 | AR77: =SUM(V77:Y77) -> -36.4 | AS77: =SUM(Z77:AC77) -> -44.8 | AT77: =SUM(AD77:AG77) -> -3.3
A78: Net (gain) loss on real estate assets | B78: 0 | C78: 0 | D78: 0 | E78: 0 | F78: 0 | G78: 0 | H78: 0 | I78: 0 | J78: 0 | K78: 0 | L78: 0 | M78: -398.2 | N78: -17.3 | O78: =O68 -> 0 | P78: =P68 -> 0 | Q78: -14 | R78: 0 | S78: =S68 -> -8.7 | T78: =T68 -> -4 | U78: =U68 -> -162.5 | V78: =V68 -> 0 | W78: =W68 -> -2.2 | X78: =X68 -> 0 | Y78: =Y68 -> 157.4 | Z78: 0 | AA78: 0 | AB78: 0 | AC78: -0.1 | AD78: 0 | AE78: -2.6 | AF78: 0 | AG78: 3.9 | AH78: 0 | AI78: 0 | AJ78: =AJ68 -> 0 | AL78: 0 | AM78: 0 | AN78: 0 | AO78: =SUM(J78:M78) -> -398.2 | AP78: =SUM(N78:Q78) -> -31.3 | AQ78: =SUM(R78:U78) -> -175.2 | AR78: =SUM(V78:Y78) -> 155.2 | AS78: =SUM(Z78:AC78) -> -0.1 | AT78: =SUM(AD78:AG78) -> 1.3
A79: Total operating expenses - Non-GAAP | B79: =SUM(B71:B78) -> 200.1 | C79: =SUM(C71:C78) -> 204.7 | D79: =SUM(D71:D78) -> 227.2 | E79: =SUM(E71:E78) -> 243.1 | F79: =SUM(F71:F78) -> 251.8 | G79: =SUM(G71:G78) -> 263.7 | H79: =SUM(H71:H78) -> 272.5 | I79: =SUM(I71:I78) -> 276.5 | ... M79: =SUM(M71:M78) -> 276.1 | N79: 261.7 | O79: =SUM(O71:O78) -> 261.7 | P79: =SUM(P71:P78) -> 284.8 | Q79: =SUM(Q71:Q78) -> 289.4 | R79: =SUM(R71:R78) -> 286.9 | S79: =SUM(S71:S78) -> 292.6 | T79: =SUM(T71:T78) -> 303 | U79: =SUM(U71:U78) -> 312.2 | V79: =SUM(V71:V78) -> 328.8 | ... AJ79: =SUM(AJ71:AJ78) -> 252.8 | AL79: 689.8 | AM79: 875.1 | AN79: =SUM(AN71:AN76) -> 1064.5 | AO79: =SUM(AO71:AO78) -> 1111.2 | AP79: =SUM(AP71:AP78) -> 1097.6 | AQ79: =SUM(AQ71:AQ78) -> 1194.7 | AR79: =SUM(V79:Y79) -> 1244 | AS79: =SUM(AS71:AS78) -> 1214 | AT79: =SUM(AT71:AT78) -> 1039
A81: Income (loss) from operations - GAAP | B81: -465.9 | C81: -7.2 | D81: -8.9 | E81: -12 | F81: =F15 -> -21.3 | G81: =G15 -> -34 | H81: =H15 -> -18.6 | I81: =I15 -> -6.6 | J81: =J15 -> 26.8 | K81: =K15 -> 12.8 | L81: =L15 -> 30 | M81: -346.6 | N81: 42.5 | O81: =O15 -> 84.4 | P81: =P15 -> 77.3 | Q81: 70.2 | R81: 89.5 | S81: =S15 -> 82.9 | T81: =T15 -> 89.3 | U81: =U15 -> -80.4 | V81: =V15 -> 84.1 | W81: =W15 -> 56.5 | X81: =X15 -> 130.7 | Y81: =Y15 -> 267.4 | Z81: =Z15 -> 143.5 | ... AJ81: =AJ15 -> 175.2 | AL81: -113.7 | AM81: -494 | AN81: =AN15 -> -80.5 | AO81: =SUM(J81:M81) -> -277 | AP81: =SUM(N81:Q81) -> 274.4 | AQ81: =SUM(R81:U81) -> 181.3 | AR81: =SUM(V81:Y81) -> 538.7 | AS81: =SUM(Z81:AC81) -> 486.2 | AT81: =SUM(AD81:AG81) -> 689.1
A82: Stock-based compensation | B82: 486.5 | C82: 55.1 | D82: 55 | E82: 53.5 | F82: =-F72-F29 -> 55.6 | G82: =-G72-G29 -> 68.1 | H82: =-H72-H29 -> 68.2 | I82: =-I72-I29 -> 69.3 | J82: =-J72-J29 -> 39.8 | K82: =-K72-K29 -> 76.6 | L82: =-L72-L29 -> 75.7 | M82: 69.4 | N82: 67.9 | O82: =-O72-O29 -> 73.9 | P82: =-P72-P29 -> 72.8 | Q82: 72.5 | R82: 72.3 | S82: =-S72-S29 -> 85 | T82: =-T72-T29 -> 86.1 | U82: =-U72-U29 -> 87.3 | V82: =-V72-V29 -> 76 | W82: =-W72-W29 -> 95.3 | X82: =-X72-X29 -> 83.8 | Y82: =-Y72-Y29 -> 82.9 | Z82: =-Z72-Z29 -> 78 | ... AJ82: =-AJ72-AJ29 -> 77 | AL82: 164.6 | AM82: 650.1 | AN82: =-AN72-AN29 -> 261.2 | AO82: =SUM(J82:M82) -> 261.5 | AP82: =SUM(N82:Q82) -> 287.1 | AQ82: =SUM(R82:U82) -> 330.7 | AR82: =SUM(V82:Y82) -> 338 | AS82: =SUM(Z82:AC82) -> 346.5 | AT82: =SUM(AD82:AG82) -> 300.8
A83: Donation of common stock to the Dropbox Foundation | B83: 0 | C83: 0 | D83: 0 | E83: 0 | F83: 0 | G83: =G73 -> 0 | H83: =H73 -> 0 | I83: =I73 -> 0 | J83: =J73 -> 0 | K83: =K73 -> 0 | L83: =L73 -> 0 | M83: 0 | N83: 0 | O83: =O73 -> 0 | P83: =P73 -> 0 | Q83: 0 | R83: 0 | S83: =S73 -> 0 | T83: =T73 -> 0 | U83: =U73 -> 0 | V83: =V73 -> 0 | W83: =W73 -> 0 | X83: =X73 -> 0 | Y83: =Y73 -> 0 | Z83: =Z73 -> 0 | ... AJ83: =AJ73 -> 0 | AL83: 9.4 | AM83: 0 | AN83: =AN73 -> 0 | AO83: =SUM(J83:M83) -> 0 | AP83: =SUM(N83:Q83) -> 0 | AQ83: =SUM(R83:U83) -> 0 | AR83: =SUM(V83:Y83) -> 0 | AS83: =SUM(Z83:AC83) -> 0 | AT83: =SUM(AD83:AG83) -> 0
A84: Employer payroll taxes related to the release of two-tier RSUs | B84: 13.9 | C84: 0 | D84: 0 | E84: 0 | F84: 0 | G84: =G74 -> 0 | H84: =H74 -> 0 | I84: =I74 -> 0 | J84: =J74 -> 0 | K84: =K74 -> 0 | L84: =L74 -> 0 | M84: 0 | N84: 0 | O84: =O74 -> 0 | P84: =P74 -> 0 | Q84: 0 | R84: 0 | S84: =S74 -> 0 | T84: =T74 -> 0 | U84: =U74 -> 0 | V84: =V74 -> 0 | W84: =W74 -> 0 | X84: =X74 -> 0 | Y84: =Y74 -> 0 | Z84: =Z74 -> 0 | ... AJ84: =AJ74 -> 0 | AL84: 0 | AM84: 13.9 | AN84: =AN74 -> 0 | AO84: =SUM(J84:M84) -> 0 | AP84: =SUM(N84:Q84) -> 0 | AQ84: =SUM(R84:U84) -> 0 | AR84: =SUM(V84:Y84) -> 0 | AS84: =SUM(Z84:AC84) -> 0 | AT84: =SUM(AD84:AG84) -> 0
A85: Acquisition-related and other expenses | B85: 0 | C85: 0 | D85: 0 | E85: 0 | F85: =-F47-F63 -> 3.3 | G85: =-G75 -> 4.1 | H85: =-H75 -> 4 | I85: =-I75 -> 4.5 | J85: =-J75 -> 4.2 | K85: =-K75 -> 4.4 | L85: =-L75 -> 4.1 | M85: 4.2 | N85: 5.7 | O85: =-O75 -> 6.7 | P85: =-P75 -> 6.8 | Q85: 7.6 | R85: 5 | S85: =-S75 -> 3.2 | T85: =-T75 -> 4.1 | U85: =-U75 -> 5.7 | V85: =-V75 -> 7.4 | W85: =-W75 -> 14.6 | X85: =-X75 -> 4.6 | Y85: =-Y75 -> 4.3 | Z85: =-Z75 -> 3 | ... AD85: =-AD75 -> 1.4 | AE85: 3.7 | AF85: 1.7 | AG85: 1.2 | AH85: 2.5 | AI85: 1.3 | AJ85: 6 | AL85: 0 | AM85: 0 | AN85: =-AN75 -> 15.9 | AO85: =SUM(J85:M85) -> 16.9 | AP85: =SUM(N85:Q85) -> 26.8 | AQ85: =SUM(R85:U85) -> 18 | AR85: =SUM(V85:Y85) -> 30.9 | AS85: =SUM(Z85:AC85) -> 21.7 | AT85: =SUM(AD85:AG85) -> 8
A86: Intangible amortization | B86: 0 | C86: 0 | D86: 0 | E86: 0 | F86: =-F32-F76 -> 1.4 | G86: =-G32-G76 -> 2.3 | H86: =-H32-H76 -> 2.4 | I86: =-I32-I76 -> 2.3 | J86: =-J32-J76 -> 2.3 | K86: =-K32-K76 -> 2.4 | L86: =-L32-L76 -> 2.4 | M86: 2.4 | N86: 2.4 | O86: =-O32-O76 -> 3.5 | P86: =-P32-P76 -> 3.5 | Q86: 3.7 | R86: 3.5 | S86: =-S32-S76 -> 3.1 | T86: =-T32-T76 -> 3.2 | U86: =-U32-U76 -> 4 | V86: =-V32-V76 -> 7 | W86: =-W32-W76 -> 7 | X86: =-X32-X76 -> 7.1 | Y86: =-Y32-Y76 -> 7.1 | Z86: =-Z32-Z76 -> 6.2 | ... AJ86: =-AJ32-AJ76 -> 2.5 | AL86: 0 | AM86: 0 | AN86: =-AN32-AN76 -> 8.4 | AO86: =SUM(J86:M86) -> 9.5 | AP86: =SUM(N86:Q86) -> 13.1 | AQ86: =SUM(R86:U86) -> 13.8 | AR86: =SUM(V86:Y86) -> 28.2 | AS86: =SUM(Z86:AC86) -> 25.8 | AT86: =SUM(AD86:AG86) -> 23.6
A87: Workforce reduction expense | B87: 0 | C87: 0 | D87: 0 | E87: 0 | F87: 0 | G87: 0 | H87: 0 | I87: 0 | J87: 0 | K87: 0 | L87: 0 | M87: 0 | N87: 12.8 | O87: =-O33-O77 -> 0.9 | P87: =-P33-P77 -> 0.6 | Q87: 0 | R87: 0 | S87: =-S33-S77 -> 0 | T87: =-T33-T77 -> 0 | U87: =-U33-U77 -> 0 | V87: =-V33-V77 -> 0 | W87: =-W33-W77 -> 37.5 | X87: =-X33-X77 -> 1.4 | Y87: =-Y33-Y77 -> 0.4 | Z87: =-Z33-Z77 -> 0 | ... AJ87: =-AJ33-AJ77 -> 8.1 | AL87: 0 | AM87: 0 | AN87: 0 | AO87: =SUM(J87:M87) -> 0 | AP87: =SUM(N87:Q87) -> 14.3 | AQ87: =SUM(R87:U87) -> 0 | AR87: =SUM(V87:Y87) -> 39.3 | AS87: =SUM(Z87:AC87) -> 47.2 | AT87: =SUM(AD87:AG87) -> 3.7
A88: Net (gain) loss on real estate assets | B88: 0 | C88: 0 | D88: 0 | E88: 0 | F88: 0 | G88: 0 | H88: 0 | I88: 0 | J88: 0 | K88: 0 | L88: 0 | M88: 398.2 | N88: 17.3 | O88: =O13 -> 0 | P88: =P13 -> 0 | Q88: 14 | R88: 0 | S88: =S13 -> 8.7 | T88: =T13 -> 4 | U88: =U13 -> 162.5 | V88: =V13 -> 0 | W88: =W13 -> 2.2 | X88: =X13 -> 0 | Y88: =Y13 -> -157.4 | Z88: =Z13 -> 0 | ... AJ88: =AJ13 -> 0 | AL88: 0 | AM88: 0 | AN88: 0 | AO88: =SUM(J88:M88) -> 398.2 | AP88: =SUM(N88:Q88) -> 31.3 | AQ88: =SUM(R88:U88) -> 175.2 | AR88: =SUM(V88:Y88) -> -155.2 | AS88: =SUM(Z88:AC88) -> 0.1 | AT88: =SUM(AD88:AG88) -> -1.3
A89: Income from operations - Non-GAAP | B89: =SUM(B81:B88) -> 34.5 | C89: =SUM(C81:C88) -> 47.9 | D89: =SUM(D81:D88) -> 46.1 | E89: =SUM(E81:E88) -> 41.5 | F89: =SUM(F81:F88) -> 39 | G89: =SUM(G81:G88) -> 40.5 | H89: =SUM(H81:H88) -> 56 | I89: =SUM(I81:I88) -> 69.5 | ... M89: =SUM(M81:M88) -> 127.6 | N89: 148.6 | O89: =SUM(O81:O88) -> 169.4 | P89: =SUM(P81:P88) -> 161 | Q89: =SUM(Q81:Q88) -> 168 | R89: =SUM(R81:R88) -> 170.3 | S89: =SUM(S81:S88) -> 182.9 | T89: =SUM(T81:T88) -> 186.7 | U89: =SUM(U81:U88) -> 179.1 | V89: =SUM(V81:V88) -> 174.5 | ... AJ89: =SUM(AJ81:AJ88) -> 268.8 | AL89: 60.3 | AM89: 170 | AN89: =SUM(AN81:AN86) -> 205 | AO89: =SUM(AO81:AO88) -> 409.1 | AP89: =SUM(AP81:AP88) -> 647 | AQ89: =SUM(AQ81:AQ88) -> 719 | AR89: =SUM(V89:Y89) -> 819.9 | AS89: =SUM(AS81:AS88) -> 927.5 | AT89: =SUM(AT81:AT88) -> 1023.9
A91: Other income (expense), net - GAAP | B91: 3.4 | C91: 2.2 | D91: 0.5 | E91: 0.7 | F91: 4.2 | G91: 10 | H91: 0.2 | I91: =I17 -> 1.6 | J91: 10.6 | K91: =K17 -> 9 | L91: =L17 -> 3.5 | M91: 2 | N91: 5.1 | O91: =O17 -> 7.5 | P91: =P17 -> 0.5 | Q91: 17 | R91: 5.7 | S91: =S17 -> -3.3 | T91: =T17 -> 7.2 | U91: =U17 -> -1.5 | V91: =V17 -> -0.4 | W91: =W17 -> -1.2 | X91: =X17 -> -0.2 | Y91: =Y17 -> -1.9 | Z91: =Z17 -> 0.3 | ... AH91: =AH17 -> 5.3 | AI91: 2.9 | AJ91: =AJ17 -> 5.6 | AL91: 13.2 | AM91: 6.8 | AN91: =SUM(F91:I91) -> 16 | AO91: =SUM(J91:M91) -> 25.1 | AP91: =SUM(N91:Q91) -> 30.1 | AQ91: =SUM(R91:U91) -> 8.1 | AR91: =SUM(V91:Y91) -> -3.7 | AS91: =SUM(Z91:AC91) -> 9.7 | AT91: =SUM(AD91:AG91) -> 7.1
A92: Net (gains) losses on equity investments | B92: 0 | C92: 0 | D92: 0 | E92: 0 | F92: 0 | G92: -7.4 | H92: 1.7 | I92: 1.2 | J92: -11 | K92: -6.5 | L92: 0 | M92: 0 | N92: 0 | O92: 0 | P92: 0 | Q92: 0 | R92: 0 | S92: -5 | T92: 0 | U92: 0 | V92: 0 | W92: 0 | X92: 0 | Y92: 0 | Z92: 0 | AA92: 0 | AB92: 0 | AC92: 0.2 | AD92: 0.5 | AE92: 0 | AF92: -1.2 | AG92: 0 | AH92: 0 | AI92: 0 | AJ92: -0.5 | AL92: 0 | AM92: 0 | AN92: =SUM(F92:I92) -> -4.5 | AO92: =SUM(J92:M92) -> -17.5 | AP92: =SUM(N92:Q92) -> 0 | AQ92: =SUM(R92:U92) -> -5 | AR92: =SUM(V92:Y92) -> 0 | AS92: =SUM(Z92:AC92) -> 0.2 | AT92: =SUM(AD92:AG92) -> -0.7
A93: Other income (expense), net - Non-GAAP | B93: 3.4 | C93: 2.2 | D93: 0.5 | E93: 0.7 | F93: =SUM(F91:F92) -> 4.2 | G93: =SUM(G91:G92) -> 2.6 | H93: =SUM(H91:H92) -> 1.9 | I93: =SUM(I91:I92) -> 2.8 | J93: =SUM(J91:J92) -> -0.4 | K93: =SUM(K91:K92) -> 2.5 | L93: =SUM(L91:L92) -> 3.5 | M93: =SUM(M91:M92) -> 2 | N93: 5.1 | O93: =SUM(O91:O92) -> 7.5 | P93: =SUM(P91:P92) -> 0.5 | Q93: =SUM(Q91:Q92) -> 17 | R93: =SUM(R91:R92) -> 5.7 | S93: =SUM(S91:S92) -> -8.3 | T93: =SUM(T91:T92) -> 7.2 | U93: =SUM(U91:U92) -> -1.5 | V93: =SUM(V91:V92) -> -0.4 | ... AJ93: =SUM(AJ91:AJ92) -> 5.1 | AL93: 13.2 | AM93: 6.8 | AN93: =SUM(AN91:AN92) -> 11.5 | AO93: =SUM(AO91:AO92) -> 7.6 | AP93: =SUM(AP91:AP92) -> 30.1 | AQ93: =SUM(AQ91:AQ92) -> 3.1 | AR93: =SUM(V93:Y93) -> -3.7 | AS93: =SUM(AS91:AS92) -> 9.9 | AT93: =SUM(AT91:AT92) -> 6.4
A95: (Provision for) benefit from income taxes - GAAP | B95: -1.8 | C95: -1.1 | D95: 0.2 | E95: -2.1 | F95: 5.7 | G95: -0.6 | H95: -1.6 | I95: =I19 -> -4.2 | J95: =J19 -> -0.5 | K95: =K19 -> -4.4 | L95: =L19 -> -0.9 | M95: -0.3 | N95: 1.2 | O95: =O19 -> -3 | P95: =P19 -> -0.5 | Q95: 38.8 | R95: -14.1 | S95: =S19 -> -17.1 | T95: =T19 -> -15 | U95: =U19 -> 406.7 | V95: =V19 -> -18.6 | W95: =W19 -> -15.8 | X95: =X19 -> -21.4 | Y95: =Y19 -> -45 | Z95: =Z19 -> -18.8 | ... AH95: =AH19 -> -26.9 | AI95: -21.9 | AJ95: =AJ19 -> -13.5 | AL95: -0.2 | AM95: -4.8 | AN95: =SUM(F95:I95) -> -0.7 | AO95: =SUM(J95:M95) -> -6.1 | AP95: =SUM(N95:Q95) -> 36.5 | AQ95: =SUM(R95:U95) -> 360.5 | AR95: =SUM(V95:Y95) -> -100.8 | AS95: =SUM(Z95:AC95) -> -57.5 | AT95: =SUM(AD95:AG95) -> -109.2
A96: Income tax effects of non-GAAP adjustments | B96: -4 | C96: -3 | D96: -4.2 | E96: -1.7 | F96: -10.9 | G96: -3.7 | H96: -3.4 | I96: -3.3 | J96: -4.8 | K96: -1.2 | L96: -4.7 | M96: -10.5 | N96: -11.9 | O96: -12.5 | P96: -12.2 | Q96: -10.8 | R96: -19 | S96: -18.9 | T96: -27.51 | U96: -26.4 | V96: -13.3 | W96: -25.8 | X96: -16.9 | Y96: 6.2 | Z96: -22.8 | AA96: -17.3 | AB96: -20 | AC96: -29.9 | AD96: -20.4 | AE96: -18.9 | AF96: -12.2 | AG96: -15.6 | AH96: -13.5 | AI96: -11.8 | AJ96: -11.4 | AL96: -2.4 | AM96: -12.9 | AN96: =SUM(F96:I96) -> -21.3 | AO96: =SUM(J96:M96) -> -21.2 | AP96: =SUM(N96:Q96) -> -47.4 | AQ96: =SUM(R96:U96) -> -91.81 | AR96: =SUM(V96:Y96) -> -49.8 | AS96: =SUM(Z96:AC96) -> -90 | AT96: =SUM(AD96:AG96) -> -67.1
A97: Income tax benefit from the release of a valuation allowance on deferred tax assets | B97: 0 | C97: 0 | D97: 0 | E97: 0 | F97: 0 | G97: 0 | H97: 0 | I97: 0 | J97: 0 | K97: 0 | L97: 0 | M97: 0 | N97: 0 | O97: 0 | P97: 0 | Q97: -38.1 | R97: 0 | S97: 0 | T97: 0 | U97: -420.2 | V97: 0 | W97: 0 | X97: 0 | Y97: 0 | Z97: 0 | AA97: 0 | AB97: 0 | AC97: 0 | AD97: 0 | AE97: 0 | AF97: 0 | AG97: 0 | AH97: 0 | AI97: 0 | AJ97: 0 | AL97: 0 | AM97: 0 | AN97: =SUM(F97:I97) -> 0 | AO97: =SUM(J97:M97) -> 0 | AP97: =SUM(N97:Q97) -> -38.1 | AQ97: =SUM(R97:U97) -> -420.2 | AR97: =SUM(V97:Y97) -> 0 | AS97: =SUM(Z97:AC97) -> 0 | AT97: =SUM(AD97:AG97) -> 0
A98: Provision for income taxes - Non-GAAP | B98: -5.8 | C98: -4.1 | D98: -4 | E98: -3.8 | F98: =SUM(F95:F97) -> -5.2 | G98: =SUM(G95:G97) -> -4.3 | H98: =SUM(H95:H97) -> -5 | I98: =SUM(I95:I97) -> -7.5 | J98: =SUM(J95:J97) -> -5.3 | K98: =SUM(K95:K97) -> -5.6 | L98: =SUM(L95:L97) -> -5.6 | M98: =SUM(M95:M97) -> -10.8 | ... AJ98: =SUM(AJ95:AJ97) -> -24.9 | AL98: =SUM(AL95:AL97) -> -2.6 | AM98: =SUM(AM95:AM97) -> -17.7 | AN98: =SUM(AN95:AN97) -> -22 | AO98: =SUM(AO95:AO97) -> -27.3 | AP98: =SUM(AP95:AP97) -> -49 | AQ98: =SUM(AQ95:AQ97) -> -151.51 | AR98: =SUM(V98:Y98) -> -150.6 | AS98: =SUM(AS95:AS97) -> -147.5 | AT98: =SUM(AT95:AT97) -> -176.3
A101: Consolidated selected statements of operations (Non-GAAP)
B103: 43190 | C103: 43281 | D103: 43373 | E103: 43465 | F103: =F27 -> 43555 | G103: =G27 -> 43646 | H103: =H27 -> 43738 | I103: =I27 -> 43830 | J103: =J27 -> 43921 | K103: =K27 -> 44012 | L103: =L27 -> 44104 | M103: 44196 | N103: 44286 | O103: =$O$4 -> 44377 | P103: =$P$4 -> 44469 | Q103: =Q4 -> 44561 | R103: 44651 | S103: =S27 -> 44742 | T103: =T27 -> 44834 | U103: =U27 -> 44926 | V103: =V27 -> 45016 | W103: =W27 -> 45107 | X103: =X27 -> 45199 | Y103: =Y27 -> 45291 | Z103: =Z27 -> 45382 | ... AJ103: =AJ27 -> 46295 | AL103: 43100 | AM103: 43465 | AN103: =AN27 -> 43830 | AO103: =AO27 -> 44196 | AP103: =AP27 -> 44561 | AQ103: =AQ27 -> 44926 | AR103: =AR27 -> 45291 | AS103: =AS27 -> 45657 | AT103: =AT27 -> 46022
B104: (Unaudited) | AL104: (Unaudited) | AM104: (Unaudited) | AN104: (Unaudited) | AO104: (Unaudited) | AP104: (Unaudited) | AQ104: (Unaudited) | AR104: (Unaudited) | AS104: (Unaudited) | AT104: (Unaudited)
A105: Revenue | B105: 316.3 | C105: 339.2 | D105: 360.3 | E105: 375.9 | F105: =F6 -> 385.6 | G105: =G6 -> 401.5 | H105: =H6 -> 428.2 | I105: =I6 -> 446 | J105: =J6 -> 455 | K105: =K6 -> 467.4 | L105: =L6 -> 487.4 | M105: 504.1 | N105: 511.6 | O105: =O6 -> 530.6 | P105: =P6 -> 550.2 | Q105: 565.5 | R105: 562.4 | S105: =S6 -> 572.7 | T105: =T6 -> 591 | U105: =U6 -> 598.8 | V105: =V6 -> 611.1 | W105: =W6 -> 622.5 | X105: =X6 -> 633 | Y105: =Y6 -> 635 | Z105: =Z6 -> 631.3 | ... AJ105: =AJ6 -> 637.3 | AL105: 1106.8 | AM105: 1391.7 | AN105: =AN6 -> 1661.3 | AO105: =AO6 -> 1913.9 | AP105: =AP6 -> 2157.9 | AQ105: =AQ6 -> 2324.9 | AR105: =SUM(V105:Y105) -> 2501.6 | AS105: =AS6 -> 2548.2 | AT105: =AT6 -> 2521
A106: Cost of revenue | B106: 81.7 | C106: 86.6 | D106: 87 | E106: 91.3 | F106: =F34 -> 94.8 | G106: =G34 -> 97.3 | H106: =H34 -> 99.7 | I106: =I34 -> 100 | J106: =J34 -> 98.6 | K106: =K34 -> 97 | L106: =L34 -> 97.6 | M106: 100.4 | N106: 101.3 | O106: =O34 -> 99.5 | P106: =P34 -> 104.4 | Q106: 108.1 | R106: 105.2 | S106: =S34 -> 97.2 | T106: =T34 -> 101.3 | U106: =U34 -> 107.5 | V106: =V34 -> 107.8 | W106: =W34 -> 107.4 | X106: =X34 -> 109.9 | Y106: =Y34 -> 112.6 | Z106: =Z34 -> 97.5 | ... AC106: =AC34 -> 108.9 | AD106: 106.7 | AE106: 111.2 | AF106: 118.3 | AG106: 121.9 | AH106: =AH34 -> 118.9 | AI106: =AI34 -> 116.4 | AJ106: =AJ34 -> 115.7 | AL106: 356.7 | AM106: 346.6 | AN106: =AN34 -> 391.8 | AO106: =AO34 -> 393.6 | AP106: =AP34 -> 413.3 | AQ106: =AQ34 -> 411.2 | AR106: =SUM(V106:Y106) -> 437.7 | AS106: =AS34 -> 406.7 | AT106: =AT34 -> 458.1
A107: Gross profit | B107: 234.6 | C107: 252.6 | D107: 273.3 | E107: 284.6 | F107: =F105-F106 -> 290.8 | G107: =G105-G106 -> 304.2 | H107: =H105-H106 -> 328.5 | I107: =I105-I106 -> 346 | J107: =J105-J106 -> 356.4 | K107: =K105-K106 -> 370.4 | L107: =L105-L106 -> 389.8 | M107: =M105-M106 -> 403.7 | N107: 410.3 | O107: =O105-O106 -> 431.1 | P107: =P105-P106 -> 445.8 | Q107: =Q105-Q106 -> 457.4 | R107: =R105-R106 -> 457.2 | S107: =S105-S106 -> 475.5 | T107: =T105-T106 -> 489.7 | U107: =U105-U106 -> 491.3 | V107: =V105-V106 -> 503.3 | ... AJ107: =AJ105-AJ106 -> 521.6 | AL107: 750.1 | AM107: 1045.1 | AN107: =AN105-AN106 -> 1269.5 | AO107: =AO105-AO106 -> 1520.3 | AP107: =AP105-AP106 -> 1744.6 | AQ107: =AQ105-AQ106 -> 1913.7 | AR107: =SUM(V107:Y107) -> 2063.9 | AS107: =AS105-AS106 -> 2141.5 | AT107: =AT105-AT106 -> 2062.9
A108: Operating expenses | AS108: =AS107/AS105 -> 0.84039714 | AT108: =AT107/AT105 -> 0.81828639
A109: Research and development | B109: 87.3 | C109: 91.8 | D109: 105 | E109: 107.6 | F109: =F49 -> 117.2 | G109: =G49 -> 120.6 | H109: =H49 -> 129.9 | I109: =I49 -> 132.3 | J109: =J49 -> 140.4 | K109: =K49 -> 134.5 | L109: =L49 -> 132.3 | M109: 129.4 | N109: 130.8 | O109: =O49 -> 130.5 | P109: =P49 -> 133.4 | Q109: 148.2 | R109: 157.1 | S109: =S49 -> 155.1 | T109: =T49 -> 165.6 | U109: =U49 -> 173.6 | V109: =V49 -> 176.9 | W109: =W49 -> 160.5 | X109: =X49 -> 152.6 | Y109: =Y49 -> 158.9 | Z109: =Z49 -> 160.7 | ... AJ109: =AJ49 -> 128.2 | AL109: 287.2 | AM109: 391.7 | AN109: =AN49 -> 500 | AO109: =AO49 -> 536.6 | AP109: =AP49 -> 542.9 | AQ109: =AQ49 -> 651.4 | AR109: =SUM(V109:Y109) -> 648.9 | AS109: =AS49 -> 618.1 | AT109: =AT49 -> 513.6
A110: Sales and marketing | B110: 82.4 | C110: 79.5 | D110: 86.9 | E110: 94.3 | F110: =F57 -> 93.6 | G110: =G57 -> 97.1 | H110: =H57 -> 99.1 | I110: =I57 -> 97.1 | J110: =J57 -> 96.3 | K110: =K57 -> 91.9 | L110: =L57 -> 95.5 | M110: 99.8 | N110: 87.9 | O110: =O57 -> 90.8 | P110: =P57 -> 105.8 | Q110: 98.7 | R110: 88 | S110: =S57 -> 96.2 | T110: =T57 -> 94.7 | U110: =U57 -> 95.8 | V110: =V57 -> 108.6 | W110: =W57 -> 98.3 | X110: =X57 -> 97.4 | Y110: =Y57 -> 111.1 | Z110: =Z57 -> 100.6 | ... AJ110: =AJ57 -> 75 | AL110: 280.3 | AM110: 343.1 | AN110: =AN57 -> 386.9 | AO110: =AO57 -> 383.5 | AP110: =AP57 -> 383.2 | AQ110: =AQ57 -> 374.7 | AR110: =SUM(V110:Y110) -> 415.4 | AS110: =AS57 -> 411.8 | AT110: =AT57 -> 344.7
A111: General and administrative | B111: 30.4 | C111: 33.4 | D111: 35.3 | E111: 41.2 | F111: =F65 -> 41 | G111: =G65 -> 46 | H111: =H65 -> 43.5 | I111: =I65 -> 47.1 | J111: =J65 -> 46.6 | K111: =K65 -> 47.8 | L111: =L65 -> 49.8 | M111: 46.9 | N111: 43 | O111: =O65 -> 40.4 | P111: =P65 -> 45.6 | Q111: 42.5 | R111: 41.8 | S111: =S65 -> 41.3 | T111: =T65 -> 42.7 | U111: =U65 -> 42.8 | V111: =V65 -> 43.3 | W111: =W65 -> 43.2 | X111: =X65 -> 45.5 | Y111: =Y65 -> 47.7 | Z111: =Z65 -> 41.8 | ... AJ111: =AJ65 -> 49.6 | AL111: 122.3 | AM111: 140.3 | AN111: =AN65 -> 177.6 | AO111: =AO65 -> 191.1 | AP111: =AP65 -> 171.5 | AQ111: =AQ65 -> 168.6 | AR111: =SUM(V111:Y111) -> 179.7 | AS111: =AS65 -> 184.1 | AT111: =AT65 -> 180.7
A112: Net (gain) loss on real estate assets | B112: =B69 -> 0 | C112: =C69 -> 0 | D112: =D69 -> 0 | E112: =E69 -> 0 | F112: =F69 -> 0 | G112: =G69 -> 0 | H112: =H69 -> 0 | I112: =I69 -> 0 | ... L112: =L69 -> 0 | M112: 0 | N112: 0 | O112: =O69 -> 0 | P112: =P69 -> 0 | Q112: 0 | R112: 0 | S112: =S69 -> 0 | T112: =T69 -> 0 | U112: =U69 -> 0 | V112: =V69 -> 0 | W112: =W69 -> 0 | X112: =X69 -> 0 | Y112: =Y69 -> 0 | Z112: =Z69 -> 0 | ... AJ112: =AJ69 -> 0 | AL112: 0 | AM112: 0 | AN112: 0 | AO112: =AO69 -> 0 | AP112: =AP69 -> 0 | AQ112: =AQ69 -> 0 | AR112: =SUM(V112:Y112) -> 0 | AS112: =AS69 -> 0 | AT112: =AT69 -> 0
A113: Total operating expenses | B113: =SUM(B109:B112) -> 200.1 | C113: =SUM(C109:C112) -> 204.7 | D113: =SUM(D109:D112) -> 227.2 | E113: =SUM(E109:E112) -> 243.1 | F113: =SUM(F109:F112) -> 251.8 | G113: =SUM(G109:G112) -> 263.7 | H113: =SUM(H109:H112) -> 272.5 | I113: =SUM(I109:I112) -> 276.5 | ... M113: =SUM(M109:M112) -> 276.1 | N113: 261.7 | O113: =SUM(O109:O112) -> 261.7 | P113: =SUM(P109:P112) -> 284.8 | Q113: =SUM(Q109:Q112) -> 289.4 | R113: =SUM(R109:R112) -> 286.9 | S113: =SUM(S109:S112) -> 292.6 | T113: =SUM(T109:T112) -> 303 | U113: =SUM(U109:U112) -> 312.2 | V113: =SUM(V109:V112) -> 328.8 | ... AJ113: =SUM(AJ109:AJ112) -> 252.8 | AL113: 689.8 | AM113: 875.1 | AN113: =SUM(AN109:AN111) -> 1064.5 | AO113: =SUM(AO109:AO111) -> 1111.2 | AP113: =SUM(AP109:AP111) -> 1097.6 | AQ113: =SUM(AQ109:AQ111) -> 1194.7 | AR113: =SUM(V113:Y113) -> 1244 | AS113: =SUM(AS109:AS112) -> 1214 | AT113: =SUM(AT109:AT112) -> 1039
A114: Income from operations | B114: 34.5 | C114: 47.9 | D114: 46.1 | E114: 41.5 | F114: =F107-F113 -> 39 | G114: =G107-G113 -> 40.5 | H114: =H107-H113 -> 56 | I114: =I107-I113 -> 69.5 | J114: =J107-J113 -> 73.1 | K114: =K107-K113 -> 96.2 | L114: =L107-L113 -> 112.2 | M114: 127.6 | N114: 148.6 | O114: =O107-O113 -> 169.4 | P114: =P107-P113 -> 161 | Q114: 168 | R114: 170.3 | S114: =S107-S113 -> 182.9 | T114: =T107-T113 -> 186.7 | U114: =U107-U113 -> 179.1 | V114: =V107-V113 -> 174.5 | W114: =W107-W113 -> 213.1 | X114: =X107-X113 -> 227.6 | Y114: =Y107-Y113 -> 204.7 | Z114: =Z107-Z113 -> 230.7 | ... AJ114: =AJ107-AJ113 -> 268.8 | AL114: 60.3 | AM114: 170 | AN114: =AN107-AN113 -> 205 | AO114: =AO107-AO113 -> 409.1 | AP114: =AP107-AP113 -> 647 | AQ114: =AQ107-AQ113 -> 719 | AR114: =SUM(V114:Y114) -> 819.9 | AS114: =AS107-AS113 -> 927.5 | AT114: =AT107-AT113 -> 1023.9
...

Sheet Balance Sheet
A1: Dropbox, Inc.
A2: Consolidated balance sheets (GAAP)
A3: (in millions)
B4: As of | C4: As of | D4: As of | E4: As of | F4: As of | G4: As of | H4: As of | I4: As of | J4: As of | K4: As of | L4: As of | M4: As of | N4: As of | O4: As of | P4: As of | Q4: As of | R4: As of | S4: As of | T4: As of | U4: As of | V4: As of | W4: As of | X4: As of | Y4: As of | Z4: As of | AA4: As of | AB4: As of | AC4: As of | AD4: As of | AE4: As of | AF4: As of | AG4: As of
B5: 43465 | C5: 43555 | D5: 43646 | E5: 43738 | F5: 43830 | G5: 43921 | H5: 44012 | I5: 44104 | J5: 44196 | K5: 44286 | L5: 44377 | M5: 44469 | N5: 44561 | O5: 44651 | P5: 44742 | Q5: 44834 | R5: 44926 | S5: 45016 | T5: 45107 | U5: 45199 | V5: 45291 | W5: 45382 | X5: 45473 | Y5: 45565 | Z5: 45657 | AA5: 45747 | AB5: 45838 | AC5: 45930 | AD5: 46022 | AE5: 46112 | AF5: 46203 | AG5: 46295
B6: (Audited) | C6: (Unaudited) | D6: (Unaudited) | E6: (Unaudited) | F6: (Audited) | G6: (Unaudited) | H6: (Unaudited) | I6: (Unaudited) | J6: (Audited) | K6: (Unaudited) | L6: (Unaudited) | M6: (Unaudited) | N6: (Audited) | O6: (Unaudited) | P6: (Unaudited) | Q6: (Unaudited) | R6: (Audited) | S6: (Unaudited) | T6: (Unaudited) | U6: (Unaudited) | V6: (Audited) | W6: (Unaudited) | X6: (Unaudited) | Y6: (Unaudited) | Z6: (Audited) | AA6: (Unaudited) | AB6: (Unaudited) | AC6: (Unaudited) | AD6: (Audited) | AE6: (Unaudited) | AF6: (Unaudited) | AG6: (Unaudited)
A7: Assets
A8: Current Assets:
A9: Cash and cash equivalents | B9: 519.3 | C9: 359.2 | D9: 343.6 | E9: 443.2 | F9: 551.3 | G9: 486.4 | H9: 334.1 | I9: 452.7 | J9: 314.9 | K9: 845.5 | L9: 885.3 | M9: 688.9 | N9: 533 | O9: 445.5 | P9: 352.1 | Q9: 372 | R9: 232.8 | S9: 332.7 | T9: 510.3 | U9: 604.3 | V9: 614.9 | W9: 548.9 | X9: 515.1 | Y9: 517.6 | Z9: 1328.3 | AA9: 942.2 | AB9: 736.3 | AC9: 730.7 | AD9: 891.3 | AE9: 1207.4 | AF9: 1056.2 | AG9: 1104.8
A10: Short-term investments | B10: 570 | C10: 556 | D10: 629.2 | E10: 587.7 | F10: 607.7 | G10: 614.4 | H10: 783.5 | I10: 773.8 | J10: 806.4 | K10: 1070.9 | L10: 1058.9 | M10: 1239.8 | N10: 1185.1 | O10: 1050.1 | P10: 1094.2 | Q10: 1081.4 | R10: 1110.6 | S10: 920.4 | T10: 717.2 | U10: 704.6 | V10: 741.1 | W10: 627 | X10: 547.4 | Y10: 373.2 | Z10: 265.9 | AA10: 237.8 | AB10: 218.4 | AC10: 194.6 | AD10: 146.9 | AE10: 81.4 | AF10: 57.6 | AG10: 37.4
A11: Trade and other receivables, net | B11: 28.6 | C11: 34.1 | D11: 37.6 | E11: 38.4 | F11: 36.7 | G11: 36.9 | H11: 45.6 | I11: 49.6 | J11: 43.4 | K11: 50.5 | L11: 52.2 | M11: 40.9 | N11: 49.6 | O11: 44.6 | P11: 46.7 | Q11: 49.7 | R11: 53.8 | S11: 57.6 | T11: 60.3 | U11: 64.1 | V11: 68.7 | W11: 66.7 | X11: 67.1 | Y11: 69.5 | Z11: 70.4 | AA11: 71.6 | AB11: 75.8 | AC11: 73.9 | AD11: 79.1 | AE11: 74.7 | AF11: 76.3 | AG11: 75.9
A12: Prepaid expenses and other current assets | B12: 92.3 | C12: 58.3 | D12: 57.3 | E12: 64.3 | F12: 47.5 | G12: 57.5 | H12: 59.1 | I12: 54.1 | J12: 62.8 | K12: 67.1 | L12: 70.9 | M12: 86.7 | N12: 82.1 | O12: 82.7 | P12: 100.1 | Q12: 76.6 | R12: 92.6 | S12: 89 | T12: 92.7 | U12: 94.1 | V12: 91.9 | W12: 96.6 | X12: 101.8 | Y12: 85.2 | Z12: 73.8 | AA12: 83.2 | AB12: 83 | AC12: 83.5 | AD12: 73.2 | AE12: 84.9 | AF12: 75.9 | AG12: 68.9
A13: Total current assets | B13: 1210.2 | C13: =SUM(C9:C12) -> 1007.6 | D13: =SUM(D9:D12) -> 1067.7 | E13: =SUM(E9:E12) -> 1133.6 | F13: =SUM(F9:F12) -> 1243.2 | G13: =SUM(G9:G12) -> 1195.2 | H13: =SUM(H9:H12) -> 1222.3 | I13: =SUM(I9:I12) -> 1330.2 | J13: =SUM(J9:J12) -> 1227.5 | ... AG13: =SUM(AG9:AG12) -> 1287
A14: Property and equipment, net | B14: 310.6 | C14: 340.9 | D14: 369.3 | E14: 416.6 | F14: 445.3 | G14: 473.2 | H14: 475.6 | I14: 488.4 | J14: 338.7 | K14: 330.8 | L14: 342.9 | M14: 345.8 | N14: 322 | O14: 316.1 | P14: 296.3 | Q14: 281.1 | R14: 308.4 | S14: 307.2 | T14: 298.5 | U14: 298.9 | V14: 309.2 | W14: 315 | X14: 323.7 | Y14: 346.3 | Z14: 358.8 | AA14: 364.6 | AB14: 362.2 | AC14: 377.3 | AD14: 378.4 | AE14: 358.3 | AF14: 338.1 | AG14: 341.1
A15: Operating lease right-of-use asset | B15: 0 | C15: 430.4 | D15: 575.7 | E15: 581.7 | F15: 657.9 | G15: 708.1 | H15: 701.6 | I15: 705.9 | J15: 470.5 | K15: 455.9 | L15: 437.6 | M15: 464.8 | N15: 413.9 | O15: 420.3 | P15: 396.8 | Q15: 380.1 | R15: 260.6 | S15: 248.2 | T15: 238.9 | U15: 244.4 | V15: 183.8 | W15: 177.6 | X15: 176.9 | Y15: 167.9 | Z15: 158.9 | AA15: 181.4 | AB15: 223.1 | AC15: 280.3 | AD15: 270.7 | AE15: 260.7 | AF15: 261.5 | AG15: 250.9
A16: Intangible assets, net | B16: 14.7 | C16: 57.4 | D16: 53.7 | E16: 50.1 | F16: 47.4 | G16: 44.4 | H16: 40.5 | I16: 37 | J16: 33.5 | K16: 53 | L16: 48.9 | M16: 49.6 | N16: 53.6 | O16: 50 | P16: 46.5 | Q16: 42.6 | R16: 88.3 | S16: 80.8 | T16: 73.5 | U16: 65.8 | V16: 58.1 | W16: 51.6 | X16: 56.4 | Y16: 62.2 | Z16: 54.9 | AA16: 48.8 | AB16: 42.5 | AC16: 40.4 | AD16: 33.7 | AE16: 27.4 | AF16: 22.4 | AG16: 22.7
A17: Goodwill | B17: 96.5 | C17: 230.4 | D17: 230.9 | E17: 231.8 | F17: 234.5 | G17: 233.3 | H17: 234.7 | I17: 234.3 | J17: 236.9 | K17: 346 | L17: 346.8 | M17: 347.2 | N17: 356.6 | O17: 355.9 | P17: 353.9 | Q17: 352.6 | R17: 403.3 | S17: 402.5 | T17: 402.1 | U17: 400.5 | V17: 402.2 | W17: 401.8 | X17: 411.9 | Y17: 442.7 | Z17: 442.8 | AA17: 442.6 | AB17: 452.3 | AC17: 453.4 | AD17: 454.9 | AE17: 455.5 | AF17: 456.9 | AG17: 456.4
A18: Deferred tax assets (1) | B18: 0 | C18: 0 | D18: 0 | E18: 0 | F18: 0 | G18: 0 | H18: 0 | I18: 0 | J18: 0 | K18: 0 | L18: 0 | M18: 0 | N18: 0 | O18: 0 | P18: 0 | Q18: 0 | R18: 498.7 | S18: 495.4 | T18: 491.2 | U18: 486.9 | V18: 460.4 | W18: 460.8 | X18: 461.5 | Y18: 458.1 | Z18: 466.7 | AA18: 465.2 | AB18: 465.4 | AC18: 433.9 | AD18: 415.7 | AE18: 405.3 | AF18: 402.8 | AG18: 405.7
A19: Other assets | B19: 62.1 | C19: 61.9 | D19: 67.6 | E19: 72.8 | F19: 70.9 | G19: 63.1 | H19: 67.6 | I19: 66.5 | J19: 80.1 | K19: 87.6 | L19: 84.6 | M19: 75.4 | N19: 95.4 | O19: 86.8 | P19: 72.2 | Q19: 66.7 | R19: 61 | S19: 59.9 | T19: 53.9 | U19: 47 | V19: 53.2 | W19: 51.7 | X19: 56.7 | Y19: 54 | Z19: 104.7 | AA19: 119.9 | AB19: 120.4 | AC19: 127.8 | AD19: 101 | AE19: 75.3 | AF19: 78.6 | AG19: 70.6
A20: Total assets | B20: 1694.1 | C20: =SUM(C13:C19) -> 2128.6 | D20: =SUM(D13:D19) -> 2364.9 | E20: =SUM(E13:E19) -> 2486.6 | F20: =SUM(F13:F19) -> 2699.2 | G20: =SUM(G13:G19) -> 2717.3 | H20: =SUM(H13:H19) -> 2742.3 | I20: =SUM(I13:I19) -> 2862.3 | J20: =SUM(J13:J19) -> 2387.2 | ... AG20: =SUM(AG13:AG19) -> 2834.4
A21: Liabilities and stockholders' (deficit) equity
A22: Current liabilities:
A23: Accounts payable | B23: 33.3 | C23: 27.4 | D23: 31.8 | E23: 31.3 | F23: 40.7 | G23: 38.8 | H23: 26.3 | I23: 29.5 | J23: 18.7 | K23: 27.7 | L23: 31.6 | M23: 23 | N23: 25.7 | O23: 24.4 | P23: 30.3 | Q23: 34.4 | R23: 38.6 | S23: 38.6 | T23: 44.3 | U23: 45.2 | V23: 38.5 | W23: 32 | X23: 37.8 | Y23: 35.5 | Z23: 36.5 | AA23: 33.6 | AB23: 38.2 | AC23: 37.3 | AD23: 24.3 | AE23: 32.1 | AF23: 35.7 | AG23: 34.9
A24: Accrued and other current liabilities | B24: 164.5 | C24: 148.8 | D24: 149.4 | E24: 149.9 | F24: 161.9 | G24: 149.5 | H24: 134.5 | I24: 129.4 | J24: 156.7 | K24: 169.9 | L24: 158.7 | M24: 170.9 | N24: 140.8 | O24: 155.2 | P24: 147.7 | Q24: 137.2 | R24: 139.9 | S24: 167.1 | T24: 151.1 | U24: 150.5 | V24: 155.2 | W24: 160.2 | X24: 151.6 | Y24: 147.1 | Z24: 143.2 | AA24: 148.5 | AB24: 134 | AC24: 149.7 | AD24: 121.7 | AE24: 142.1 | AF24: 111.4 | AG24: 124.7
A25: Accrued compensation and benefits | B25: 80.9 | C25: 36.4 | D25: 57.4 | E25: 79.1 | F25: 101.4 | G25: 41.4 | H25: 71.1 | I25: 93.3 | J25: 113.6 | K25: 43.4 | L25: 76.4 | M25: 107.1 | N25: 139.1 | O25: 44.6 | P25: 73.5 | Q25: 102.3 | R25: 131.7 | S25: 40.1 | T25: 66.5 | U25: 86.4 | V25: 109.2 | W25: 42.7 | X25: 67 | Y25: 90.7 | Z25: 105.2 | AA25: 40.2 | AB25: 65.5 | AC25: 85.1 | AD25: 111.8 | AE25: 42.5 | AF25: 71.6 | AG25: 94.5
A26: Operating lease liability | B26: 0 | C26: 74.1 | D26: 78.3 | E26: 76 | F26: 79.9 | G26: 84.3 | H26: 82.6 | I26: 89.7 | J26: 88.7 | K26: 87.7 | L26: 86.9 | M26: 85.2 | N26: 78.3 | O26: 82.6 | P26: 77.3 | Q26: 72.6 | R26: 68.9 | S26: 64.8 | T26: 67.4 | U26: 67.4 | V26: 57.4 | W26: 75 | X26: 69.1 | Y26: 68.8 | Z26: 64.9 | AA26: 44.3 | AB26: 44.2 | AC26: 52 | AD26: 51.3 | AE26: 51.4 | AF26: 55.1 | AG26: 57.9
A27: Finance lease obligation | B27: 73.8 | C27: 70.7 | D27: 68.9 | E27: 70.9 | F27: 76.7 | G27: 80 | H27: 83.8 | I27: 86.4 | J27: 99.6 | K27: 105.2 | L27: 113.9 | M27: 120.9 | N27: 120.4 | O27: 118.9 | P27: 115 | Q27: 111.3 | R27: 114.8 | S27: 114.2 | T27: 113.4 | U27: 112.6 | V27: 116.2 | W27: 115.1 | X27: 115.5 | Y27: 120.2 | Z27: 123.3 | AA27: 126.8 | AB27: 126.4 | AC27: 132.1 | AD27: 144.3 | AE27: 133.6 | AF27: 128.9 | AG27: 127.6
A28: Convertible senior notes, net, current(3) | B28: 0 | C28: 0 | D28: 0 | E28: 0 | F28: 0 | G28: 0 | H28: 0 | I28: 0 | J28: 0 | K28: 0 | L28: 0 | M28: 0 | N28: 0 | O28: 0 | P28: 0 | Q28: 0 | R28: 0 | S28: 0 | T28: 0 | U28: 0 | V28: 0 | W28: 0 | X28: 0 | Y28: 0 | Z28: 0 | AA28: 693.8 | AB28: 694.3 | AC28: 694.9 | AD28: 695.4 | AE28: 0 | AF28: 0 | AG28: 0
A29: Term loan, net, current (2) | B29: 0 | C29: 0 | D29: 0 | E29: 0 | F29: 0 | G29: 0 | H29: 0 | I29: 0 | J29: 0 | K29: 0 | L29: 0 | M29: 0 | N29: 0 | O29: 0 | P29: 0 | Q29: 0 | R29: 0 | S29: 0 | T29: 0 | U29: 0 | V29: 0 | W29: 0 | X29: 0 | Y29: 0 | Z29: 10 | AA29: 10 | AB29: 10 | AC29: 11.5 | AD29: 15 | AE29: 27.1 | AF29: 27.1 | AG29: 27.1
A30: Deferred revenue | B30: 485 | C30: 508.4 | D30: 517.3 | E30: 541.1 | F30: 554.2 | G30: 576.8 | H30: 583.5 | I30: 598.6 | J30: 610.5 | K30: 641 | L30: 657.5 | M30: 668 | N30: 671.5 | O30: 691.7 | P30: 691.9 | Q30: 698.6 | R30: 702.6 | S30: 727.7 | T30: 734.5 | U30: 734.7 | V30: 725 | W30: 741.8 | X30: 743 | Y30: 739.8 | Z30: 727.7 | AA30: 739.8 | AB30: 742.6 | AC30: 740.6 | AD30: 729.7 | AE30: 746.9 | AF30: 748.9 | AG30: 738.4
A31: Total current liabilities | B31: 837.5 | C31: =SUM(C23:C30) -> 865.8 | D31: =SUM(D23:D30) -> 903.1 | E31: =SUM(E23:E30) -> 948.3 | F31: =SUM(F23:F30) -> 1014.8 | G31: =SUM(G23:G30) -> 970.8 | H31: =SUM(H23:H30) -> 981.8 | I31: =SUM(I23:I30) -> 1026.9 | J31: =SUM(J23:J30) -> 1087.8 | ... AG31: =SUM(AG23:AG30) -> 1205.1
A32: Operating lease liability, non-current | B32: 0 | C32: 441.5 | D32: 601.4 | E32: 626.2 | F32: 711.9 | G32: 771.6 | H32: 771.3 | I32: 777.3 | J32: 759.6 | K32: 744.6 | L32: 723.4 | M32: 743.6 | N32: 632 | O32: 632.3 | P32: 608.7 | Q32: 589.7 | R32: 585.2 | S32: 569.6 | T32: 553.8 | U32: 550.8 | V32: 310.7 | W32: 281.6 | X32: 274.9 | Y32: 264.9 | Z32: 250.4 | AA32: 274.5 | AB32: 318.3 | AC32: 366.6 | AD32: 355.9 | AE32: 340.6 | AF32: 334.2 | AG32: 319
A33: Finance lease obligation, non-current | B33: 89.9 | C33: 106.7 | D33: 119.6 | E33: 128 | F33: 138.2 | G33: 147.9 | H33: 152.1 | I33: 169.4 | J33: 171.6 | K33: 165.4 | L33: 174 | M33: 182.2 | N33: 167.7 | O33: 156.6 | P33: 142.9 | Q33: 133.3 | R33: 151.7 | S33: 154.8 | T33: 157.1 | U33: 153.3 | V33: 168.5 | W33: 164.2 | X33: 167.2 | Y33: 188.6 | Z33: 203.5 | AA33: 209.9 | AB33: 200.3 | AC33: 205.7 | AD33: 201.5 | AE33: 181 | AF33: 157 | AG33: 152.9
A34: Convertible senior notes, net, non-current(3) | B34: 0 | C34: 0 | D34: 0 | E34: 0 | F34: 0 | G34: 0 | H34: 0 | I34: 0 | J34: 0 | K34: 1367.4 | L34: 1368.4 | M34: 1369.3 | N34: 1370.3 | O34: 1371.2 | P34: 1372.2 | Q34: 1373.1 | R34: 1374 | S34: 1375 | T34: 1375.9 | U34: 1376.9 | V34: 1377.8 | W34: 1378.7 | X34: 1379.7 | Y34: 1380.6 | Z34: 1381.6 | AA34: 688.7 | AB34: 689.1 | AC34: 689.5 | AD34: 689.9 | AE34: 690.3 | AF34: 690.7 | AG34: 691.1
A35: Term loan, net, non-current (2) | B35: 0 | C35: 0 | D35: 0 | E35: 0 | F35: 0 | G35: 0 | H35: 0 | I35: 0 | J35: 0 | K35: 0 | L35: 0 | M35: 0 | N35: 0 | O35: 0 | P35: 0 | Q35: 0 | R35: 0 | S35: 0 | T35: 0 | U35: 0 | V35: 0 | W35: 0 | X35: 0 | Y35: 0 | Z35: 962.9 | AA35: 961.7 | AB35: 960.6 | AC35: 1102.4 | AD35: 1433.7 | AE35: 2584.6 | AF35: 2582.4 | AG35: 2580.2
A36: Other non-current liabilities | B36: 89.9 | C36: 9.7 | D36: 10.6 | E36: 21.5 | F36: 25.9 | G36: 26.6 | H36: 33.7 | I36: 37.4 | J36: 34.4 | K36: 38 | L36: 32.1 | M36: 31.5 | N36: 39.4 | O36: 37.8 | P36: 42.2 | Q36: 41.6 | R36: 112.1 | S36: 107 | T36: 86.5 | U36: 83.1 | V36: 90.8 | W36: 83.6 | X36: 84 | Y36: 86.6 | Z36: 68.4 | AA36: 61.2 | AB36: 61.4 | AC36: 59.6 | AD36: 67.6 | AE36: 70.4 | AF36: 71.6 | AG36: 73.4
A37: Total liabilities | B37: 1017.3 | C37: =SUM(C31:C36) -> 1423.7 | D37: =SUM(D31:D36) -> 1634.7 | E37: =SUM(E31:E36) -> 1724 | F37: =SUM(F31:F36) -> 1890.8 | G37: =SUM(G31:G36) -> 1916.9 | H37: =SUM(H31:H36) -> 1938.9 | I37: =SUM(I31:I36) -> 2011 | J37: =SUM(J31:J36) -> 2053.4 | ... AG37: =SUM(AG31:AG36) -> 5021.7
A38: Stockholders' (deficit) equity:
A39: Additional paid-in-capital | B39: 2337.5 | C39: 2377.8 | D39: 2428.4 | E39: 2478.6 | F39: 2531.3 | G39: 2528.5 | H39: 2560.4 | I39: 2608.8 | J39: 2564.3 | K39: 2420.2 | L39: 2446.9 | M39: 2468.1 | N39: 2448.1 | O39: 2419.7 | P39: 2424.1 | Q39: 2438.9 | R39: 2511.6 | S39: 2501.6 | T39: 2521.9 | U39: 2561.3 | V39: 2598 | W39: 2554.8 | X39: 2519.9 | Y39: 2454.5 | Z39: 2404.2 | AA39: 2267 | AB39: 2181 | AC39: 2100.3 | AD39: 2012.2 | AE39: 1904.6 | AF39: 1823.8 | AG39: 1833.5
A40: Accumulated deficit | B40: -1659.5 | C40: -1674.7 | D40: -1700.1 | E40: -1718.1 | F40: -1726.2 | G40: -1726.6 | H40: -1764.4 | I40: -1764.3 | J40: -2241.4 | K40: -2507.8 | L40: -2547.5 | M40: -2635.5 | N40: -2739.4 | O40: -2854.9 | P40: -2926.1 | Q40: -2972.1 | R40: -2772.1 | S40: -2827.5 | T40: -2895.6 | U40: -2874.7 | V40: -2742.3 | W40: -2811.6 | X40: -2872.6 | Y40: -2993 | Z40: -3146.5 | AA40: -3335.7 | AB40: -3487.6 | AC40: -3633.6 | AD40: -3815.1 | AE40: -3922.2 | AF40: -4018.9 | AG40: -4026.9
A41: Accumulated other comprehensive income (loss) | B41: -1.2 | C41: 1.8 | D41: 1.9 | E41: 2.1 | F41: 3.3 | G41: -1.5 | H41: 7.4 | I41: 6.8 | J41: 10.9 | K41: 4.6 | L41: 5.8 | M41: 4.8 | N41: -2.6 | O41: -28.1 | P41: -40.9 | Q41: -58.1 | R41: -48.9 | S41: -39.3 | T41: -38.2 | U41: -36.9 | V41: -21.5 | W41: -20.4 | X41: -18.6 | Y41: -7.6 | Z41: -10.1 | AA41: -7 | AB41: 1.1 | AC41: 2.1 | AD41: 5.7 | AE41: 5.9 | AF41: 6.8 | AG41: 6.1
A42: Total stockholders' (deficit) equity | B42: 676.8 | C42: =SUM(C39:C41) -> 704.9 | D42: =SUM(D39:D41) -> 730.2 | E42: =SUM(E39:E41) -> 762.6 | F42: =SUM(F39:F41) -> 808.4 | G42: =SUM(G39:G41) -> 800.4 | H42: =SUM(H39:H41) -> 803.4 | I42: =SUM(I39:I41) -> 851.3 | J42: =SUM(J39:J41) -> 333.8 | ... AG42: =SUM(AG39:AG41) -> -2187.3
A43: Total liabilities and stockholders' (deficit) equity | B43: 1694.1 | C43: =C42+C37 -> 2128.6 | D43: =D42+D37 -> 2364.9 | E43: =E42+E37 -> 2486.6 | F43: =F42+F37 -> 2699.2 | G43: =G42+G37 -> 2717.3 | H43: =H42+H37 -> 2742.3 | I43: =I42+I37 -> 2862.3 | J43: =J42+J37 -> 2387.2 | ... AG43: =AG42+AG37 -> 2834.4
A46: (1) In periods prior to the fourth quarter of 2022, Deferred tax assets are included in 'Other assets'.
A47: (2) During the fourth quarter of 2024, the Company entered into a secured five-year term loan facility in an aggregate principal amount of up to $2.0 billion. In the third quarter of 2025, the Company entered into an amendment to add $0.7 billion, for a total secured term loan facility of $2.7 billion. During the first quarter of 2026, the Company settled the 2026 Notes using $0.7 billion in proceeds drawn. As of March 31, 2026, the Company was fully drawn on the $2.7 billion facility.
A48: (3) During the first quarter of 2021, the Company issued 2026 Notes and 2028 Notes. In March 2026, the 2026 Notes matured and were fully settled.

Sheet Cash Flow
A1: Dropbox, Inc.
A2: Condensed consolidated statements of cash flow (GAAP)
A3: (in millions)
B4: 43190 | C4: 43281 | D4: 43373 | E4: 43465 | F4: 43555 | G4: 43646 | H4: 43738 | I4: 43830 | J4: 43921 | K4: 44012 | L4: 44104 | M4: 44196 | N4: 44286 | O4: 44377 | P4: 44469 | Q4: 44561 | R4: 44651 | S4: 44742 | T4: 44834 | U4: 44926 | V4: 45016 | W4: 45107 | X4: 45199 | Y4: 45291 | Z4: 45382 | AA4: 45473 | AB4: 45565 | AC4: 45657 | AD4: 45747 | AE4: 45838 | AF4: 45930 | AG4: 46022 | AH4: 46112 | AI4: 46203 | AJ4: 46295 | AL4: 43100 | AM4: 43465 | AN4: 43830 | AO4: 44196 | AP4: 44561 | AQ4: 44926 | AR4: 45291 | AS4: 45657 | AT4: 46022
A5: Cash flow from operating activities | B5: (Unaudited) | AL5: (Audited) | AM5: (Audited) | AN5: (Audited) | AO5: (Audited) | AP5: (Audited) | AQ5: (Audited) | AR5: (Audited) | AS5: (Audited) | AT5: (Audited)
A6: Net income (loss) | B6: -465500000 | C6: -4100000 | D6: -5800000 | E6: -9500000 | F6: -7700000 | G6: -21400000 | H6: -17000000 | I6: -6600000 | J6: 39300000 | K6: 17500000 | L6: 32700000 | M6: -345800000 | N6: 47600000 | O6: 88000000 | P6: 75600000 | Q6: 124600000 | R6: 79700000 | S6: 62000000 | T6: 83200000 | U6: 328300000 | V6: 69000000 | W6: 43200000 | X6: 114100000 | Y6: 227300000 | Z6: 132300000 | AA6: 110500000 | AB6: 106700000 | AC6: 102800000 | AD6: 150300000 | AE6: 125600000 | AF6: 123800000 | AG6: 108700000 | AH6: 114500000 | AI6: 95800000 | AJ6: 116100000 | AL6: -111700000 | AM6: -484900000 | AN6: -52700000 | AO6: -256300000 | AP6: 335800000 | AQ6: 553200000 | AR6: 453600000 | AS6: 452300000 | AT6: 508400000
A7: Adjustments to reconcile net income (loss) to net cash provided by operating activities:
A8: Depreciation and amortization | B8: 35900000 | C8: 40000000 | D8: 45700000 | E8: 45200000 | F8: 45800000 | G8: 46100000 | H8: 40600000 | I8: 41000000 | J8: 39500000 | K8: 40100000 | L8: 40900000 | M8: 38800000 | N8: 34700000 | O8: 36800000 | P8: 38800000 | Q8: 41100000 | R8: 39400000 | S8: 39221000 | T8: 38863000 | U8: 39600000 | V8: 42500000 | W8: 42700000 | X8: 41800000 | Y8: 43000000 | Z8: 31400000 | AA8: 32400000 | AB8: 35300000 | AC8: 38200000 | AD8: 38100000 | AE8: 39000000 | AF8: 39600000 | AG8: 40700000 | AH8: 39100000 | AI8: 36400000 | AJ8: 35300000 | AL8: 181800000 | AM8: 166800000 | AN8: 173500000 | AO8: 159300000 | AP8: 151400000 | AQ8: 157084000 | AR8: 170000000 | AS8: 137300000 | AT8: 157400000
A9: Stock-based compensation | B9: 486500000 | C9: 55100000 | D9: 55000000 | E9: 53500000 | F9: 55600000 | G9: 68100000 | H9: 68200000 | I9: 69300000 | J9: 39800000 | K9: 76600000 | L9: 75700000 | M9: 69400000 | N9: 67900000 | O9: 73900000 | P9: 72800000 | Q9: 72500000 | R9: 72300000 | S9: 84952000 | T9: 86137000 | U9: 87300000 | V9: 76000000 | W9: 95300000 | X9: 83800000 | Y9: 82900000 | Z9: 78000000 | AA9: 90500000 | AB9: 92300000 | AC9: 85700000 | AD9: 67100000 | AE9: 77700000 | AF9: 78600000 | AG9: 77400000 | AH9: 71100000 | AI9: 77300000 | AJ9: 77000000 | AL9: 164600000 | AM9: 650100000 | AN9: 261200000 | AO9: 261500000 | AP9: 287100000 | AQ9: 330689000 | AR9: 338000000 | AS9: 346500000 | AT9: 300800000
A10: Net (gain) loss on real estate assets | B10: 0 | C10: 0 | D10: 0 | E10: 0 | F10: 0 | G10: 0 | H10: 0 | I10: 0 | J10: 0 | K10: 0 | L10: 0 | M10: 398200000 | N10: 17300000 | O10: 0 | P10: 0 | Q10: 400000 | R10: 0 | S10: 8700000 | T10: 4033000 | U10: 162500000 | V10: 0 | W10: 2200000 | X10: 0 | Y10: -157400000 | Z10: 0 | AA10: 0 | AB10: 0 | AC10: 100000 | AD10: 0 | AE10: 2600000 | AF10: 0 | AG10: -3900000 | AH10: 0 | AI10: 0 | AJ10: 0 | AL10: 0 | AM10: 0 | AN10: 0 | AO10: 398200000 | AP10: 17700000 | AQ10: 175233000 | AR10: -155200000 | AS10: 100000 | AT10: -1300000
A11: Amortization of debt issuance costs (4) | B11: 0 | C11: 0 | D11: 0 | E11: 0 | F11: 0 | G11: 0 | H11: 0 | I11: 0 | J11: 0 | K11: 0 | L11: 0 | M11: 0 | N11: 700000 | O11: 1000000 | P11: 1100000 | Q11: 1000000 | R11: 1000000 | S11: 1100000 | T11: 1000000 | U11: 1100000 | V11: 1000000 | W11: 1100000 | X11: 1100000 | Y11: 1000000 | Z11: 1100000 | AA11: 1000000 | AB11: 1100000 | AC11: 1400000 | AD11: 2300000 | AE11: 2400000 | AF11: 2400000 | AG11: 2900000 | AH11: 3800000 | AI11: 5100000 | AJ11: 5400000 | AL11: 0 | AM11: 0 | AN11: 0 | AO11: 0 | AP11: 3800000 | AQ11: 4200000 | AR11: 4200000 | AS11: 4600000 | AT11: 10000000
A12: Net (gain) loss on equity investments | B12: 0 | C12: 0 | D12: 0 | E12: 0 | F12: 0 | G12: -7400000 | H12: 1700000 | I12: 1200000 | J12: -11000000 | K12: -6500000 | L12: 0 | M12: 0 | N12: 0 | O12: 0 | P12: 0 | Q12: 0 | R12: 0 | S12: -5000000 | T12: 0 | U12: 0 | V12: 0 | W12: 0 | X12: 0 | Y12: 0 | Z12: 0 | AA12: 0 | AB12: 0 | AC12: 200000 | AD12: 500000 | AE12: 0 | AF12: -1200000 | AG12: 0 | AH12: 0 | AI12: 0 | AJ12: -500000 | AL12: 0 | AM12: 0 | AN12: -4500000 | AO12: -17500000 | AP12: 0 | AQ12: -5000000 | AR12: 0 | AS12: 200000 | AT12: -700000
A13: Amortization of deferred commissions | B13: 2400000 | C13: 2900000 | D13: 3200000 | E13: 3600000 | F13: 3900000 | G13: 4200000 | H13: 4600000 | I13: 4800000 | J13: 5100000 | K13: 5700000 | L13: 6700000 | M13: 6900000 | N13: 7700000 | O13: 7700000 | P13: 8200000 | Q13: 8700000 | R13: 9000000 | S13: 9697000 | T13: 10209000 | U13: 10600000 | V13: 10694000 | W13: 10100000 | X13: 9400000 | Y13: 8400000 | Z13: 7500000 | AA13: 7400000 | AB13: 7700000 | AC13: 7700000 | AD13: 7200000 | AE13: 6800000 | AF13: 6200000 | AG13: 5700000 | AH13: 5500000 | AI13: 5200000 | AJ13: 5200000 | AL13: 6600000 | AM13: 12100000 | AN13: 17500000 | AO13: 24400000 | AP13: 32300000 | AQ13: 39506000 | AR13: 38600000 | AS13: 30300000 | AT13: 25900000
A14: Donation of common stock to charitable foundation | B14: 0 | C14: 0 | D14: 0 | E14: 0 | F14: 0 | G14: 0 | H14: 0 | I14: 0 | J14: 0 | K14: 0 | L14: 0 | M14: 0 | N14: 0 | O14: 0 | P14: 0 | Q14: 0 | R14: 0 | S14: 0 | T14: 0 | U14: 0 | V14: 0 | W14: 0 | X14: 0 | Y14: 0 | Z14: 0 | AA14: 0 | AB14: 0 | AC14: 0 | AD14: 0 | AE14: 0 | AF14: 0 | AG14: 0 | AH14: 0 | AI14: 0 | AJ14: 0 | AL14: 9400000 | AM14: 0 | AN14: 0 | AO14: 0 | AP14: 0 | AQ14: 0 | AR14: 0 | AS14: 0 | AT14: 0
A15: Non-cash operating lease expense (6) | R15: 17200000 | S15: 15700000 | T15: 15300000 | U15: 15600000 | V15: 12700000 | W15: 10800000 | X15: 10500000 | Y15: 9500000 | Z15: 9300000 | AA15: 8800000 | AB15: 9000000 | AC15: 8800000 | AD15: 8400000 | AE15: 8900000 | AF15: 11600000 | AG15: 8700000 | AH15: 9800000 | AI15: 10400000 | AJ15: 10600000 | AQ15: 63800000 | AR15: 43500000 | AS15: 35900000 | AT15: 37600000
A16: Deferred Taxes (6) | R16: 6400000 | S16: 7700000 | T16: 4400000 | U16: -414800000 | V16: 3400000 | W16: 4100000 | X16: 4200000 | Y16: 26700000 | Z16: -500000 | AA16: 1000000 | AB16: 2700000 | AC16: -8600000 | AD16: 1500000 | AE16: 500000 | AF16: 31400000 | AG16: 18300000 | AH16: 10400000 | AI16: 2500000 | AJ16: -2900000 | AQ16: -396300000 | AR16: 38400000 | AS16: -5400000 | AT16: 51700000
A17: Other | B17: -600000 | C17: -500000 | D17: 200000 | E17: -1000000 | F17: -4400000 | G17: -3200000 | H17: -700000 | I17: -3800000 | J17: 1200000 | K17: -1300000 | L17: -800000 | M17: -1700000 | N17: -900000 | O17: -5300000 | P17: 700000 | Q17: 1100000 | R17: 1800000 | S17: 1500000 | T17: 4200000 | U17: -8300000 | V17: 700000 | W17: -200000 | X17: 1800000 | Y17: -2900000 | Z17: 1200000 | AA17: -1100000 | AB17: -5300000 | AC17: 9000000 | AD17: -1900000 | AE17: -4000000 | AF17: 600000 | AG17: -5900000 | AH17: 200000 | AI17: 300000 | AJ17: -4600000 | AL17: -1700000 | AM17: -1900000 | AN17: -12100000 | AO17: -2600000 | AP17: -4400000 | AQ17: -800000 | AR17: -600000 | AS17: 3800000 | AT17: -11200000
A18: Changes in operating assets and liabilities:
A19: Trade and other receivables, net | B19: 3600000 | C19: -5500000 | D19: 2300000 | E19: -300000 | F19: -5100000 | G19: -3400000 | H19: -1000000 | I19: 2000000 | J19: -1200000 | K19: -7600000 | L19: -4100000 | M19: 7400000 | N19: -7100000 | O19: -1500000 | P19: 11200000 | Q19: -8800000 | R19: 4800000 | S19: -3000000 | T19: -4400000 | U19: -2900000 | V19: -3800000 | W19: -2700000 | X19: -4100000 | Y19: -3900000 | Z19: 1600000 | AA19: -500000 | AB19: -1500000 | AC19: -2000000 | AD19: -800000 | AE19: -2800000 | AF19: 1700000 | AG19: -4800000 | AH19: 4000000 | AI19: -2100000 | AJ19: 700000 | AL19: -14400000 | AM19: 100000 | AN19: -7500000 | AO19: -5500000 | AP19: -6200000 | AQ19: -5500000 | AR19: -14500000 | AS19: -2400000 | AT19: -6700000
A20: Prepaid expenses and other current assets | B20: -1500000 | C20: -32400000 | D20: -13400000 | E20: -600000 | F20: -14200000 | G20: -4300000 | H20: -7600000 | I20: 7900000 | J20: -14700000 | K20: -7700000 | L20: -1600000 | M20: -15400000 | N20: -12300000 | O20: -11500000 | P20: -24000000 | Q20: -10600000 | R20: -9700000 | S20: -16500000 | T20: 2600000 | U20: -26400000 | V20: -7200000 | W20: -10400000 | X20: -6400000 | Y20: -17100000 | Z20: -10700000 | AA20: -11000000 | AB20: 10500000 | AC20: 5800000 | AD20: -15300000 | AE20: -6000000 | AF20: -6700000 | AG20: 1800000 | AH20: -16400000 | AI20: 4500000 | AJ20: 1200000 | AL20: -18200000 | AM20: -47900000 | AN20: -18200000 | AO20: -39400000 | AP20: -58400000 | AQ20: -50000000 | AR20: -41100000 | AS20: -5400000 | AT20: -26200000
A21: Other assets | B21: -5700000 | C21: -11800000 | D21: 7100000 | E21: -800000 | F21: 11200000 | G21: 15000000 | H21: 15600000 | I21: 19400000 | J21: 17800000 | K21: 15300000 | L21: 22300000 | M21: 6600000 | N21: 17900000 | O21: 21200000 | P21: 26900000 | Q21: -15500000 | R21: 2500000 | S21: 2700000 | T21: -1300000 | U21: -13600000 | V21: 1100000 | W21: 2600000 | X21: 2800000 | Y21: 16800000 | Z21: 900000 | AA21: 1100000 | AB21: 1300000 | AC21: 3100000 | AD21: 1700000 | AE21: 2700000 | AF21: 700000 | AG21: 1800000 | AH21: -300000 | AI21: 2000000 | AJ21: 1300000 | AL21: -10600000 | AM21: -11200000 | AN21: 61200000 | AO21: 62000000 | AP21: 50500000 | AQ21: -9700000 | AR21: 23300000 | AS21: 6400000 | AT21: 6900000
A22: Accounts payable | B22: -2800000 | C22: -5700000 | D22: 4600000 | E22: 2200000 | F22: -5200000 | G22: 3400000 | H22: -600000 | I22: 8800000 | J22: -7800000 | K22: -5000000 | L22: 3900000 | M22: -11000000 | N22: 10100000 | O22: 2100000 | P22: -7500000 | Q22: 2900000 | R22: -1000000 | S22: 2400000 | T22: 8900000 | U22: 2700000 | V22: -300000 | W22: 7200000 | X22: 500000 | Y22: -6200000 | Z22: -8200000 | AA22: 6400000 | AB22: -2000000 | AC22: -700000 | AD22: -3500000 | AE22: 400000 | AF22: 800000 | AG22: -10300000 | AH22: 8100000 | AI22: 3400000 | AJ22: -1700000 | AL22: 16200000 | AM22: -1700000 | AN22: 6400000 | AO22: -19900000 | AP22: 7600000 | AQ22: 13000000 | AR22: 1200000 | AS22: -4500000 | AT22: -12600000
A23: Accrued and other current liabilities | B23: 8800000 | C23: 35700000 | D23: -3900000 | E23: -300000 | F23: 10000000 | G23: 500000 | H23: -1000000 | I23: 13500000 | J23: -9900000 | K23: -14800000 | L23: 2000000 | M23: 12900000 | N23: 6300000 | O23: -14600000 | P23: 11100000 | Q23: -37400000 | R23: 14700000 | S23: -5600000 | T23: -6700000 | U23: 2300000 | V23: 25600000 | W23: -33200000 | X23: -1700000 | Y23: -11500000 | Z23: -5500000 | AA23: -12500000 | AB23: 5700000 | AC23: -12400000 | AD23: -4100000 | AE23: -15900000 | AF23: 6200000 | AG23: -15600000 | AH23: 19500000 | AI23: -21100000 | AJ23: 14200000 | AL23: 34000000 | AM23: 40300000 | AN23: 23000000 | AO23: -9800000 | AP23: -34600000 | AQ23: 4700000 | AR23: -20800000 | AS23: -24700000 | AT23: -29400000
A24: Accrued compensation and benefits | B24: -26200000 | C24: 15300000 | D24: 18100000 | E24: 17800000 | F24: -45900000 | G24: 21100000 | H24: 21700000 | I24: 22200000 | J24: -59700000 | K24: 29400000 | L24: 22200000 | M24: 19800000 | N24: -70600000 | O24: 33000000 | P24: 30800000 | Q24: 30300000 | R24: -94500000 | S24: 29300000 | T24: 29300000 | U24: 29100000 | V24: -91600000 | W24: 26500000 | X24: 19900000 | Y24: 22600000 | Z24: -66300000 | AA24: 24300000 | AB24: 22800000 | AC24: 15100000 | AD24: -65100000 | AE24: 24900000 | AF24: 19500000 | AG24: 26600000 | AH24: -69300000 | AI24: 29200000 | AJ24: 23100000 | AL24: 14400000 | AM24: 25000000 | AN24: 19100000 | AO24: 11700000 | AP24: 23500000 | AQ24: -6800000 | AR24: -22600000 | AS24: -4100000 | AT24: 5900000
A25: Deferred revenue | B25: 26700000 | C25: 19700000 | D25: 14400000 | E25: 5600000 | F25: 18600000 | G25: 9400000 | H25: 26700000 | I25: 14000000 | J25: 22200000 | K25: 6500000 | L25: 14700000 | M25: 11700000 | N25: 28900000 | O25: 15500000 | P25: 12200000 | Q25: 3200000 | R25: 19500000 | S25: -200000 | T25: 6800000 | U25: -500000 | V25: 24700000 | W25: 6600000 | X25: 200000 | Y25: -9900000 | Z25: 16600000 | AA25: 0 | AB25: -2800000 | AC25: -12300000 | AD25: 11700000 | AE25: 3900000 | AF25: -2300000 | AG25: -11300000 | AH25: 18000000 | AI25: 1300000 | AJ25: -11000000 | AL25: 64300000 | AM25: 66400000 | AN25: 68700000 | AO25: 55100000 | AP25: 59800000 | AQ25: 25600000 | AR25: 21600000 | AS25: 1500000 | AT25: 2000000
A26: Other non-current liabilities | B26: 200000 | C26: 3200000 | D26: 500000 | E26: 8300000 | F26: -13200000 | G26: -14000000 | H26: -18400000 | I26: -16800000 | J26: -16500000 | K26: -9700000 | L26: -16400000 | M26: -30300000 | N26: -34100000 | O26: -26400000 | P26: -27600000 | Q26: -21100000 | R26: -2300000 | S26: -3600000 | T26: -7300000 | U26: -4700000 | V26: -4700000 | W26: -2900000 | X26: -3000000 | Y26: 9100000 | Z26: 1400000 | AA26: 1000000 | AB26: 1100000 | AC26: -9900000 | AD26: 2400000 | AE26: 700000 | AF26: 1900000 | AG26: 5100000 | AH26: 1500000 | AI26: 2200000 | AJ26: 2200000 | AL26: -4400000 | AM26: 12200000 | AN26: -62400000 | AO26: -72900000 | AP26: -109200000 | AQ26: -17900000 | AR26: -1500000 | AS26: -6400000 | AT26: 10100000
A27: Operating lease liabilities (7) | R27: -20300000 | S27: -23600000 | T27: -28700000 | U27: -13800000 | V27: -19900000 | W27: -15400000 | X27: -19100000 | Y27: -11000000 | Z27: -14600000 | AA27: -13800000 | AB27: -10400000 | AC27: -18200000 | AD27: -10700000 | AE27: -6900000 | AF27: -12700000 | AG27: -10500000 | AH27: -15000000 | AI27: -13900000 | AJ27: -12400000 | AQ27: -86400000 | AR27: -65400000 | AS27: -57000000 | AT27: -40800000
A28: Tenant improvement allowance reimbursement | B28: 0 | C28: 0 | D28: 0 | E28: 0 | F28: 13800000 | G28: 14700000 | H28: 16900000 | I28: 9900000 | J28: 9200000 | K28: 7400000 | L28: 2700000 | M28: 3200000 | N28: 1600000 | O28: 0 | P28: 1200000 | Q28: 2300000 | R28: 900000 | S28: 2400000 | T28: 4900000 | U28: 500000 | V28: 0 | W28: 0 | X28: 100000 | Y28: 1000000 | Z28: 0 | AA28: 0 | AB28: 0 | AC28: 0 | AD28: 0 | AE28: 0 | AF28: 0 | AG28: 0 | AH28: 0 | AI28: 0 | AJ28: 0 | AL28: 0 | AM28: 0 | AN28: 55300000 | AO28: 22500000 | AP28: 5100000 | AQ28: 8700000 | AR28: 1100000 | AS28: 0 | AT28: 0
A29: Cash paid for lease termination | B29: 0 | C29: 0 | D29: 0 | E29: 0 | F29: 0 | G29: 0 | H29: 0 | I29: 0 | J29: 0 | K29: 0 | L29: 0 | M29: 0 | N29: 0 | O29: 0 | P29: 0 | Q29: -32000000 | R29: 0 | S29: 0 | T29: 0 | U29: 0 | V29: 0 | W29: 0 | X29: 0 | Y29: -28100000 | Z29: 0 | AA29: -14900000 | AB29: 0 | AC29: 0 | AD29: -36000000 | AE29: 0 | AF29: 0 | AG29: 0 | AH29: 0 | AI29: 0 | AJ29: 0 | AL29: 0 | AM29: 0 | AN29: 0 | AO29: 0 | AP29: -32000000 | AQ29: 0 | AR29: -28100000 | AS29: -14900000 | AT29: -36000000
A30: Net cash provided by operating activities | B30: =SUM(B6:B29) -> 61800000 | C30: =SUM(C6:C29) -> 111900000 | D30: =SUM(D6:D29) -> 128000000 | E30: =SUM(E6:E29) -> 123700000 | F30: =SUM(F6:F29) -> 63200000 | G30: =SUM(G6:G29) -> 128800000 | H30: =SUM(H6:H29) -> 149700000 | I30: =SUM(I6:I29) -> 186800000 | ... M30: =SUM(M6:M29) -> 170700000 | N30: =SUM(N6:N28) -> 115700000 | O30: =SUM(O6:O28) -> 219900000 | P30: =SUM(P6:P28) -> 231500000 | Q30: =SUM(Q6:Q29) -> 162700000 | R30: =SUM(R6:R29) -> 141400000 | S30: =SUM(S6:S29) -> 209870000 | T30: =SUM(T6:T29) -> 251442000 | U30: =SUM(U6:U29) -> 194600000 | V30: =SUM(V6:V29) -> 139894000 | W30: =SUM(W6:W29) -> 187600000 | X30: =SUM(X6:X29) -> 255900000 | ... AJ30: =SUM(AJ6:AJ29) -> 259200000 | AL30: 330300000 | AM30: 425400000 | AN30: 528500000 | AO30: 570800000 | AP30: 729800000 | AQ30: 797312000 | AR30: 783700000 | AS30: =SUM(AS6:AS29) -> 894100000 | AT30: =SUM(AT6:AT29) -> 951800000
A31: Cash flow from investing activities
A32: Capital expenditures | B32: -9900000 | C32: -9700000 | D32: -8000000 | E32: -35400000 | F32: -29700000 | G32: -33700000 | H32: -47200000 | I32: -25500000 | J32: -27800000 | K32: -26100000 | L32: -13900000 | M32: -12300000 | N32: -6900000 | O32: -3900000 | P32: -10000000 | Q32: -1300000 | R32: -10700000 | S32: -4000000 | T32: -6200000 | U32: -12900000 | V32: -1900000 | W32: -3000000 | X32: -9400000 | Y32: -10000000 | Z32: -9200000 | AA32: -5900000 | AB32: -4100000 | AC32: -3300000 | AD32: -100000 | AE32: -2000000 | AF32: -8400000 | AG32: -10500000 | AH32: -1200000 | AI32: -3300000 | AJ32: -7400000 | AL32: -25300000 | AM32: -63000000 | AN32: -136100000 | AO32: -80100000 | AP32: -22100000 | AQ32: -33800000 | AR32: -24300000 | AS32: -22500000 | AT32: -21000000
A33: Business combinations, net of cash acquired | B33: 0 | C33: 0 | D33: 0 | E33: 0 | F33: -172100000 | G33: 500000 | H33: 0 | I33: -2300000 | J33: 0 | K33: 0 | L33: 0 | M33: 0 | N33: -125400000 | O33: 0 | P33: 100000 | Q33: -14700000 | R33: 0 | S33: 0 | T33: 0 | U33: -75400000 | V33: 0 | W33: 0 | X33: 0 | Y33: 0 | Z33: 0 | AA33: -21100000 | AB33: -36700000 | AC33: 0 | AD33: 0 | AE33: -8400000 | AF33: -4700000 | AG33: 0 | AH33: 0 | AI33: 0 | AJ33: 0 | AL33: 0 | AM33: 0 | AN33: -173900000 | AO33: 0 | AP33: -140000000 | AQ33: -75400000 | AR33: 0 | AS33: -57800000 | AT33: -13100000
A34: Purchases of intangible assets(3) | B34: -2500000 | C34: 0 | D34: -400000 | E34: -100000 | F34: 0 | G34: 0 | H34: 0 | I34: 0 | J34: 0 | K34: 0 | L34: 0 | M34: 0 | N34: 0 | O34: 0 | P34: 0 | Q34: 0 | R34: -400000 | S34: -700000 | T34: 0 | U34: 0 | V34: 0 | W34: -300000 | X34: 0 | Y34: 0 | Z34: -200000 | AA34: 0 | AB34: 0 | AC34: 0 | AD34: -400000 | AE34: 0 | AF34: 0 | AG34: 0 | AH34: 0 | AI34: -3300000 | AJ34: 0 | AL34: -800000 | AM34: -3000000 | AN34: 0 | AO34: 0 | AP34: 0 | AQ34: -1100000 | AR34: -300000 | AS34: -200000 | AT34: -400000
A35: Purchases of short-term investments | B35: -180800000 | C35: -315100000 | D35: -168400000 | E35: -191100000 | F35: -153000000 | G35: -236700000 | H35: -193000000 | I35: -192700000 | J35: -120500000 | K35: -308700000 | L35: -111900000 | M35: -215000000 | N35: -513900000 | O35: -179800000 | P35: -366900000 | Q35: -77800000 | R35: -81600000 | S35: -219900000 | T35: -138400000 | U35: -131300000 | V35: -30900000 | W35: -17000000 | X35: -64700000 | Y35: -96100000 | Z35: -62300000 | AA35: 0 | AB35: 0 | AC35: 0 | AD35: 0 | AE35: 0 | AF35: 0 | AG35: 0 | AH35: 0 | AI35: 0 | AJ35: 0 | AL35: 0 | AM35: -855400000 | AN35: -775400000 | AO35: -756100000 | AP35: -1138400000 | AQ35: -571200000 | AR35: -208700000 | AS35: -62300000 | AT35: 0
A36: Proceeds from sales of short-term investments | B36: 0 | C36: 3100000 | D36: 58500000 | E36: 9600000 | F36: 110200000 | G36: 70800000 | H36: 160000000 | I36: 115100000 | J36: 65100000 | K36: 80200000 | L36: 37700000 | M36: 15800000 | N36: 114200000 | O36: 57000000 | P36: 99100000 | Q36: 23300000 | R36: 51800000 | S36: 64800000 | T36: 37600000 | U36: 59500000 | V36: 152700000 | W36: 178900000 | X36: 4200000 | Y36: 16600000 | Z36: 55600000 | AA36: 3000000 | AB36: 105700000 | AC36: 77400000 | AD36: 0 | AE36: 0 | AF36: 0 | AG36: 0 | AH36: 200000 | AI36: 0 | AJ36: 0 | AL36: 0 | AM36: 71200000 | AN36: 456100000 | AO36: 198800000 | AP36: 293600000 | AQ36: 213700000 | AR36: 352400000 | AS36: 241700000 | AT36: 0
A37: Proceeds from maturities of short-term investments | B37: 0 | C37: 16400000 | D37: 85500000 | E37: 110500000 | F37: 66600000 | G37: 95000000 | H37: 75100000 | I37: 58100000 | J37: 67700000 | K37: 71200000 | L37: 83000000 | M37: 164800000 | N37: 129900000 | O37: 134100000 | P37: 83900000 | Q37: 100800000 | R37: 137500000 | S37: 101700000 | T37: 100600000 | U37: 49300000 | V37: 77600000 | W37: 41800000 | X37: 77700000 | Y37: 55100000 | Z37: 123900000 | AA37: 82600000 | AB37: 76700000 | AC37: 30500000 | AD37: 30000000 | AE37: 21000000 | AF37: 25100000 | AG37: 48700000 | AH37: 65400000 | AI37: 23900000 | AJ37: 20200000 | AL37: 0 | AM37: 212400000 | AN37: 294800000 | AO37: 386700000 | AP37: 448700000 | AQ37: 389100000 | AR37: 252200000 | AS37: 313700000 | AT37: 124800000
A38: Proceeds from sales of equity investments | B38: 0 | C38: 0 | D38: 0 | E38: 0 | F38: 0 | G38: 0 | H38: 0 | I38: 0 | J38: 0 | K38: 0 | L38: 0 | M38: 0 | N38: 0 | O38: 0 | P38: 0 | Q38: 0 | R38: 0 | S38: 0 | T38: 10600000 | U38: 0 | V38: 0 | W38: 0 | X38: 0 | Y38: 0 | Z38: 0 | AA38: 0 | AB38: 0 | AC38: 0 | AD38: 0 | AE38: 0 | AF38: 0 | AG38: 1700000 | AH38: 0 | AI38: 0 | AJ38: 0 | AQ38: 10600000 | AR38: 0 | AS38: 0 | AT38: 1700000
A39: Cash receipts from equipment rebates(10) | R39: 1700000 | S39: 2700000 | T39: 2600000 | U39: 2400000 | V39: 3400000 | W39: 5500000 | X39: 2400000 | Y39: 13500000 | Z39: 6900000 | AA39: 5200000 | AB39: 10300000 | AC39: 9900000 | AD39: 6900000 | AE39: 2700000 | AF39: 4600000 | AG39: 2900000 | AH39: 900000 | AI39: 600000 | AJ39: 1400000 | AQ39: 9400000 | AR39: 24800000 | AS39: 32300000 | AT39: 17100000
A40: Other | B40: 100000 | C40: 800000 | D40: 1400000 | E40: 1700000 | F40: 4700000 | G40: 6900000 | H40: -3200000 | I40: 6100000 | J40: 3800000 | K40: 5500000 | L40: 3100000 | M40: 4700000 | N40: 3300000 | O40: 14200000 | P40: 10900000 | Q40: 5000000 | R40: 2700000 | S40: 3500000 | T40: 700000 | U40: 3300000 | V40: -100000 | W40: 200000 | X40: 100000 | Y40: -1100000 | Z40: -1000000 | AA40: -600000 | AB40: 1200000 | AC40: -700000 | AD40: -600000 | AE40: -900000 | AF40: 1200000 | AG40: 3100000 | AH40: 1600000 | AI40: 1300000 | AJ40: 4100000 | AL40: 2200000 | AM40: 4000000 | AN40: 14500000 | AO40: 17100000 | AP40: 33400000 | AQ40: 10200000 | AR40: -900000 | AS40: -1100000 | AT40: 2800000
A41: Net cash provided by (used in) investing activities | B41: =SUM(B32:B40) -> -193100000 | C41: =SUM(C32:C40) -> -304500000 | D41: =SUM(D32:D40) -> -31400000 | E41: =SUM(E32:E40) -> -104800000 | F41: =SUM(F32:F40) -> -173300000 | G41: =SUM(G32:G40) -> -97200000 | H41: =SUM(H32:H40) -> -8300000 | I41: =SUM(I32:I40) -> -41200000 | ... AJ41: =SUM(AJ32:AJ40) -> 18300000 | AL41: -23900000 | AM41: -633800000 | AN41: -320000000 | AO41: -233600000 | AP41: -524800000 | AQ41: -48500000 | AR41: 395200000 | AS41: =SUM(AS32:AS40) -> 443800000 | AT41: =SUM(AT32:AT40) -> 111900000
A42: Cash flow from financing activities
A43: Proceeds from initial public offering and private placement, net of underwriters' discounts and commissions | B43: 638200000 | C43: 108400000 | D43: 0 | E43: 0 | F43: 0 | G43: 0 | H43: 0 | I43: 0 | J43: 0 | K43: 0 | L43: 0 | M43: 0 | N43: 0 | O43: 0 | P43: 0 | Q43: 0 | R43: 0 | S43: 0 | T43: 0 | U43: 0 | V43: 0 | W43: 0 | X43: 0 | Y43: 0 | Z43: 0 | AA43: 0 | AB43: 0 | AC43: 0 | AD43: 0 | AE43: 0 | AF43: 0 | AG43: 0 | AH43: 0 | AI43: 0 | AJ43: 0 | AL43: 0 | AM43: 746600000 | AN43: 0 | AO43: 0 | AP43: 0 | AQ43: 0 | AR43: 0 | AS43: 0 | AT43: 0
A44: Proceeds from issuance of convertible senior notes | B44: 0 | C44: 0 | D44: 0 | E44: 0 | F44: 0 | G44: 0 | H44: 0 | I44: 0 | J44: 0 | K44: 0 | L44: 0 | M44: 0 | N44: 1389100000 | O44: 0 | P44: 0 | Q44: 0 | R44: 0 | S44: 0 | T44: 0 | U44: 0 | V44: 0 | W44: 0 | X44: 0 | Y44: 0 | Z44: 0 | AA44: 0 | AB44: 0 | AC44: 0 | AD44: 0 | AE44: 0 | AF44: 0 | AG44: 0 | AH44: 0 | AI44: 0 | AJ44: 0 | AL44: 0 | AM44: 0 | AN44: 0 | AO44: 0 | AP44: 1389100000 | AQ44: 0 | AR44: 0 | AS44: 0 | AT44: 0
A45: Purchase of convertible note hedge in connection with issuance of convertible senior notes | B45: 0 | C45: 0 | D45: 0 | E45: 0 | F45: 0 | G45: 0 | H45: 0 | I45: 0 | J45: 0 | K45: 0 | L45: 0 | M45: 0 | N45: -265300000 | O45: 0 | P45: 0 | Q45: 0 | R45: 0 | S45: 0 | T45: 0 | U45: 0 | V45: 0 | W45: 0 | X45: 0 | Y45: 0 | Z45: 0 | AA45: 0 | AB45: 0 | AC45: 0 | AD45: 0 | AE45: 0 | AF45: 0 | AG45: 0 | AH45: 0 | AI45: 0 | AJ45: 0 | AL45: 0 | AM45: 0 | AN45: 0 | AO45: 0 | AP45: -265300000 | AQ45: 0 | AR45: 0 | AS45: 0 | AT45: 0
A46: Proceeds from sale of warrants in connection with issuance of convertible senior notes | B46: 0 | C46: 0 | D46: 0 | E46: 0 | F46: 0 | G46: 0 | H46: 0 | I46: 0 | J46: 0 | K46: 0 | L46: 0 | M46: 0 | N46: 202900000 | O46: 0 | P46: 0 | Q46: 0 | R46: 0 | S46: 0 | T46: 0 | U46: 0 | V46: 0 | W46: 0 | X46: 0 | Y46: 0 | Z46: 0 | AA46: 0 | AB46: 0 | AC46: 0 | AD46: 0 | AE46: 0 | AF46: 0 | AG46: 0 | AH46: 0 | AI46: 0 | AJ46: 0 | AL46: 0 | AM46: 0 | AN46: 0 | AO46: 0 | AP46: 202900000 | AQ46: 0 | AR46: 0 | AS46: 0 | AT46: 0
A47: Payments of deferred offering costs | B47: -900000 | C47: -2500000 | D47: -1100000 | E47: 0 | F47: 0 | G47: 0 | H47: 0 | I47: 0 | J47: 0 | K47: 0 | L47: 0 | M47: 0 | N47: 0 | O47: 0 | P47: 0 | Q47: 0 | R47: 0 | S47: 0 | T47: 0 | U47: 0 | V47: 0 | W47: 0 | X47: 0 | Y47: 0 | Z47: 0 | AA47: 0 | AB47: 0 | AC47: 0 | AD47: 0 | AE47: 0 | AF47: 0 | AG47: 0 | AH47: 0 | AI47: 0 | AJ47: 0 | AL47: -2500000 | AM47: -4500000 | AN47: 0 | AO47: 0 | AP47: 0 | AQ47: 0 | AR47: 0 | AS47: 0 | AT47: 0
A48: Proceeds from issuance of term loan(8) | B48: 0 | C48: 0 | D48: 0 | E48: 0 | F48: 0 | G48: 0 | H48: 0 | I48: 0 | J48: 0 | K48: 0 | L48: 0 | M48: 0 | N48: 0 | O48: 0 | P48: 0 | Q48: 0 | R48: 0 | S48: 0 | T48: 0 | U48: 0 | V48: 0 | W48: 0 | X48: 0 | Y48: 0 | Z48: 0 | AA48: 0 | AB48: 0 | AC48: 1000000000 | AD48: 0 | AE48: 0 | AF48: 150000000 | AG48: 350000000 | AH48: 1200000000 | AI48: 0 | AJ48: 0 | AL48: 0 | AM48: 0 | AN48: 0 | AO48: 0 | AP48: 0 | AQ48: 0 | AR48: 0 | AS48: 1000000000 | AT48: 500000000
A49: Payments of debt issuance costs and loan commitment fees | B49: 0 | C49: 0 | D49: 0 | E49: 0 | F49: 0 | G49: 0 | H49: 0 | I49: 0 | J49: 0 | K49: 0 | L49: 0 | M49: 0 | N49: -22700000 | O49: -1000000 | P49: 0 | Q49: 0 | R49: 0 | S49: 0 | T49: 0 | U49: 0 | V49: 0 | W49: -100000 | X49: 0 | Y49: 0 | Z49: 0 | AA49: 0 | AB49: 0 | AC49: -50100000 | AD49: -3300000 | AE49: -2600000 | AF49: -11500000 | AG49: -4200000 | AH49: -8100000 | AI49: -5100000 | AJ49: -100000 | AL49: 0 | AM49: 0 | AN49: 0 | AO49: 0 | AP49: -23700000 | AQ49: 0 | AR49: -100000 | AS49: -50100000 | AT49: -21600000
A50: Principal payments against term loan facility | B50: 0 | C50: 0 | D50: 0 | E50: 0 | F50: 0 | G50: 0 | H50: 0 | I50: 0 | J50: 0 | K50: 0 | L50: 0 | M50: 0 | N50: 0 | O50: 0 | P50: 0 | Q50: 0 | R50: 0 | S50: 0 | T50: 0 | U50: 0 | V50: 0 | W50: 0 | X50: 0 | Y50: 0 | Z50: 0 | AA50: 0 | AB50: 0 | AC50: 0 | AD50: -2500000 | AE50: -2500000 | AF50: -2900000 | AG50: -3700000 | AH50: -6800000 | AI50: -6700000 | AJ50: -6800000 | AL50: 0 | AM50: 0 | AN50: 0 | AO50: 0 | AP50: 0 | AQ50: 0 | AR50: 0 | AS50: 0 | AT50: -11600000
A51: Repayment of convertible senior notes(11) | B51: 0 | C51: 0 | D51: 0 | E51: 0 | F51: 0 | G51: 0 | H51: 0 | I51: 0 | J51: 0 | K51: 0 | L51: 0 | M51: 0 | N51: 0 | O51: 0 | P51: 0 | Q51: 0 | R51: 0 | S51: 0 | T51: 0 | U51: 0 | V51: 0 | W51: 0 | X51: 0 | Y51: 0 | Z51: 0 | AA51: 0 | AB51: 0 | AC51: 0 | AD51: 0 | AE51: 0 | AF51: 0 | AG51: 0 | AH51: -695800000 | AI51: 0 | AJ51: 0 | AL51: 0 | AM51: 0 | AN51: 0 | AO51: 0 | AP51: 0 | AQ51: 0 | AR51: 0 | AS51: 0 | AT51: 0
A52: Payments for taxes related to net share settlement of restricted stock units and awards | B52: -241200000 | C52: -41200000 | D52: -44300000 | E52: -25200000 | F52: -25500000 | G52: -22600000 | H52: -19000000 | I52: -18300000 | J52: -18900000 | K52: -25100000 | L52: -22500000 | M52: -25700000 | N52: -35800000 | O52: -26900000 | P52: -35500000 | Q52: -26600000 | R52: -36700000 | S52: -24700000 | T52: -29600000 | U52: -28400000 | V52: -34100000 | W52: -32100000 | X52: -34400000 | Y52: -34500000 | Z52: -41300000 | AA52: -34700000 | AB52: -33200000 | AC52: -39500000 | AD52: -39800000 | AE52: -38300000 | AF52: -35800000 | AG52: -37100000 | AH52: -30300000 | AI52: -32600000 | AJ52: -40400000 | AL52: -87900000 | AM52: -351900000 | AN52: -85400000 | AO52: -92200000 | AP52: -124800000 | AQ52: -119400000 | AR52: -135100000 | AS52: -148700000 | AT52: -151000000
A53: Proceeds from issuance of common stock, net of taxes withheld | B53: 800000 | C53: 200000 | D53: 8800000 | E53: 16400000 | F53: 900000 | G53: 1100000 | H53: 0 | I53: 200000 | J53: 700000 | K53: 800000 | L53: 100000 | M53: 700000 | N53: 2900000 | O53: 2600000 | P53: 1100000 | Q53: 300000 | R53: 200000 | S53: 100000 | T53: 100000 | U53: 100000 | V53: 200000 | W53: 1000000 | X53: 1200000 | Y53: 100000 | Z53: 100000 | AA53: 0 | AB53: 200000 | AC53: 600000 | AD53: 0 | AE53: 100000 | AF53: 0 | AG53: 0 | AH53: 0 | AI53: 0 | AJ53: 0 | AL53: 500000 | AM53: 26200000 | AN53: 2200000 | AO53: 2300000 | AP53: 6900000 | AQ53: 500000 | AR53: 2500000 | AS53: 900000 | AT53: 100000
A54: Principal payments on finance lease obligations | B54: -29800000 | C54: -28500000 | D54: -25800000 | E54: -25000000 | F54: -26200000 | G54: -24400000 | H54: -21200000 | I54: -21100000 | J54: -21700000 | K54: -21700000 | L54: -21500000 | M54: -24600000 | N54: -24600000 | O54: -26100000 | P54: -28500000 | Q54: -31200000 | R54: -32400000 | S54: -32000000 | T54: -31600000 | U54: -31500000 | V54: -32000000 | W54: -31900000 | X54: -31300000 | Y54: -31400000 | Z54: -32100000 | AA54: -31800000 | AB54: -32300000 | AC54: -33200000 | AD54: -33800000 | AE54: -34500000 | AF54: -33600000 | AG54: -26700000 | AH54: -43400000 | AI54: -35300000 | AJ54: -35500000 | AL54: -133000000 | AM54: -109100000 | AN54: -92900000 | AO54: -89500000 | AP54: -110400000 | AQ54: -127500000 | AR54: -126600000 | AS54: -129400000 | AT54: -128600000
... A57: Fees paid for revolving credit facility | B57: -400000 | C57: 0 | D57: 0 | E57: 0 | F57: 0 | G57: 0 | H57: 0 | I57: 0 | J57: 0 | K57: 0 | L57: 0 | M57: 0 | N57: 0 | O57: 0 | P57: 0 | Q57: 0 | R57: 0 | S57: 0 | T57: 0 | U57: 0 | V57: 0 | W57: 0 | X57: 0 | Y57: 0 | Z57: 0 | AA57: 0 | AB57: 0 | AC57: 0 | AD57: 0 | AE57: 0 | AF57: 0 | AG57: 0 | AH57: 0 | AI57: 0 | AJ57: 0 | AL57: -2600000 | AM57: -400000 | AN57: 0 | AO57: 0 | AP57: 0 | AQ57: 0 | AR57: 0 | AS57: 0 | AT57: 0
A58: Payment of acquisition-related indemnification holdback | AB58: -17100000 | AC58: -600000 | AD58: 0 | AE58: 0 | AF58: 0 | AG58: -4100000 | AH58: -2600000 | AI58: 0 | AJ58: -1000000 | AS58: -17700000 | AT58: -4100000
A59: Other | B59: -700000 | C59: -900000 | D59: -900000 | E59: -100000 | F59: -200000 | G59: -500000 | H59: 300000 | I59: -200000 | J59: -400000 | K59: -100000 | L59: -300000 | M59: 0 | N59: 0 | O59: 0 | P59: 0 | Q59: 0 | R59: 0 | S59: 0 | T59: 0 | U59: 0 | V59: 0 | W59: 0 | X59: 0 | Y59: 0 | Z59: 0 | AA59: 0 | AB59: 0 | AC59: 0 | AD59: 0 | AE59: 0 | AF59: 0 | AG59: 0 | AH59: 0 | AI59: 0 | AJ59: 0 | AL59: -2300000 | AM59: -2600000 | AN59: -600000 | AO59: -800000 | AP59: 0 | AQ59: 0 | AR59: 0 | AS59: 0 | AT59: 0
A60: Net cash (used in) provided by financing activities | B60: =SUM(B43:B59) -> 365000000 | C60: =SUM(C43:C59) -> 34400000 | D60: =SUM(D43:D59) -> -64400000 | E60: =SUM(E43:E59) -> -34200000 | F60: =SUM(F43:F59) -> -51000000 | G60: =SUM(G43:G59) -> -46400000 | H60: =SUM(H43:H59) -> -39900000 | I60: =SUM(I43:I59) -> -39400000 | ... AJ60: =SUM(AJ43:AJ59) -> -234000000 | AL60: -231700000 | AM60: 300800000 | AN60: -176700000 | AO60: -577700000 | AP60: 16200000 | AQ60: -1041800000 | AR60: -799200000 | AS60: =SUM(AS43:AS59) -> -586600000 | AT60: =SUM(AT43:AT59) -> -1530700000
A61: Effect of exchange rate changes on cash, cash equivalents, and restricted cash | B61: 1600000 | C61: -3000000 | D61: -100000 | E61: -1600000 | F61: 1000000 | G61: -800000 | H61: -1900000 | I61: -1900000 | J61: -2200000 | K61: 1600000 | L61: 1400000 | M61: 3300000 | N61: -900000 | O61: 500000 | P61: -1100000 | Q61: -1600000 | R61: -1100000 | S61: -5000000 | T61: -6500000 | U61: 5400000 | V61: 500000 | W61: 1200000 | X61: -3600000 | Y61: 4300000 | Z61: -2500000 | AA61: -900000 | AB61: 6300000 | AC61: -8600000 | AD61: 3300000 | AE61: 9200000 | AF61: -1300000 | AG61: 1200000 | AH61: -1400000 | AI61: -1400000 | AJ61: 600000 | AL61: 2600000 | AM61: -3100000 | AN61: 200000 | AO61: 4100000 | AP61: -3100000 | AQ61: -7200000 | AR61: 2400000 | AS61: -5700000 | AT61: 12400000
A62: Change in cash, cash equivalents, and restricted cash | B62: 235300000 | C62: -161200000 | D62: 32100000 | E62: -16900000 | F62: -160100000 | G62: -15600000 | H62: 99600000 | I62: 108100000 | J62: -64900000 | K62: -152300000 | L62: 118600000 | M62: -137800000 | N62: =N30+N41+N60+N61 -> 530600000 | O62: =O30+O41+O60+O61 -> 39800000 | P62: =P30+P41+P60+P61 -> -196400000 | Q62: =Q30+Q41+Q60+Q61 -> -155900000 | R62: =R30+R41+R60+R61 -> -87500000 | S62: =S30+S41+S60+S61 -> -93430000 | T62: =T30+T41+T60+T61 -> 19942000 | U62: =U30+U41+U60+U61 -> -139200000 | ... AJ62: =AJ30+AJ41+AJ60+AJ61 -> 44100000 | AL62: 77300000 | AM62: 89300000 | AN62: 32000000 | AO62: -236400000 | AP62: 218100000 | AQ62: -300188000 | AR62: 382100000 | AS62: 745600000 | AT62: -454600000
A63: Cash, cash equivalents, and restricted cash - beginning of period | B63: 430000000 | C63: 665300000 | D63: 504100000 | E63: 536200000 | F63: 519300000 | G63: 359200000 | H63: 343600000 | I63: 443200000 | J63: 551300000 | K63: 486400000 | L63: 334100000 | M63: 452700000 | N63: 314900000 | O63: =N64 -> 845500000 | P63: =O64 -> 885300000 | Q63: =P64 -> 688900000 | R63: =Q64 -> 533000000 | S63: =R64 -> 445500000 | T63: =S64 -> 352070000 | U63: =T64 -> 372012000 | V63: =U64 -> 232812000 | ... AF63: =AE64 -> 769206000 | AG63: 764200000 | AH63: 905900000 | AI63: 1222100000 | AJ63: 1068400000 | AL63: 352700000 | AM63: 430000000 | AN63: 519300000 | AO63: 551300000 | AP63: 314900000 | AQ63: 533000000 | AR63: 232800000 | AS63: 614900000 | AT63: 1360500000
A64: Cash, cash equivalents, and restricted cash - end of period | B64: 665300000 | C64: 504100000 | D64: 536200000 | E64: 519300000 | F64: 359200000 | G64: 343600000 | H64: 443200000 | I64: 551300000 | J64: 486400000 | K64: 334100000 | L64: 452700000 | M64: 314900000 | N64: =SUM(N62:N63) -> 845500000 | O64: =SUM(O62:O63) -> 885300000 | P64: =SUM(P62:P63) -> 688900000 | Q64: =SUM(Q62:Q63) -> 533000000 | R64: =SUM(R62:R63) -> 445500000 | S64: =SUM(S62:S63) -> 352070000 | T64: =SUM(T62:T63) -> 372012000 | U64: =SUM(U62:U63) -> 232812000 | ... AJ64: =SUM(AJ62:AJ63) -> 1112500000 | AL64: 430000000 | AM64: 519300000 | AN64: 551300000 | AO64: 314900000 | AP64: 533000000 | AQ64: 232812000 | AR64: 614900000 | AS64: =SUM(AS62:AS63) -> 1360500000 | AT64: =SUM(AT62:AT63) -> 905900000
A66: Supplemental cash flow data:
A67: Property and equipment acquired under finance leases | B67: 25500000 | C67: 18700000 | D67: 28500000 | E67: 25800000 | F67: 39900000 | G67: 35500000 | H67: 31600000 | I67: 37100000 | J67: 34700000 | K67: 29700000 | L67: 41500000 | M67: 39900000 | N67: 24000000 | O67: 43300000 | P67: 43800000 | Q67: 16200000 | R67: 19700000 | S67: 14400000 | T67: 18300000 | U67: 53400000 | V67: 34500000 | W67: 33400000 | X67: 26200000 | Y67: 50600000 | Z67: 26600000 | AA67: 35300000 | AB67: 58500000 | AC67: 51200000 | AD67: 43600000 | AE67: 24500000 | AF67: 44800000 | AG67: 34400000 | AH67: 12400000 | AI67: 7900000 | AJ67: 30000000 | AL67: 44900000 | AM67: 98500000 | AN67: 144100000 | AO67: 145800000 | AP67: 127300000 | AQ67: 105800000 | AR67: 144700000 | AS67: 171600000 | AT67: 147300000
A69: Free cash flow (Non-GAAP)
A70: Cash flow from operations | B70: 61800000 | C70: 111900000 | D70: 128000000 | E70: 123700000 | F70: 63200000 | G70: 128800000 | H70: 149700000 | I70: 186800000 | J70: 53300000 | K70: 145900000 | L70: 200900000 | M70: 170700000 | N70: =N30 -> 115700000 | O70: =O30 -> 219900000 | P70: =P30 -> 231500000 | Q70: =Q30 -> 162700000 | R70: =R30 -> 141400000 | S70: =S30 -> 209870000 | T70: =T30 -> 251442000 | U70: =U30 -> 194600000 | ... AJ70: =AJ30 -> 259200000 | AL70: 330300000 | AM70: 425400000 | AN70: 528500000 | AO70: 570800000 | AP70: 729800000 | AQ70: 797312000 | AR70: 783700000 | AS70: =AS30 -> 894100000 | AT70: =AT30 -> 951800000
A71: Cash flow from operations margin | B71: 0.2 | C71: 0.33 | D71: 0.36 | E71: 0.33 | F71: 0.16 | G71: 0.32 | H71: 0.35 | I71: 0.42 | J71: 0.12 | K71: 0.31 | L71: 0.41 | M71: 0.34 | N71: =N70/1000000/'P&L'!N6 -> 0.22615324 | O71: =O70/1000000/'P&L'!O6 -> 0.41443649 | P71: =P70/1000000/'P&L'!P6 -> 0.42075609 | Q71: 0.28770999 | R71: 0.25142248 | S71: 0.36645713 | T71: 0.42545178 | U71: 0.3249833 | V71: 0.22892162 | W71: 0.30136546 | X71: 0.4042654 | Y71: 0.31543307 | Z71: 0.27799778 | AA71: 0.36343578 | AB71: 0.43 | AC71: 0.33219391 | AD71: 0.24619818 | AE71: 0.41633371 | AF71: 0.47619798 | AG71: 0.37000943 | AH71: 0.324861 | AI71: 0.37767221 | AJ71: =AJ70/1000000/'P&L'!AJ6 -> 0.40671583 | AL71: 0.3 | AM71: 0.31 | AN71: 0.31812436 | AO71: 0.3 | AP71: 0.33819918 | AQ71: 0.34294464 | AR71: 0.31 | AS71: =AS70/1000000/'P&L'!AS6 -> 0.35087513 | AT71: =AT70/1000000/'P&L'!AT6 -> 0.37754859
A72: Less: capital expenditures | B72: -9900000 | C72: -9700000 | D72: -8000000 | E72: -35400000 | F72: -29700000 | G72: -33700000 | H72: -47200000 | I72: -25500000 | J72: -27800000 | K72: -26100000 | L72: -13900000 | M72: -12300000 | N72: =N32 -> -6900000 | O72: =O32 -> -3900000 | P72: =P32 -> -10000000 | Q72: -1300000 | R72: -10700000 | S72: =S32 -> -4000000 | T72: =T32 -> -6200000 | U72: =U32 -> -12900000 | V72: =V32 -> -1900000 | W72: =W32 -> -3000000 | X72: =X32 -> -9400000 | Y72: =Y32 -> -10000000 | Z72: =Z32 -> -9200000 | ... AJ72: =AJ32 -> -7400000 | AL72: -25300000 | AM72: -63000000 | AN72: -136100000 | AO72: -80100000 | AP72: -22100000 | AQ72: -33800000 | AR72: -24300000 | AS72: -22500000 | AT72: -21000000
A73: Free cash flow | B73: 51900000 | C73: 102200000 | D73: 120000000 | E73: 88300000 | F73: 33500000 | G73: 95100000 | H73: 102500000 | I73: 161300000 | J73: 25500000 | K73: 119800000 | L73: 187000000 | M73: 158400000 | N73: =N70+N72 -> 108800000 | O73: =O70+O72 -> 216000000 | P73: =P70+P72 -> 221500000 | Q73: =Q70+Q72 -> 161400000 | R73: =R70+R72 -> 130700000 | S73: =S70+S72 -> 205870000 | T73: =T70+T72 -> 245242000 | U73: =U70+U72 -> 181700000 | ... AJ73: =AJ70+AJ72 -> 251800000 | AL73: 305000000 | AM73: 362400000 | AN73: 392400000 | AO73: 490700000 | AP73: 707700000 | AQ73: 763512000 | AR73: 759400000 | AS73: 871600000 | AT73: =AT70+AT72 -> 930800000
A74: Free cash flow margin | B74: 0.16 | C74: 0.3 | D74: 0.33 | E74: 0.23 | F74: 0.09 | G74: 0.24 | H74: 0.24 | I74: 0.36 | J74: 0.06 | K74: 0.26 | L74: 0.38 | M74: 0.31 | N74: =N73/1000000/'P&L'!N6 -> 0.21266615 | O74: =O73/1000000/'P&L'!O6 -> 0.40708632 | P74: =P73/1000000/'P&L'!P6 -> 0.40258088 | Q74: 0.28541114 | R74: 0.23239687 | S74: 0.35947267 | T74: 0.41496108 | U74: 0.30344021 | V74: 0.22581247 | W74: 0.29654618 | X74: 0.38941548 | Y74: 0.29968504 | Z74: 0.26342468 | AA74: 0.35413712 | AB74: 0.42 | AC74: 0.3270665 | AD74: 0.2460381 | AE74: 0.41313729 | AF74: 0.46295712 | AG74: 0.35350519 | AH74: 0.32295473 | AI74: 0.37244656 | AJ74: =AJ73/1000000/'P&L'!AJ6 -> 0.39510435 | AL74: 0.28 | AM74: 0.26 | AN74: 0.23620057 | AO74: 0.26 | AP74: 0.32795774 | AQ74: 0.32840638 | AR74: 0.3 | AS74: 0.34204537 | AT74: 0.36921856
A75: Plus: cash paid for interest on debt, net of the associated tax benefit | B75: 0 | C75: 0 | D75: 0 | E75: 0 | F75: 0 | G75: 0 | H75: 0 | I75: 0 | J75: 0 | K75: 0 | L75: 0 | M75: 0 | N75: 0 | O75: 0 | P75: 0 | Q75: 0 | R75: 0 | S75: 0 | T75: 0 | U75: 0 | V75: 0 | W75: 0 | X75: 0 | Y75: 0 | Z75: 0 | AA75: 0 | AB75: 0 | AC75: 0 | AD75: 20700000 | AE75: 17916757 | AF75: 20500000 | AG75: 25600000 | AH75: 33100000 | AI75: 48300000 | AJ75: 52100000 | AL75: 0 | AM75: 0 | AN75: 0 | AO75: 0 | AP75: 0 | AQ75: 0 | AR75: 0 | AS75: 0 | AT75: =SUM(AD75:AG75) -> 84716757
A76: Unlevered free cash flow | B76: 0 | C76: 0 | D76: 0 | E76: 0 | F76: 0 | G76: 0 | H76: 0 | I76: 0 | J76: 0 | K76: 0 | L76: 0 | M76: 0 | N76: 0 | O76: 0 | P76: 0 | Q76: 0 | R76: 0 | S76: 0 | T76: 0 | U76: 0 | V76: 0 | W76: 0 | X76: 0 | Y76: 0 | Z76: 0 | AA76: 0 | AB76: 0 | AC76: 0 | AD76: 174400000 | AE76: 276416757 | AF76: 314200000 | AG76: 250500000 | AH76: 236400000 | AI76: 283500000 | AJ76: =AJ73+AJ75 -> 303900000 | AL76: 0 | AM76: 0 | AN76: 0 | AO76: 0 | AP76: 0 | AQ76: 0 | AR76: 0 | AS76: 0 | AT76: =SUM(AD76:AG76) -> 1015516757
A77: Supplemental disclosures:
A78: Capital expenditures related to our new corporate headquarters, net of tenant improvement allowances(1) | B78: 600000 | C78: 1600000 | D78: 2500000 | E78: 28200000 | F78: 7500000 | G78: 14400000 | H78: 29200000 | I78: 13200000 | J78: 12700000 | K78: 8200000 | L78: 3000000 | M78: 2000000 | N78: 0 | O78: 0 | P78: 0 | Q78: 0 | R78: 0 | S78: 0 | T78: 0 | U78: 0 | V78: 0 | W78: 0 | X78: 0 | Y78: 0 | Z78: 0 | AA78: 0 | AB78: 0 | AC78: 0 | AD78: 0 | AE78: 0 | AF78: 0 | AG78: 0 | AH78: 0 | AI78: 0 | AJ78: 0 | AL78: 0 | AM78: 32900000 | AN78: 64300000 | AO78: 25900000 | AP78: 0 | AQ78: 0 | AR78: 0 | AS78: 0 | AT78: 0
A79: Key employee holdback payments related to the acquisitions(2) | B79: 0 | C79: 0 | D79: 0 | E79: 0 | F79: 0 | G79: 0 | H79: 0 | I79: 0 | J79: 16200000 | K79: 4000000 | L79: 4000000 | M79: 4100000 | N79: 4042019 | O79: 4042019 | P79: 4062019 | Q79: 4062019 | R79: 14277047 | S79: 0 | T79: 0 | U79: 34748856 | V79: 10743339 | W79: 10623476 | X79: 508311.24 | Y79: 508311.24 | Z79: 508311.24 | AA79: 508311.24 | AB79: 757383.72 | AC79: 259238.76 | AD79: 0 | AE79: 384683.84 | AF79: 0 | AG79: 1225868.1 | AH79: 3726630.6 | AI79: 1144493.4 | AJ79: 7879733.8 | AL79: 0 | AM79: 0 | AN79: 0 | AO79: 28300000 | AP79: 16208076 | AQ79: 49025903 | AR79: 22400000 | AS79: 1784172.5 | AT79: 1625868.1
A80: Payments related to workforce reduction(5) | B80: 0 | C80: 0 | D80: 0 | E80: 0 | F80: 0 | G80: 0 | H80: 0 | I80: 0 | J80: 0 | K80: 0 | L80: 0 | M80: 0 | N80: 12369564 | O80: 1290981 | P80: 436411 | Q80: 238852 | R80: 0 | S80: 0 | T80: 0 | U80: 0 | V80: 0 | W80: 34000000 | X80: 4900000 | Y80: 423000 | Z80: 7723 | AA80: 5148.46 | AB80: 0 | AC80: 52046541 | AD80: 10200000 | AE80: 2300000 | AF80: 700000 | AG80: 45131.75 | AH80: 0 | AI80: 2500000 | AJ80: 8100000 | AL80: 0 | AM80: 0 | AN80: 0 | AO80: 0 | AP80: 14335808 | AQ80: 0 | AR80: 39300000 | AS80: 52054264 | AT80: 13245132
A81: Cash paid for lease termination(9) | Q81: 32000000 | Y81: 28100000 | Z81: 7723 | AA81: 14900000 | AB81: 0 | AC81: 0 | AD81: 36000000 | AE81: 0 | AF81: 0 | AG81: 0 | AH81: 0 | AI81: 0 | AJ81: =-AJ29 -> 0 | AL81: 0 | AM81: 0 | AN81: 0 | AO81: 0 | AP81: 32000000 | AQ81: 0 | AR81: 28100000 | AS81: 14900000 | AT81: 36000000
A83: (1) Capital expenditures include cash outflows related to the build-out of our new corporate headquarters in San Francisco, CA. Net cash provided by operating activities includes tenant improvement allowances related to our new corporate headquarters and represents cash received from our landlord to partially offset this build-out. These amounts are presented net in the table above. As as result of our Virtual First work model, we no longer present capital expeditures related to our new corporate headquarters as of 2021.
A84: (2) We make payment installments of deal consideration employee holdbacks pertaining to our various acquisitions in accordance with the acquisition agreements which are included in cash flows from operating activities. The related expenses are recognized within research and development and sales and marketing expenses over the required service period.
A85: (3) In 2019 to 2021, Purchases of intangible assets are included within 'Other' .
A86: (4) For periods prior to 2021, Amortization of debt issuance costs were included within Changes in operating assets and liabilities.
A87: (5) Includes payments made related to workforce reduction such as severance, benefits and other related items.
A88: (6) For periods prior to 2022, Non-cash operating lease expense and deferred taxes are included within 'Other Assets'.
A89: (7) For periods prior to 2022, Operating lease liabilities are included within 'Other non-current liabilities'.
A90: (8) During the fourth quarter of 2024, the Company entered into a secured five-year term loan facility in an aggregate principal amount of up to $2.0 billion. During the third quarter of 2025, the Company executed an amendment to add $700M in delayed draw term loan, which was drawn in the first quarter of 2026 to settle the 2026 Notes.
A91: (9) Includes payments made for the partial termination of our lease for our San Francisco, California corporate headquarters.
A92: (10) For periods prior to 2022, Cash receipts from equipment rebates are included within 'Other'.
A93: (11) In March 2026, the 2026 Notes matured and were fully settled in cash.

Sheet Paying Users
A1: Dropbox, Inc.
B3: Q1'19 | C3: Q2'19 | D3: Q3'19 | E3: Q4'19 | F3: Q1'20 | G3: Q2'20 | H3: Q3'20 | I3: Q4'20 | J3: Q1'21 | K3: Q2'21 | L3: Q3'21 | M3: Q4'21 | N3: Q1'22 | O3: Q2'22 | P3: Q3'22 | Q3: Q4'22 | R3: Q1'23 | S3: Q2'23 | T3: Q3'23 | U3: Q4'23 | V3: Q1'24 | W3: Q2'24 | X3: Q3'24 | Y3: Q4'24 | Z3: Q1'25 | AA3: Q2'25 | AB3: Q3'25 | AC3: Q4'25 | AD3: Q1'26 | AE3: Q2'26 | AF3: Q3'26
A4: Paying Users | B4: 13.15 | C4: 13.58 | D4: 14 | E4: 14.31 | F4: 14.59 | G4: 14.96 | H4: 15.25 | I4: 15.48 | J4: 15.83 | K4: 16.14 | L4: 16.49 | M4: 16.79 | N4: 17.09 | O4: 17.37 | P4: 17.55 | Q4: 17.77 | R4: 17.9 | S4: 18.04 | T4: 18.17 | U4: 18.12 | V4: 18.16 | W4: 18.22 | X4: 18.24 | Y4: 18.22 | Z4: 18.16 | AA4: 18.13 | AB4: 18.07 | AC4: 18.08 | AD4: 18.09 | AE4: 18.19 | AF4: 18.2
